Workbook
Name _________________________________________________i1: #REF!
Name _________________________________________________i1: #REF!
Name _________________________________________________i1: #REF!
Name _________________________________________________i1: #REF!
Name _________________________________________________i1: #REF!
Name _________________________________________________i1: #REF!
Name _________________________________________________i1: #REF!
Name ________________________________________________i1: #REF!
Name ________________________________________________i1: #REF!
Name ________________________________________________i1: #REF!
Name ________________________________________________i1: #REF!
Name ________________________________________________i1: #REF!
Name ________________________________________________i1: #REF!
Name ________________________________________________i1: #REF!
Name _______________________________________________i1: #REF!
Name _______________________________________________i1: #REF!
Name _______________________________________________i1: #REF!
Name _______________________________________________i1: #REF!
Name _______________________________________________i1: #REF!
Name _______________________________________________i1: #REF!
Name _______________________________________________i1: #REF!
Name ______________________________________________i1: #REF!
Name _____________________________________________i1: #REF!
Name ____________________________________________i1: #REF!
Name ___________________________________________i1: #REF!
Name __________________________________________i1: #REF!
Name _________________________________________i1: #REF!
Name ________________________________________i1: #REF!
Name _______________________________________i1: #REF!
Name ______________________________________i1: #REF!
Name _____________________________________i1: #REF!
Name ____________________________________i1: #REF!
Name ___________________________________i1: #REF!
Name __________________________________i1: #REF!
Name _________________________________i1: #REF!
Name ________________________________i1: #REF!
Name _______________________________i1: #REF!
Name ______________________________i1: #REF!
Name _____________________________i1: #REF!
Name ____________________________i1: #REF!
Name ___________________________i1: #REF!
Name __________________________i1: #REF!
Name _________________________i1: #REF!
Name ________________________i1: #REF!
Name _______________________i1: #REF!
Name ______________________i1: #REF!
Name _____________________i1: #REF!
Name ____________________i1: #REF!
Name ___________________i1: #REF!
Name __________________A1: IF(CARACTERIZACIÓN!Values_Entered,[0]!Header_Row+CARACTERIZACIÓN!Number_of_Payments,[0]!Header_Row)
Name __________________A1: IF('FM '!Values_Entered,[0]!Header_Row+'FM '!Number_of_Payments,[0]!Header_Row)
Name __________________A1: IF(FP!Values_Entered,[0]!Header_Row+FP!Number_of_Payments,[0]!Header_Row)
Name __________________A1: IF(PMA!Values_Entered,[0]!Header_Row+PMA!Number_of_Payments,[0]!Header_Row)
Name __________________A1: IF(PMT!Values_Entered,[0]!Header_Row+PMT!Number_of_Payments,[0]!Header_Row)
Name __________________A1: IF('PPTO INTERVENTORIA '!Values_Entered,[0]!Header_Row+'PPTO INTERVENTORIA '!Number_of_Payments,[0]!Header_Row)
Name __________________A1: IF([0]!Values_Entered,[0]!Header_Row+[0]!Number_of_Payments,[0]!Header_Row)
Name __________________A17000: #REF!
Name __________________A17000: #REF!
Name __________________A17000: #REF!
Name __________________A17000: #REF!

Sheet PORTADA
A9: MEMORIA DE CÁLCULO DE CANTIDADES DE OBRA
A12: RESGURADO INDIGENA MUISCA DE COTA
A16: MEJORAMIENTO DE VIAS RURALES EN EL MUNICIPIO DE COTA CUNDINAMARCA BPIN 2025I00010028
A520: ELABORADO POR:
A543: VICTOR JULIO GUAYAMBUCO QUINTERO
A544: INGENIERO CIVIL
A545: Matrícula Profesional No.: 252021-16054 CND
A551: 46023

Sheet PRESUPUESTO GENERAL
A1: PRESUPUESTO GENERAL
A2: =+PORTADA!A16 -> MEJORAMIENTO DE VIAS RURALES EN EL MUNICIPIO DE COTA CUNDINAMARCA BPIN 2025I00010028
A3: SECCIÓN 1 - ITEMS DE OBRA - ACTIVIDADES DE MEJORAMIENTO
A4: No | B4: ESPECIFICACIONES | C4: DESCRIPCION | E4: UNIDAD | F4: CANTIDAD | G4: VALOR UNITARIO | H4: VALOR TOTAL
B5: GENERAL ENERO 2026
A7: I. CONSTRUIR PAVIMENTO EN CONCRETO HIDRAULICO MR3.8 MPA
A8: CONSTRUCCIÓN | C8: METROS DE PAVIMENTO EN CONCRETO HIDRAULICO MR3.8 MPA
A9: 1.1 | C9: Excavaciones varias en material común en seco. 0 - 2 m (Incluye Transporte) | E9: m3 | F9: =+'M.C 1.1'!W32 -> 1069 | G9: =+'APU 1.1'!N35 -> 153471 | H9: =ROUND(F9*G9,0) -> 164060499
A10: 1.2 | C10: Conformación de la calzada existente | E10: m2 | F10: =+'M.C 1.2'!W21 -> 8309 | G10: =+'APU 1.2'!N35 -> 3199 | H10: =ROUND(F10*G10,0) -> 26580491
A11: 1.3 | C11: Subbase Granular Clase C. | E11: m3 | F11: =+'M.C 1.3'!W23 -> 1160 | G11: =+'APU 1.3'!N35 -> 274841 | H11: =ROUND(F11*G11,0) -> 318815560
A12: 1.4 | C12: Afirmado | E12: m3 | F12: =+'M.C 1.4'!W22 -> 2493 | G12: =+'APU 1.4'!N35 -> 260376 | H12: =ROUND(F12*G12,0) -> 649117368
A13: 1.5 | C13: Pavimento de concreto hidraulico módulo de rotura 3.8 MPa | E13: m3 | F13: =+'M.C 1.5'!W22 -> 1382 | G13: =+'APU 1.5'!N40 -> 1126153 | H13: =ROUND(F13*G13,0) -> 1556343446
A14: 1.6 | C14: Concreto clase C (210 kg/cm2 ó 3000 PSI) | E14: m3 | F14: =+'M.C 1.6'!W26 -> 560 | G14: =+'APU 1.6'!N40 -> 910078 | H14: =ROUND(F14*G14,0) -> 509643680
A15: 1.7 | C15: Elaboración de juntas de construcción ( incluye corte, limpieza, polímero y sellador de junta) | E15: m | F15: =+'M.C 1.7'!W22 -> 3284 | G15: =+'APU 1.7'!N39 -> 43902 | H15: =ROUND(F15*G15,0) -> 144174168
A16: 1.8 | C16: Acero de refuerzo de FY = 4.200 Kg/cm 2 (60.000 PSI). | E16: kg | F16: =+'M.C 1.8'!W29 -> 82360 | G16: =+'APU 1.8'!N34 -> 8990 | H16: =ROUND(F16*G16,0) -> 740416400
A17: Subtotal | H17: =+SUM(H9:I16) -> 4109151612
A18: II. CONSTRUIR ESTRUCTURAS DE DRENAJE
A19: CONSTRUCCIÓN | C19: METROS FILTRO
A20: 2.1 | C20: Excavaciones varias sin clasificar. (Incluye Transporte) | E20: m3 | F20: =+'M.C 2.1'!W24 -> 1109.8 | G20: =+'APU 2.1'!M33 -> 100386 | H20: =ROUND(F20*G20,0) -> 111408383
A21: 2.2 | C21: Material Granular Drenante | E21: m3 | F21: =+'M.C 2.2'!W22 -> 720 | G21: =+'APU 2.2'!N35 -> 300255 | H21: =ROUND(F21*G21,0) -> 216183600
A22: 2.3 | C22: Tubería de Plástico de Diametro 100mm | E22: m | F22: =+'M.C 2.3'!W22 -> 1200 | G22: =+'APU 2.3'!M33 -> 30607 | H22: =ROUND(F22*G22,0) -> 36728400
A23: 2.4 | C23: Geotextil no tejido tipo NT2500 para separacion de suelos | E23: m2 | F23: =+'M.C 2.4'!W22 -> 4200 | G23: =+'APU 2.4'!M33 -> 28387 | H23: =ROUND(F23*G23,0) -> 119225400
A24: 2.5 | C24: Excavaciones varias sin clasificar (sin transporte) | E24: m3 | F24: =+'M.C 2.5'!W22 -> 225 | G24: =+'APU 2.5'!M32 -> 38531 | H24: =ROUND(F24*G24,0) -> 8669475
A25: 2.6 | C25: Tubería de concreto reforzado clase D, de 900 mm de diámetro interior | E25: m | F25: =+'M.C 2.6'!W22 -> 30 | G25: =+'APU 2.6'!M33 -> 1192986 | H25: =ROUND(F25*G25,0) -> 35789580
A26: 2.7 | C26: Concreto clase F (140 kg/cm2 ó 2000 PSI) | E26: m3 | F26: =+'M.C 2.7'!W24 -> 12 | G26: =+'APU 2.7'!M34 -> 726411 | H26: =ROUND(F26*G26,0) -> 8716932
A27: 2.8 | C27: Relleno para Estructuras con material del sitio | E27: m3 | F27: =+'M.C 2.8'!W22 -> 40 | G27: =+'APU 2.8'!M30 -> 43749 | H27: =ROUND(F27*G27,0) -> 1749960
A28: Subtotal | H28: =+SUM(H20:I27) -> 538471730
A29: III. CONSTRUIR ESTRUCTURAS REDES DE ALCANTARILLADO SANITARIO
A30: CONSTRUCCIÓN | C30: METROS DE ALCANTARILLADO SANITARIO TUB D160mm - D200mm
A31: 3.1 | C31: Excavación En Zanja a mano en material común h <=2 m (Incluye Transporte) | E31: m3 | F31: =+'MC. 3.1'!W23 -> 743 | G31: =+'APU 3.1'!N35 -> 189647 | H31: =ROUND(F31*G31,0) -> 140907721
A32: 3.2 | C32: Suministro transporte e Instalación Tub PVCcorru ext,lisa int, PS57psi, D160mm | E32: m | F32: =+'M.C 3.2'!W18 -> 120 | G32: =+'APU 3.2'!M33 -> 106436 | H32: =ROUND(F32*G32,0) -> 12772320
A33: 3.3 | C33: Suministro transporte e Instalación Tub PVCcorru ext,lisa int, PS57psi, D200mm | E33: m | F33: =+'M.C 3.3'!W19 -> 198.55 | G33: =+'APU 3.3'!M33 -> 136272 | H33: =ROUND(F33*G33,0) -> 27056806
A34: 3.4 | C34: Suministro, transporte e instalación material seleccionado proveniente excavación | E34: m3 | F34: =+'M.C 3.4'!W20 -> 91.6 | G34: =+'APU 3.4'!M30 -> 43749 | H34: =ROUND(F34*G34,0) -> 4007408
A35: 3.5 | C35: Relleno para Estructuras con recebo | E35: m3 | F35: =+'M.C 3.5'!W48 -> 1352 | G35: =+'APU 3.5'!N33 -> 241956 | H35: =ROUND(F35*G35,0) -> 327124512
A36: 3.6 | C36: Suministro, transporte e instalación cama de Arena | E36: m3 | F36: =+'M.C 3.6'!W20 -> 109.4 | G36: =+'APU 3.6'!N33 -> 225263 | H36: =ROUND(F36*G36,0) -> 24643772
A37: 3.7 | C37: Suministro e Instalación Silla yee PVC,alcant.,D200 x 160 mm | E37: und | F37: =+'M.C 3.7'!W20 -> 12 | G37: =+'APU 3.7'!M33 -> 405222 | H37: =ROUND(F37*G37,0) -> 4862664
A38: 3.8 | C38: Caja para conexion domiciliaria alcantarillado en mampostería 0.6x0.6x0.6m | E38: und | F38: =+'M.C 3.8'!W20 -> 12 | G38: =+'APU 3.8'!M34 -> 647572 | H38: =ROUND(F38*G38,0) -> 7770864
A39: 3.9 | C39: Cilindro para pozo insp en mampostería D1.20m e=0.25m | E39: und | F39: =+'M.C 3.9'!W22 -> 6 | G39: =+'APU 3.9'!M34 -> 1224823 | H39: =ROUND(F39*G39,0) -> 7348938
A40: 3.1 | C40: Construcción Base y cañuela | E40: und | F40: =+'M.C 3.10'!W22 -> 6 | G40: =+'APU 3.10'!N39 -> 1029201 | H40: =ROUND(F40*G40,0) -> 6175206
A41: 3.11 | C41: Suministro transporte e Instalación Cono reduc Prefabr CR 28Mpa Pozo Insp | E41: und | F41: =+'M.C 3.11'!W22 -> 6 | G41: =+'APU 3.11'!M33 -> 1202423 | H41: =ROUND(F41*G41,0) -> 7214538
A42: 3.12 | C42: Suministro transporte e Instalación Tapa tipo Convenc No Recicl.AlcantD0.67m | E42: und | F42: =+'M.C 3.12'!W22 -> 6 | G42: =+'APU 3.12'!M33 -> 969862 | H42: =ROUND(F42*G42,0) -> 5819172
A43: 3.13 | C43: Suministro transporte e Instalación escalera de acceso en polipropileno con refuerzo interno en acero | E43: m | F43: =+'M.C 3.13'!W22 -> 12 | G43: =+'APU 3.13'!M33 -> 586316 | H43: =ROUND(F43*G43,0) -> 7035792
A44: Subtotal | H44: =+SUM(H31:I43) -> 582739713
A45: IV. INSTALAR LA SEÑALIZACION VIAL
A46: 4.1 | C46: Suministro e instalación Señal vertical de transito con lamina retrorreflectiva D 600 mm | E46: und | F46: =+'M.C 4.1'!W22 -> 37 | G46: =+'APU 4.1'!M33 -> 692003 | H46: =ROUND(F46*G46,0) -> 25604111
A47: 4.2 | C47: Línea de Demarcación con Pintura en Frío. | E47: m | F47: =+'M.C 4.2'!W22 -> 5503 | G47: =+'APU 4.2'!M33 -> 9586 | H47: =ROUND(F47*G47,0) -> 52751758
A48: Subtotal | H48: =+SUM(H46:I47) -> 78355869
A50: COSTOS DIRECTOS | H50: =+H28+H17+H44+H48 -> 5308718924
A51: ADMINISTRACIÓN | G51: =+AIU!H51 -> 0.099062223 | H51: =+AIU!I51 -> 525893499 | K51: =+H50*G51 -> 525893499
A52: IMPREVISTO | G52: 0.02 | H52: =ROUND(+$H$50*G52,0) -> 106174378
A53: UTILIDAD | G53: 0.05 | H53: =ROUND(+$H$50*G53,0) -> 265435946
A54: IMPLEMENTAR EL PLAN DE MANEJO AMBIENTAL (PMA) | H54: =+PMA!J22 -> 111427960
A55: IMPLEMENTAR EL PLAN DE MANEJO TRANSITO PMT | H55: =+PMT!I21 -> 149127378
A56: REALIZAR LA CARACTERIZACIÓN VIAL | E56: KM | F56: =1950.5/1000 -> 1.9505 | G56: =+CARACTERIZACIÓN!M36 -> 1315925 | H56: =ROUND(+G56*F56,0) -> 2566712
A58: VALOR TOTAL OBRA | H58: =SUM(H50:I56) -> 6469344797
K59: 60593094
A60: REALIZAR INTERVENTORIA | H60: =+'PPTO INTERVENTORIA '!I52 -> 567533362
K61: =+H62*0.03 -> 2.1110634e+08
A62: VALOR TOTAL PROYECTO | H62: =+H58+H60 -> 7036878159 | K62: =+K61*0.25 -> 52776586
E64: DESCRIPCION | H64: PORCENTAJE
B65: VICTOR JULIO GUAYAMBUCO QUINTERO | E65: ADMINISTRACION | G65: A= | H65: =+G51 -> 0.099062223
B66: INGENIERO CIVIL | E66: IMPREVISTO | G66: I= | H66: =+G52 -> 0.02
B67: Matrícula Profesional No.: 252021-16054 CND | E67: UTILIDAD | G67: U= | H67: =+G53 -> 0.05
E68: TOTAL A.I.U | G68: A.I.U.= | H68: =SUM(H65:H67) -> 0.16906222
E69: PRECIO X KM | G69: =+H62/(1834.5/1000) -> 3.8358562e+09

Sheet PRESUPUESTO POR INSUMOS
A1: PRESUPUESTO GENERAL
A2: =+PORTADA!A16 -> MEJORAMIENTO DE VIAS RURALES EN EL MUNICIPIO DE COTA CUNDINAMARCA BPIN 2025I00010028
A3: SECCIÓN 1 - ITEMS DE OBRA - ACTIVIDADES DE MEJORAMIENTO
A4: No | B4: ESPECIFICACIONES | C4: DESCRIPCION | E4: UNIDAD | F4: CANTIDAD | G4: VALOR UNITARIO | H4: VALOR TOTAL | J4: % AIU | K4: AIU | L4: M.O CALIFICADA | M4: M.O NO CALIFICADA | N4: MATERIALES | O4: EQUIPOS | P4: TRANSPORTE | Q4: SUBTOTAL | R4: TOTAL
B5: GENERAL ENERO 2026
A7: I. CONSTRUIR PAVIMENTO EN CONCRETO HIDRAULICO MR3.8
A8: CONSTRUCCIÓN | C8: METROS DE PAVIMENTO EN CONCRETO HIDRAULICO MR3.8 | J8: =+(H17*100%)/$H$50 -> 0.77403827 | K8: =ROUND(+J8*J51,0) -> 694702306
A9: 1.1 | C9: Excavaciones varias en material común en seco. 0 - 2 m (Incluye Transporte) | E9: m3 | F9: =+'M.C 1.1'!W32 -> 1069 | G9: =+'APU 1.1'!N35 -> 153471 | H9: =+F9*G9 -> 164060499 | J9: =+(H9*100%)/$H$17 -> 0.039925638 | K9: =ROUND(+J9*$K$8,0) -> 27736433 | L9: =+K9 -> 27736433 | M9: =+F9*'APU 1.1'!N33 -> 73660514 | N9: =+F9*'APU 1.1'!N23 -> 0 | O9: =+F9*'APU 1.1'!N19 -> 3682705 | P9: =+F9*'APU 1.1'!N28 -> 86717280 | Q9: =SUM(M9:P9) -> 164060499 | R9: =SUM(L9:P9) -> 191796932
A10: 1.2 | C10: Conformación de la calzada existente | E10: m2 | F10: =+'M.C 1.2'!W21 -> 8309 | G10: =+'APU 1.2'!N35 -> 3199 | H10: =+F10*G10 -> 26580491 | J10: =+(H10*100%)/$H$17 -> 0.006468608 | K10: =ROUND(+J10*$K$8,0) -> 4493757 | L10: =+K10 -> 4493757 | M10: =+F10*'APU 1.2'!N33 -> 6638891 | N10: =+F10*'APU 1.2'!N23 -> 2991240 | O10: =+F10*'APU 1.2'!N19 -> 16950360 | P10: =+F10*'APU 1.2'!N28 -> 0 | Q10: =SUM(M10:P10) -> 26580491 | R10: =SUM(L10:P10) -> 31074248
A11: 1.3 | C11: Subbase Granular Clase C. | E11: m3 | F11: =+'M.C 1.3'!W23 -> 1160 | G11: =+'APU 1.3'!N35 -> 274841 | H11: =+F11*G11 -> 318815560 | J11: =+(H11*100%)/$H$17 -> 0.077586711 | K11: =ROUND(+J11*$K$8,0) -> 53899667 | L11: =+K11 -> 53899667 | M11: =+F11*'APU 1.3'!N33 -> 18535640 | N11: =+F11*'APU 1.3'!N24 -> 151018080 | O11: =+F11*'APU 1.3'!N19 -> 58926840 | P11: =+F11*'APU 1.3'!N28 -> 90335000 | Q11: =SUM(M11:P11) -> 318815560 | R11: =SUM(L11:P11) -> 372715227
A12: 1.4 | C12: Afirmado | E12: m3 | F12: =+'M.C 1.4'!W22 -> 2493 | G12: =+'APU 1.4'!N35 -> 260376 | H12: =+F12*G12 -> 649117368 | J12: =+(H12*100%)/$H$17 -> 0.15796871 | K12: =ROUND(+J12*$K$8,0) -> 109741225 | L12: =+K12 -> 109741225 | M12: =+F12*'APU 1.4'!N33 -> 39835647 | N12: =ROUND(+F12*'APU 1.4'!N24,0) -> 288497439 | O12: =+F12*'APU 1.4'!N19 -> 126641907 | P12: =+F12*'APU 1.4'!N28 -> 194142375 | Q12: =SUM(M12:P12) -> 649117368 | R12: =SUM(L12:P12) -> 758858593
A13: 1.5 | C13: Pavimento de concreto hidraulico módulo de rotura 38 MPa | E13: m3 | F13: =+'M.C 1.5'!W22 -> 1382 | G13: =+'APU 1.5'!N40 -> 1126153 | H13: =+F13*G13 -> 1556343446 | J13: =+(H13*100%)/$H$17 -> 0.37875055 | K13: =ROUND(+J13*$K$8,0) -> 263118883 | L13: =+K13 -> 263118883 | M13: =+F13*'APU 1.5'!N38 -> 322821380 | N13: =+F13*'APU 1.5'!N28 -> 1101957048 | O13: =ROUND(+F13*'APU 1.5'!N22,0) -> 48777690 | P13: =+F13*'APU 1.5'!N33 -> 82787328 | Q13: =SUM(M13:P13) -> 1556343446 | R13: =SUM(L13:P13) -> 1819462329
A14: 1.6 | C14: Concreto clase C (210 kg/cm2 ó 3000 PSI) | E14: m3 | F14: =+'M.C 1.6'!W26 -> 560 | G14: =+'APU 1.6'!N40 -> 910078 | H14: =+F14*G14 -> 509643680 | J14: =+(H14*100%)/$H$17 -> 0.1240265 | K14: =ROUND(+J14*$K$8,0) -> 86161493 | L14: =+K14 -> 86161493 | M14: =+F14*'APU 1.6'!N38 -> 163509920 | N14: =+F14*'APU 1.6'!N28 -> 284736480 | O14: =+F14*'APU 1.6'!N19 -> 15175440 | P14: =+F14*'APU 1.6'!N33 -> 46221840 | Q14: =SUM(M14:P14) -> 509643680 | R14: =SUM(L14:P14) -> 595805173
A15: 1.7 | C15: Elaboración de juntas de construcción ( incluye corte, limpieza, polímero y sellador de junta) | E15: m | F15: =+'M.C 1.7'!W22 -> 3284 | G15: =+'APU 1.7'!N39 -> 43902 | H15: =+F15*G15 -> 144174168 | J15: =+(H15*100%)/$H$17 -> 0.035086115 | K15: =ROUNDUP(+J15*$K$8,0) -> 24374406 | L15: =+K15 -> 24374406 | M15: =+F15*'APU 1.7'!N37 -> 88477528 | N15: =+F15*'APU 1.7'!N27 -> 29227600 | O15: =ROUND(+F15*'APU 1.7'!N20,0) -> 26469040 | P15: =+F15*'APU 1.7'!N32 -> 0 | Q15: =SUM(M15:P15) -> 144174168 | R15: =SUM(L15:P15) -> 168548574
A16: 1.8 | C16: Acero de refuerzo de FY = 4.200 Kg/cm 2 (60.000 PSI). | E16: kg | F16: =+'M.C 1.8'!W29 -> 82360 | G16: =+'APU 1.8'!N34 -> 8990 | H16: =+F16*G16 -> 740416400 | J16: =+(H16*100%)/$H$17 -> 0.18018717 | K16: =ROUND(+J16*$K$8,0) -> 125176442 | L16: =+K16 -> 125176442 | M16: =+F16*'APU 1.8'!N32 -> 162578640 | N16: =+F16*'APU 1.8'!N23 -> 565154320 | O16: =+F16*'APU 1.8'!N18 -> 10542080 | P16: =+F16*'APU 1.8'!N27 -> 2141360 | Q16: =SUM(M16:P16) -> 740416400 | R16: =SUM(L16:P16) -> 865592842
A17: Subtotal | H17: =+SUM(H9:H16) -> 4109151612 | K17: =+SUM(K9:K16) -> 694702306 | L17: =+SUM(L9:L16) -> 694702306 | M17: =+SUM(M9:M16) -> 876058160 | N17: =+SUM(N9:N16) -> 2423582207 | O17: =+SUM(O9:O16) -> 307166062 | P17: =+SUM(P9:P16) -> 502345183 | Q17: =+SUM(Q9:Q16) -> 4109151612 | R17: =+SUM(R9:R16) -> 4803853918
A18: II. CONSTRUIR ESTRUCTURAS DE DRENAJE
A19: CONSTRUCCIÓN | J19: =+(H28*100%)/$H$50 -> 0.10143158 | K19: =ROUND(+J19*$J$51,0) -> 91035228
A20: 2.1 | C20: Excavaciones varias sin clasificar. (Incluye Transporte) | E20: m3 | F20: =+'M.C 2.1'!W24 -> 1109.8 | G20: =+'APU 2.1'!M33 -> 100386 | H20: =ROUND(F20*G20,0) -> 111408383 | J20: =+(H20*100%)/$H$28 -> 0.20689737 | K20: =ROUND(+J20*$K$19,0) -> 18834949 | L20: =+K20 -> 18834949 | M20: =ROUND(+F20*'APU 2.1'!M31,0) -> 14778097 | N20: =+F20*'APU 2.1'!M21 -> 0 | O20: =+F20*'APU 2.1'!M17 -> 6603310 | P20: =ROUNDDOWN(+F20*'APU 2.1'!M26,0) -> 90026976 | Q20: =SUM(M20:P20) -> 111408383 | R20: =SUM(L20:P20) -> 130243332
A21: 2.2 | C21: Material Granular Drenante | E21: m3 | F21: =+'M.C 2.2'!W22 -> 720 | G21: =+'APU 2.2'!N35 -> 300255 | H21: =ROUND(F21*G21,0) -> 216183600 | J21: =+(H21*100%)/$H$28 -> 0.40147623 | K21: =ROUND(+J21*$K$19,0) -> 36548480 | L21: =+K21 -> 36548480 | M21: =+F21*'APU 2.2'!N33 -> 72408240 | N21: =+F21*'APU 2.2'!N24 -> 84085200 | O21: =+F21*'APU 2.2'!N19 -> 3620160 | P21: =+F21*'APU 2.2'!N28 -> 56070000 | Q21: =SUM(M21:P21) -> 216183600 | R21: =SUM(L21:P21) -> 252732080
A22: 2.3 | C22: Tubería de Plástico de Diametro 100mm | E22: m | F22: =+'M.C 2.3'!W22 -> 1200 | G22: =+'APU 2.3'!M33 -> 30607 | H22: =ROUND(F22*G22,0) -> 36728400 | J22: =+(H22*100%)/$H$28 -> 0.068208595 | K22: =ROUND(+J22*$K$19,0) -> 6209385 | L22: =+K22 -> 6209385 | M22: =+F22*'APU 2.3'!M31 -> 8044800 | N22: =+F22*'APU 2.3'!M21 -> 27000000 | O22: =+F22*'APU 2.3'!M15 -> 402000 | P22: =+F22*'APU 2.3'!M26 -> 1281600 | Q22: =SUM(M22:P22) -> 36728400 | R22: =SUM(L22:P22) -> 42937785
A23: 2.4 | C23: Geotextil no tejido tipo NT2500 para separacion de suelos | E23: m2 | F23: =+'M.C 2.4'!W22 -> 4200 | G23: =+'APU 2.4'!M33 -> 28387 | H23: =ROUND(F23*G23,0) -> 119225400 | J23: =+(H23*100%)/$H$28 -> 0.22141441 | K23: =ROUND(+J23*$K$19,0) -> 20156511 | L23: =+K23 -> 20156511 | M23: =+F23*'APU 2.4'!M31 -> 84474600 | N23: =+F23*'APU 2.4'!M21 -> 26040000 | O23: =+F23*'APU 2.4'!M15 -> 4225200 | P23: =+F23*'APU 2.4'!M26 -> 4485600 | Q23: =SUM(M23:P23) -> 119225400 | R23: =SUM(L23:P23) -> 139381911
A24: 2.5 | C24: Excavaciones varias sin clasificar (sin transporte) | E24: m3 | F24: =+'M.C 2.5'!W22 -> 225 | G24: =+'APU 2.5'!M32 -> 38531 | H24: =ROUND(F24*G24,0) -> 8669475 | J24: =+(H24*100%)/$H$28 -> 0.016100149 | K24: =ROUND(+J24*$K$19,0) -> 1465681 | L24: =+K24 -> 1465681 | M24: =+F24*'APU 2.5'!M30 -> 5991975 | N24: =+F24*'APU 2.5'!M20 -> 0 | O24: =+F24*'APU 2.5'!M16 -> 2677500 | P24: =+F24*'APU 2.5'!M24 -> 0 | Q24: =SUM(M24:P24) -> 8669475 | R24: =SUM(L24:P24) -> 10135156
A25: 2.6 | C25: Tubería de concreto reforzado clase D, de 900 mm de diámetro interior | E25: m | F25: =+'M.C 2.6'!W22 -> 30 | G25: =+'APU 2.6'!M33 -> 1192986 | H25: =ROUND(F25*G25,0) -> 35789580 | J25: =+(H25*100%)/$H$28 -> 0.066465105 | K25: =ROUND(+J25*$K$19,0) -> 6050666 | L25: =+K25 -> 6050666 | M25: =+F25*'APU 2.6'!M31 -> 2597940 | N25: =+F25*'APU 2.6'!M21 -> 29753970 | O25: =+F25*'APU 2.6'!M15 -> 909030 | P25: =+F25*'APU 2.6'!M26 -> 2528640 | Q25: =SUM(M25:P25) -> 35789580 | R25: =SUM(L25:P25) -> 41840246
A26: 2.7 | C26: Concreto clase F (140 kg/cm2 ó 2000 PSI) | E26: m3 | F26: =+'M.C 2.7'!W24 -> 12 | G26: =+'APU 2.7'!M34 -> 726411 | H26: =ROUND(F26*G26,0) -> 8716932 | J26: =+(H26*100%)/$H$28 -> 0.016188282 | K26: =ROUND(+J26*$K$19,0) -> 1473704 | L26: =+K26 -> 1473704 | M26: =+F26*'APU 2.7'!M32 -> 3058884 | N26: =+F26*'APU 2.7'!M22 -> 4388400 | O26: =+F26*'APU 2.7'!M15 -> 212940 | P26: =+F26*'APU 2.7'!M27 -> 1056708 | Q26: =SUM(M26:P26) -> 8716932 | R26: =SUM(L26:P26) -> 10190636
A27: 2.8 | C27: Relleno para Estructuras con material del sitio | E27: m3 | F27: =+'M.C 2.8'!W22 -> 40 | G27: =+'APU 2.8'!M30 -> 43749 | H27: =ROUND(F27*G27,0) -> 1749960 | J27: =+(H27*100%)/$H$28 -> 0.0032498642 | K27: =ROUND(+J27*$K$19,0) -> 295852 | L27: =+K27 -> 295852 | M27: =+F27*'APU 2.8'!M28 -> 1240320 | N27: =+F27*'APU 2.8'!M20 -> 144000 | O27: =+F27*'APU 2.8'!M15 -> 238920 | P27: =+F27*'APU 2.8'!M24 -> 126720 | Q27: =SUM(M27:P27) -> 1749960 | R27: =SUM(L27:P27) -> 2045812
A28: Subtotal | H28: =+SUM(H20:H27) -> 538471730 | K28: =+SUM(K20:K27) -> 91035228 | L28: =+SUM(L24:L27) -> 9285903 | M28: =+SUM(M20:M27) -> 192594856 | N28: =+SUM(N20:N27) -> 171411570 | O28: =+SUM(O20:O27) -> 18889060 | P28: =+SUM(P20:P27) -> 155576244 | Q28: =+SUM(Q20:Q27) -> 538471730 | R28: =+SUM(R20:R27) -> 629506958
A29: III. CONSTRUIR ESTRUCTURAS REDES DE ALCANTARILLADO SANITARIO
A30: CONSTRUCCIÓN | C30: METROS DE ALCANTARILLADO SANITARIO TUB D160mm - D200mm | J30: =+(H44*100%)/$H$50 -> 0.10977031 | K30: =ROUND(+J30*$J$51,0) -> 98519271
A31: 3.1 | C31: Excavación En Zanja a mano en material común h <=2 m (Incluye Transporte) | E31: m3 | F31: =+'MC. 3.1'!W23 -> 743 | G31: =+'APU 3.1'!N35 -> 189647 | H31: =ROUND(F31*G31,0) -> 140907721 | J31: =+(H31*100%)/$H$44 -> 0.24180216 | K31: =ROUND(+J31*$K$30,0) -> 23822172 | L31: =+K31 -> 23822172 | M31: =+F31*'APU 3.1'!N33 -> 76795737 | N31: =+F31*'APU 3.1'!N23 -> 0 | O31: =+F31*'APU 3.1'!N19 -> 3839824 | P31: =+F31*'APU 3.1'!N28 -> 60272160 | Q31: =SUM(M31:P31) -> 140907721 | R31: =SUM(L31:P31) -> 164729893
A32: 3.2 | C32: Suministro transporte e Instalación Tub PVCcorru ext,lisa int, PS57psi, D160mm | E32: m | F32: =+'M.C 3.2'!W18 -> 120 | G32: =+'APU 3.2'!M33 -> 106436 | H32: =ROUND(F32*G32,0) -> 12772320 | J32: =+(H32*100%)/$H$44 -> 0.02191771 | K32: =ROUND(+J32*$K$30,0) -> 2159317 | L32: =+K32 -> 2159317 | M32: =+F32*'APU 3.2'!M31 -> 5676360 | N32: =+F32*'APU 3.2'!M21 -> 6684000 | O32: =+F32*'APU 3.2'!M15 -> 283800 | P32: =+F32*'APU 3.2'!M26 -> 128160 | Q32: =SUM(M32:P32) -> 12772320 | R32: =SUM(L32:P32) -> 14931637
A33: 3.3 | C33: Suministro transporte e Instalación Tub PVCcorru ext,lisa int, PS57psi, D200mm | E33: m | F33: =+'M.C 3.3'!W19 -> 198.55 | G33: =+'APU 3.3'!M33 -> 136272 | H33: =ROUND(F33*G33,0) -> 27056806 | J33: =+(H33*100%)/$H$44 -> 0.046430345 | K33: =ROUND(+J33*$K$30,0) -> 4574284 | L33: =+K33 -> 4574284 | M33: =ROUND(+F33*'APU 3.3'!M31,0) -> 14088314 | N33: =+F33*'APU 3.3'!M21 -> 12051985 | O33: =ROUND(+F33*'APU 3.3'!M15,0) -> 704455 | P33: =ROUND(+F33*'APU 3.3'!M26,0) -> 212051 | Q33: =SUM(M33:P33) -> 27056805 | R33: =SUM(L33:P33) -> 31631089
A34: 3.4 | C34: Suministro, transporte e instalación material seleccionado proveniente excavación | E34: m3 | F34: =+'M.C 3.4'!W20 -> 91.6 | G34: =+'APU 3.4'!M30 -> 43749 | H34: =ROUND(F34*G34,0) -> 4007408 | J34: =+(H34*100%)/$H$44 -> 0.0068768404 | K34: =ROUND(+J34*$K$30,0) -> 677501 | L34: =+K34 -> 677501 | M34: =ROUND(+F34*'APU 3.4'!M28,0) -> 2840333 | N34: =+F34*'APU 3.4'!M20 -> 329760 | O34: =ROUND(+F34*'APU 3.4'!M15,0) -> 547127 | P34: =ROUND(+F34*'APU 3.4'!M24,0) -> 290189 | Q34: =SUM(M34:P34) -> 4007409 | R34: =SUM(L34:P34) -> 4684910
A35: 3.5 | C35: Relleno para Estructuras con recebo | E35: m3 | F35: =+'M.C 3.5'!W48 -> 1352 | G35: =+'APU 3.5'!N33 -> 241956 | H35: =ROUND(F35*G35,0) -> 327124512 | J35: =+(H35*100%)/$H$44 -> 0.56135613 | K35: =ROUND(+J35*$K$30,0) -> 55304397 | L35: =+K35 -> 55304397 | M35: =+F35*'APU 3.5'!N31 -> 41922816 | N35: =+F35*'APU 3.5'!N23 -> 171839200 | O35: =+F35*'APU 3.5'!N18 -> 8075496 | P35: =+F35*'APU 3.5'!N27 -> 105287000 | Q35: =SUM(M35:P35) -> 327124512 | R35: =SUM(L35:P35) -> 382428909
A36: 3.6 | C36: Suministro, transporte e instalación cama de Arena | E36: m3 | F36: =+'M.C 3.6'!W20 -> 109.4 | G36: =+'APU 3.6'!N33 -> 225263 | H36: =ROUND(F36*G36,0) -> 24643772 | J36: =+(H36*100%)/$H$44 -> 0.042289502 | K36: =ROUND(+J36*$K$30,0) -> 4166331 | L36: =+K36 -> 4166331 | M36: =ROUND(+F36*'APU 3.6'!N31,0) -> 3392275 | N36: =ROUND(+F36*'APU 3.6'!N23,0) -> 13389247 | O36: =ROUND(+F36*'APU 3.6'!N18,0) -> 653446 | P36: =ROUND(+F36*'APU 3.6'!N27,0) -> 7208804 | Q36: =SUM(M36:P36) -> 24643772 | R36: =SUM(L36:P36) -> 28810103
A37: 3.7 | C37: Suministro e Instalación Silla yee PVC,alcant.,D200 x 160 mm | E37: und | F37: =+'M.C 3.7'!W20 -> 12 | G37: =+'APU 3.7'!M33 -> 405222 | H37: =ROUND(F37*G37,0) -> 4862664 | J37: =+(H37*100%)/$H$44 -> 0.0083444871 | K37: =ROUND(+J37*$K$30,0) -> 822093 | L37: =+K37 -> 822093 | M37: =+F37*'APU 3.7'!M31 -> 3017004 | N37: =+F37*'APU 3.7'!M21 -> 1688400 | O37: =+F37*'APU 3.7'!M15 -> 150852 | P37: =+F37*'APU 3.7'!M26 -> 6408 | Q37: =SUM(M37:P37) -> 4862664 | R37: =SUM(L37:P37) -> 5684757
A38: 3.8 | C38: Caja para conexion domiciliaria alcantarillado en mampostería 0.6x0.6x0.6m | E38: und | F38: =+'M.C 3.8'!W20 -> 12 | G38: =+'APU 3.8'!M34 -> 647572 | H38: =ROUND(F38*G38,0) -> 7770864 | J38: =+(H38*100%)/$H$44 -> 0.013335051 | K38: =ROUND(+J38*$K$30,0) -> 1313760 | L38: =+K38 -> 1313760 | M38: =+F38*'APU 3.8'!M32 -> 1917468 | N38: =+F38*'APU 3.8'!M22 -> 5052960 | O38: =+F38*'APU 3.8'!M15 -> 95868 | P38: =+F38*'APU 3.8'!M27 -> 704568 | Q38: =SUM(M38:P38) -> 7770864 | R38: =SUM(L38:P38) -> 9084624
A39: 3.9 | C39: Cilindro para pozo insp en mampostería D1.20m e=0.25m | E39: und | F39: =+'M.C 3.9'!W22 -> 6 | G39: =+'APU 3.9'!M34 -> 1224823 | H39: =ROUND(F39*G39,0) -> 7348938 | J39: =+(H39*100%)/$H$44 -> 0.012611013 | K39: =ROUND(+J39*$K$30,0) -> 1242428 | L39: =+K39 -> 1242428 | M39: =+F39*'APU 3.9'!M32 -> 4257306 | N39: =+F39*'APU 3.9'!M22 -> 2526480 | O39: =+F39*'APU 3.9'!M15 -> 212868 | P39: =+F39*'APU 3.9'!M27 -> 352284 | Q39: =SUM(M39:P39) -> 7348938 | R39: =SUM(L39:P39) -> 8591366
A40: 3.1 | C40: Construcción Base y cañuela | E40: und | F40: =+'M.C 3.10'!W22 -> 6 | G40: =+'APU 3.10'!N39 -> 1029201 | H40: =ROUND(F40*G40,0) -> 6175206 | J40: =+(H40*100%)/$H$44 -> 0.010596851 | K40: =ROUND(+J40*$K$30,0) -> 1043994 | L40: =+K40 -> 1043994 | M40: =+F40*'APU 3.10'!N37 -> 2838210 | N40: =+F40*'APU 3.10'!N27 -> 2606112 | O40: =+F40*'APU 3.10'!N19 -> 216912 | P40: =+F40*'APU 3.10'!N32 -> 513972 | Q40: =SUM(M40:P40) -> 6175206 | R40: =SUM(L40:P40) -> 7219200
A41: 3.11 | C41: Suministro transporte e Instalación Cono reduc Prefabr CR 28Mpa Pozo Insp | E41: und | F41: =+'M.C 3.11'!W22 -> 6 | G41: =+'APU 3.11'!M33 -> 1202423 | H41: =ROUND(F41*G41,0) -> 7214538 | J41: =+(H41*100%)/$H$44 -> 0.012380378 | K41: =ROUNDDOWN(+J41*$K$30,0) -> 1219705 | L41: =+K41 -> 1219705 | M41: =+F41*'APU 3.11'!M31 -> 2838210 | N41: =+F41*'APU 3.11'!M21 -> 3914160 | O41: =+F41*'APU 3.11'!M15 -> 141912 | P41: =+F41*'APU 3.11'!M26 -> 320256 | Q41: =SUM(M41:P41) -> 7214538 | R41: =SUM(L41:P41) -> 8434243
A42: 3.12 | C42: Suministro transporte e Instalación Tapa tipo Convenc No Recicl.AlcantD0.67m | E42: und | F42: =+'M.C 3.12'!W22 -> 6 | G42: =+'APU 3.12'!M33 -> 969862 | H42: =ROUND(F42*G42,0) -> 5819172 | J42: =+(H42*100%)/$H$44 -> 0.0099858854 | K42: =ROUND(+J42*$K$30,0) -> 983802 | L42: =+K42 -> 983802 | M42: =+F42*'APU 3.12'!M31 -> 2838210 | N42: =+F42*'APU 3.12'!M21 -> 2775000 | O42: =+F42*'APU 3.12'!M15 -> 141912 | P42: =+F42*'APU 3.12'!M26 -> 64050 | Q42: =SUM(M42:P42) -> 5819172 | R42: =SUM(L42:P42) -> 6802974
A43: 3.13 | C43: Suministro transporte e Instalación escalera de acceso en polipropileno con refuerzo interno en acero | E43: m | F43: =+'M.C 3.13'!W22 -> 12 | G43: =+'APU 3.13'!M33 -> 586316 | H43: =ROUND(F43*G43,0) -> 7035792 | J43: =+(H43*100%)/$H$44 -> 0.012073644 | K43: =ROUND(+J43*$K$30,0) -> 1189487 | L43: =+K43 -> 1189487 | M43: =+F43*'APU 3.13'!M31 -> 2413596 | N43: =+F43*'APU 3.13'!M21 -> 4405440 | O43: =+F43*'APU 3.13'!M15 -> 120684 | P43: =+F43*'APU 3.13'!M26 -> 96072 | Q43: =SUM(M43:P43) -> 7035792 | R43: =SUM(L43:P43) -> 8225279
A44: Subtotal | H44: =+SUM(H31:H43) -> 582739713 | K44: =+SUM(K31:K43) -> 98519271 | L44: =+SUM(L39:L43) -> 5679416 | M44: =+SUM(M31:M43) -> 164835839 | N44: =+SUM(N31:N43) -> 227262744 | O44: =+SUM(O31:O43) -> 15185156 | P44: =+SUM(P31:P43) -> 175455974 | Q44: =+SUM(Q31:Q43) -> 582739713 | R44: =+SUM(R31:R43) -> 681258984
A45: IV. REALIZAR LA SEÑALIZACION VIAL | J45: =+(H48*100%)/$H$50 -> 0.014759845 | K45: =ROUNDUP(+J45*$J$51,0) -> 13247018
A46: 4.1 | C46: Suministro e instalación Señal vertical de transito reglamentaria con lamina retrorreflectiva D 600 mm | E46: und | F46: =+'M.C 4.1'!W22 -> 37 | G46: =+'APU 4.1'!M33 -> 692003 | H46: =ROUND(F46*G46,0) -> 25604111 | J46: =+(H46*100%)/$H$48 -> 0.32676698 | K46: =ROUND(+J46*$K$45,0) -> 4328688 | L46: =+K46 -> 4328688 | M46: =+F46*'APU 4.1'!M31 -> 4134417 | N46: =+F46*'APU 4.1'!M21 -> 20868000 | O46: =+F46*'APU 4.1'!M15 -> 206719 | P46: =+F46*'APU 4.1'!M26 -> 394975 | Q46: =SUM(M46:P46) -> 25604111 | R46: =SUM(L46:P46) -> 29932799
A47: 4.2 | C47: Línea de Demarcación con Pintura en Frío. | E47: m | F47: =+'M.C 4.2'!W22 -> 5503 | G47: =+'APU 4.2'!M33 -> 9586 | H47: =ROUND(F47*G47,0) -> 52751758 | J47: =+(H47*100%)/$H$48 -> 0.67323302 | K47: =ROUND(+J47*$K$45,0) -> 8918330 | L47: =+K47 -> 8918330 | M47: =+F47*'APU 4.2'!M31 -> 14142710 | N47: =ROUND(+F47*'APU 4.2'!M21,0) -> 34762451 | O47: =+F47*'APU 4.2'!M15 -> 3846597 | P47: =+F47*'APU 4.2'!M26 -> 0 | Q47: =SUM(M47:P47) -> 52751758 | R47: =SUM(L47:P47) -> 61670088
A48: Subtotal | H48: =+SUM(H46:H47) -> 78355869 | K48: =+SUM(K46:K47) -> 13247018 | L48: =+SUM(L46:L47) -> 13247018 | M48: =+SUM(M46:M47) -> 18277127 | N48: =+SUM(N46:N47) -> 55630451 | O48: =+SUM(O46:O47) -> 4053316 | P48: =+SUM(P46:P47) -> 394975 | Q48: =+SUM(Q46:Q47) -> 78355869 | R48: =+SUM(R46:R47) -> 91602887
A50: COSTOS DIRECTOS | H50: =+H28+H17+H44+H48 -> 5308718924 | K50: =+K28+K17+K44+K48 -> 897503823 | L50: =+L28+L17+#REF!+#REF!+L44+L48 -> #REF! | M50: =+M28+M17+M44+M48 -> 1251765982 | N50: =+N28+N17+N44+N48 -> 2877886972 | O50: =+O28+O17+O44+O48 -> 345293594 | P50: =+P28+P17+P44+P48 -> 833772376 | Q50: =+Q28+Q17+Q44+Q48 -> 5308718924 | R50: =+R28+R17+R44+R48 -> 6206222747
A51: ADMINISTRACIÓN | G51: =+AIU!H51 -> 0.099062223 | H51: =+AIU!I51 -> 525893499 | J51: =+H51+H52+H53 -> 897503823
A52: IMPREVISTO | G52: 0.02 | H52: =ROUND(+$H$50*G52,0) -> 106174378 | L52: =+H54 -> 111427960 | Q52: =SUM(M52:P52) -> 0 | R52: =SUM(L52:P52) -> 111427960
A53: UTILIDAD | G53: 0.05 | H53: =ROUND(+$H$50*G53,0) -> 265435946 | L53: =+H55 -> 149127378 | Q53: =SUM(M53:P53) -> 0 | R53: =SUM(L53:P53) -> 149127378
A54: PLAN DE MANEJO AMBIENTAL (PMA) | H54: =+PMA!J22 -> 111427960 | L54: =+H56 -> 2566712 | Q54: =SUM(M54:P54) -> 0 | R54: =SUM(L54:P54) -> 2566712
A55: PLAN DE MANEJO TRANSITO PMT | H55: =+PMT!I21 -> 149127378
A56: CARACTERIZACIÓN VIAL | E56: KM | F56: =1950.5/1000 -> 1.9505 | G56: =+CARACTERIZACIÓN!M36 -> 1315925 | H56: =ROUND(+G56*F56,0) -> 2566712 | K56: =SUM(K50:K54) -> 897503823 | L56: =SUM(L50:L54) -> #REF! | M56: =SUM(M50:M54) -> 1251765982 | N56: =SUM(N50:N54) -> 2877886972 | O56: =SUM(O50:O54) -> 345293594 | P56: =SUM(P50:P54) -> 833772376 | Q56: =SUM(Q50:Q54) -> 5308718924 | R56: =SUM(R50:R54) -> 6469344797
A58: VALOR TOTAL OBRA | H58: =SUM(H50:H56) -> 6469344797 | L58: =+H60 -> 567533362 | Q58: =SUM(M58:P58) -> 0 | R58: =SUM(L58:P58) -> 567533362
A60: VALOR INTERVENTORIA | H60: =+'PPTO INTERVENTORIA '!I52 -> 567533362 | K60: =+K56+K58 -> 897503823 | L60: =+L56+L58 -> #REF! | M60: =+M56+M58 -> 1251765982 | N60: =+N56+N58 -> 2877886972 | O60: =+O56+O58 -> 345293594 | P60: =+P56+P58 -> 833772376 | Q60: =+Q56+Q58 -> 5308718924 | R60: =+R56+R58 -> 7036878159
A62: VALOR TOTAL PROYECTO | H62: =+H58+H60 -> 7036878159
E64: DESCRIPCION | H64: PORCENTAJE
B65: VICTOR JULIO GUAYAMBUCO QUINTERO | E65: ADMINISTRACION | G65: A= | H65: =+G51 -> 0.099062223
B66: INGENIERO CIVIL | E66: IMPREVISTO | G66: I= | H66: =+G52 -> 0.02
B67: Matrícula Profesional No.: 252021-16054 CND | E67: UTILIDAD | G67: U= | H67: =+G53 -> 0.05
E68: TOTAL A.I.U | G68: A.I.U.= | H68: =SUM(H65:H67) -> 0.16906222
E69: PRECIO X KM | G69: =+H62/(1834.5/1000) -> 3.8358562e+09

Sheet AIU
A1: AIU
A2: PROYECTO | B2: =+'PRESUPUESTO GENERAL'!A2 -> MEJORAMIENTO DE VIAS RURALES EN EL MUNICIPIO DE COTA CUNDINAMARCA BPIN 2025I00010028
A3: FECHA | B3: ENERO DEL 2026
B4: COSTO DIRECTO TOTAL | I4: {=+'PRESUPUESTO GENERAL'!H50:I50} -> 5308718924 | J4: 0
A6: N° | B6: DESCRIPCION | C6: UNIDAD | D6: CANTIDAD | E6: MESES | F6: % DE PARTICIPACIÓN | G6: FACTOR DE ANALISIS PRESTACIONAL | H6: VALOR UNITARIO | I6: VALOR TOTAL
A8: 1 | B8: PERSONAL DE OBRA
A9: 1.1 | B9: Director de Obra | C9: Mes | D9: 1 | E9: 6 | F9: 0.5 | G9: =+FP!C20 -> 1.5829 | H9: 9500000 | I9: =+D9*E9*F9*G9*H9 -> 45112650
A10: 1.2 | B10: Residente Obra | C10: Mes | D10: 1 | E10: 6 | F10: 1 | G10: =+FP!C20 -> 1.5829 | H10: 5800000 | I10: =+D10*E10*F10*G10*H10 -> 55084920
A11: 1.3 | B11: Inspector de Obra | C11: Mes | D11: 2 | E11: 6 | F11: 1 | G11: =+FP!F20 -> 1.7669 | H11: 2500000 | I11: =+D11*E11*F11*G11*H11 -> 53007000
A12: 1.4 | B12: Residente Siso | C12: Mes | D12: 1 | E12: 6 | F12: 1 | G12: =+FP!F20 -> 1.7669 | H12: 2300000 | I12: =+D12*E12*F12*G12*H12 -> 24383220
A13: 1.5 | B13: Contador | C13: Mes | D13: 1 | E13: 6 | F13: 0.3 | G13: =+FP!F40 -> 1.5186 | H13: 5800000 | I13: =+D13*E13*F13*G13*H13 -> 15854184
A14: 1.6 | B14: Abogado | C14: Mes | D14: 1 | E14: 6 | F14: 0.3 | G14: =+FP!F40 -> 1.5186 | H14: 5800000 | I14: =+D14*E14*F14*G14*H14 -> 15854184 | K14: =+H14*F14 -> 1740000
A15: 1.8 | B15: Secretaria | C15: Mes | D15: 1 | E15: 6 | F15: 1 | G15: =+FP!C40 -> 1.7078 | H15: 2000000 | I15: =+D15*E15*F15*G15*H15 -> 20493600
A16: 1.9 | B16: Topógrafo (Incluye equipos topograficos) | C16: Mes | D16: 2 | E16: 6 | F16: 1 | G16: =+FP!C20 -> 1.5829 | H16: 5750000 | I16: =+D16*E16*F16*G16*H16 -> 1.092201e+08
A17: 1.10 | B17: Cadenero | C17: Mes | D17: 2 | E17: 6 | F17: 1 | G17: =+FP!F20 -> 1.7669 | H17: 2090000 | I17: =+D17*E17*F17*G17*H17 -> 44313852
A18: 1.11 | B18: Vigilante | C18: Mes | D18: 2 | E18: 6 | F18: 1 | G18: =+FP!F20 -> 1.7669 | H18: 2090000 | I18: =+D18*E18*F18*G18*H18 -> 44313852
A19: 1.12 | B19: Almacenista | C19: Mes | D19: 1 | E19: 6 | F19: 1 | G19: =+FP!F20 -> 1.7669 | H19: 2090000 | I19: =+D19*E19*F19*G19*H19 -> 22156926
B20: TOTAL PERSONAL DE OBRA | I20: =SUM(I9:I19) -> 449794488 | J20: =+PMA!J11 -> 89384460 | K20: =+PMT!I20 -> 1.272168e+08 | L20: =+I20+J20+K20 -> 666395748
A21: 2 | B21: COSTOS DE SERVICIOS PUBLICOS
A22: 2.1 | B22: Energía | C22: Mes | D22: 1 | E22: 6 | H22: 70000 | I22: =+E22*H22 -> 420000
A23: 2.2 | B23: Agua | C23: Mes | D23: 1 | E23: 6 | H23: 70000 | I23: =+E23*H23 -> 420000
A24: 2.3 | B24: Internet y telefonia | C24: Mes | D24: 1 | E24: 6 | H24: 150000 | I24: =+E24*H24 -> 900000
B25: TOTAL COSTOS DE SERVICIOS PUBLICOS: | I25: =SUM(I22:I24) -> 1740000
A26: 3 | B26: COSTOS DE DOTACION CAMPAMENTO E INSTALACIONES PROVISIONALES
A27: 3.1 | B27: Campamento | C27: mes | D27: 1 | E27: 6 | H27: 900000 | I27: =+E27*H27 -> 5400000
A28: 3.2 | B28: Computador - muebles | C28: mes | D28: 1 | E28: 6 | H28: 300000 | I28: =+E28*H28 -> 1800000
A29: 3.3 | B29: Instalaciones provisionales de energía | C29: Und | D29: 1 | E29: 1 | H29: 1000000 | I29: =+E29*H29 -> 1000000
A30: 3.4 | B30: Instalaciones provisionales de acueducto | C30: Und | D30: 1 | E30: 1 | H30: 700000 | I30: =+E30*H30 -> 700000
B31: TOTAL COSTOS DE DOTACION CAMPAMENTO: | I31: =SUM(I27:I30) -> 8900000
A32: 4 | B32: OTROS - GASTOS GENERALES
A33: 4.1 | B33: Ensayos en control de calidad para materiales granulares | C33: un | D33: 1 | E33: 1 | H33: =SUM(I34:I38) -> 9143000 | I33: =+E33*H33 -> 9143000
A34: 4.1.1 | B34: GRANULOMETRÍA | C34: un | D34: 41 | H34: 60000 | I34: =+D34*H34 -> 2460000
A35: 4.1.2 | B35: LIMTE LIQUIDO | C35: Und | D35: 41 | H35: 24000 | I35: =+D35*H35 -> 984000
A36: 4.1.3 | B36: ÍNDICE DE PLASTICIDAD | C36: und | D36: 41 | H36: 24000 | I36: =+D36*H36 -> 984000
A37: 4.1.4 | B37: EQUIVALENTE DE ARENA | C37: und | D37: 41 | H37: 60000 | I37: =+D37*H37 -> 2460000
A38: 4.1.5 | B38: ENSAYO MODIFICADO DE COMPACTACIÓN | C38: und | D38: 41 | H38: 55000 | I38: =+D38*H38 -> 2255000
A39: 4.2 | B39: Ensayos en control de calidad para concretos | C39: un | D39: 1 | E39: 1 | H39: =SUM(I40:I42) -> 1440000 | I39: =+E39*H39 -> 1440000
A40: 4.2.1 | B40: CONCRETO RESISTENCIA 21 MPA CLASE D (PARA OBRAS MENORES) | C40: un | D40: 30 | H40: 16000 | I40: =+H40*D40 -> 480000
A41: 4.2.2 | B41: PAVIMENTO EN CONCRETO HIDRAULICO | C41: un | D41: 30 | H41: 16000 | I41: =+H41*D41 -> 480000
A42: 4.2.3 | B42: CONCRETO RESISTENCIA 21 MPA CLASE D (PARA BERMA CUNETA) | C42: un | D42: 30 | H42: 16000 | I42: =+H42*D42 -> 480000
A43: 4.3 | B43: Papelería y empastes | C43: mes | D43: 1 | E43: 6 | H43: 320000 | I43: =+E43*H43 -> 1920000
A44: 4.4 | B44: Ploteo Planos record definitivos y de trámites | C44: un | D44: 1 | E44: 1 | H44: 820000 | I44: =+E44*H44 -> 820000
A45: 4.5 | B45: VALLA INFORMATIVA (2,5m x 1,2m) en tubo metalico con banner tipo pendón resistente a la intemperie (incluye suministro,transporte e instalación) | C45: un | D45: 1 | E45: 2 | H45: =3683471-115450-15.5 -> 3568005.5 | I45: =+E45*H45 -> 7136011
A46: 4.6 | B46: Alquiler de camioneta (incluye conductor y combustible) | C46: mes | D46: 1 | E46: 6 | H46: 7500000 | I46: =+E46*H46 -> 45000000
B47: TOTAL OTROS - GASTOS GENERALES: | I47: =+I33+I39+I43+I44+I45+I46 -> 65459011
B49: TOTAL GASTOS ADMINISTRACION | I49: =+I20+I25+I31+I47 -> 525893499
B51: TOTAL ADMINISTRACION | H51: =+I51/I4 -> 0.099062223 | I51: =+I20+I25+I31+I47 -> 525893499 | K51: =+I4*9.77% -> 5.1866184e+08
B52: IMPREVISTOS | H52: 0.02 | I52: =ROUND(+$I$4*H52,0) -> 106174378 | K52: =+I49-K51 -> 7231660.1
B53: UTILIDAD | H53: 0.05 | I53: =ROUND(+$I$4*H53,0) -> 265435946
B54: TOTAL AIU | H54: =SUM(H51:H53) -> 0.16906222 | I54: =SUM(I51:I53) -> 897503823
C58: VICTOR JULIO GUAYAMBUCO QUINTERO
C59: INGENIERO CIVIL
C60: Matrícula Profesional No.: 252021-16054 CND

Sheet PMA
B3: PRESUPUESTO PLAN DE MANEJO AMBIENTAL PMA
B4: =+'PRESUPUESTO GENERAL'!A2 -> MEJORAMIENTO DE VIAS RURALES EN EL MUNICIPIO DE COTA CUNDINAMARCA BPIN 2025I00010028
B5: CONFORMACION GRUPO GESTION AMBIENTAL
B6: ENERO DEL 2026
B7: ITEM | C7: DESCRIPCION | D7: UNIDAD | E7: CANTIDAD | F7: PLAZO | G7: % Participación | H7: Factor prestacional | I7: VALOR UNITARIO | J7: VALOR TOTAL
B8: PERSONAL - COSTO DIRECTO
B9: 1.1 | C9: Residente ambiental | D9: mes | E9: 1 | F9: 6 | G9: 1 | H9: =+FP!C20 -> 1.5829 | I9: 4500000 | J9: =+E9*F9*G9*H9*I9 -> 42738300
B10: 1.2 | C10: Auxiliar ambiental | D10: mes | E10: 2 | F10: =+F9 -> 6 | G10: 1 | H10: =+FP!F20 -> 1.7669 | I10: 2200000 | J10: =+E10*F10*G10*H10*I10 -> 46646160
C11: Subtotal | J11: =SUM(J9:J10) -> 89384460
B12: COSTO INDIRECTO
B13: 2.1 | C13: Papelería y copias | D13: mes | E13: 1 | F13: =+F9 -> 6 | I13: 150000 | J13: =+I13*F13*E13 -> 900000
B14: 2.2 | C14: Cursos para personal de obra (cuidado personal, uso EPP, trabajo en equipo, manejo de conflicto) refrigerio | D14: mes | E14: 1 | F14: =+F13 -> 6 | I14: 350000 | J14: =+I14*F14*E14 -> 2100000
B15: 2.3 | C15: Alquiler e instalación de unidades sanitarias portatiles | D15: mes | E15: 2 | F15: =+F13 -> 6 | I15: 420000 | J15: =+I15*F15*E15 -> 5040000
B16: 2.4 | C16: Plástico negro o polietileno de grueso calibre (100m, cal 3,5 ancho 4m) | D16: rollo | E16: 20 | I16: 620000 | J16: =+I16*E16 -> 12400000
B17: 2.5 | C17: Juego de tres recipientes de 55 gal | D17: und | E17: 1 | I17: 413500 | J17: =+I17*E17 -> 413500
B18: 2.6 | C18: camilla rígida en polietileno con arnes tipo araña e inmobilizador de cuello | D18: und | E18: 2 | I18: 350000 | J18: =+I18*E18 -> 700000
B19: 2.7 | C19: extintor multiproposito amarillo 20 lbs | D19: und | E19: =+E18 -> 2 | I19: 125000 | J19: =+I19*E19 -> 250000
B20: 2.8 | C20: botiquin | D20: und | E20: =+E18 -> 2 | I20: 120000 | J20: =+I20*E20 -> 240000
C21: Subtotal | J21: =SUM(J13:J20) -> 22043500
C22: TOTAL | J22: =+J21+J11 -> 111427960

Sheet PMT
B3: PRESUPUESTO PLAN DE MANEJO DE TRÁNSITO PMT
B4: =+'PRESUPUESTO GENERAL'!A2 -> MEJORAMIENTO DE VIAS RURALES EN EL MUNICIPIO DE COTA CUNDINAMARCA BPIN 2025I00010028
B5: ENERO DEL 2026
B6: ITEM | C6: DESCRIPCION | D6: UNIDAD | E6: CANTIDAD | F6: PLAZO | G6: Factor prestacional | H6: VALOR UNITARIO | I6: VALOR TOTAL
B7: DISPOSITIVOS DE CONTROL
B8: 1.1 | C8: Barricadas | D8: und | E8: 12 | H8: 650000 | I8: =ROUND(E8*H8,0) -> 7800000
B9: 1.2 | C9: paletas de pare y siga | D9: und | E9: 6 | H9: 31513 | I9: =ROUND(E9*H9,0) -> 189078
B10: 1.3 | C10: delineadores tubulares (colombinas) | D10: und | E10: 30 | H10: 49900 | I10: =ROUND(E10*H10,0) -> 1497000
B11: 1.4 | C11: cinta plástica peligro NO PASE | D11: m | E11: 1500 | H11: 199 | I11: =ROUND(E11*H11,0) -> 298500 | M11: =59900/500 -> 119.8
B12: SEÑALIZACION
B13: 2.1 | C13: Señal vetical de primer y segundo nivel | D13: und | E13: 18 | H13: 250000 | I13: =ROUND(E13*H13,0) -> 4500000
B14: 2.2 | C14: señales moviles de aproximación | D14: und | E14: 18 | H14: 264000 | I14: =ROUND(E14*H14,0) -> 4752000
B15: EQUIPOS VARIOS
B16: 3.1 | C16: chalecos reflectivos | D16: und | E16: 6 | H16: 35000 | I16: =ROUND(E16*H16,0) -> 210000
B17: 3.3 | C17: pitos para auxiliares de tránsito | D17: und | E17: 6 | H17: 4000 | I17: =ROUND(E17*H17,0) -> 24000
B18: 3.4 | C18: radioteléfonos | D18: und | E18: 12 | H18: 220000 | I18: =ROUND(E18*H18,0) -> 2640000
B19: PERSONAL
B20: 4.1 | C20: Auxiliar pare - siga | D20: mes | E20: 6 | F20: 6 | G20: =+FP!F20 -> 1.7669 | H20: =+'MANO DE OBRA'!E12+'MANO DE OBRA'!E13 -> 2000000 | I20: =+E20*F20*G20*H20 -> 1.272168e+08
B21: Subtotal | I21: =+SUM(I8:I20) -> 149127378
C30: VICTOR JULIO GUAYAMBUCO QUINTERO
C31: INGENIERO CIVIL
C32: Matrícula Profesional No.: 252021-16054 CND

Sheet FP
B2: FACTOR ANALISIS PRESTACIONAL
B3: =+'PRESUPUESTO GENERAL'!A2 -> MEJORAMIENTO DE VIAS RURALES EN EL MUNICIPIO DE COTA CUNDINAMARCA BPIN 2025I00010028
B4: ANALISIS FACTOR PRESTACIONAL>2SMMLV CAMPO | E4: ANALISIS FACTOR PRESTACIONAL<2SMMLV CAMPO | H4: ANALISIS FACTOR PRESTACIONAL<2SMMLV OFICINA
B6: SUELDO | C6: 1 | E6: SUELDO | F6: 1 | H6: SUELDO | I6: 1
B8: INTERESES SOBRE CESANTIAS | C8: 0.01 | E8: INTERESES SOBRE CESANTIAS | F8: 0.01 | H8: INTERESES SOBRE CESANTIAS | I8: 0.01
B9: CESANTIAS | C9: 0.0833 | E9: CESANTIAS | F9: 0.0833 | H9: CESANTIAS | I9: 0.0833
B10: PRIMA | C10: 0.0833 | E10: PRIMA | F10: 0.0833 | H10: PRIMA | I10: 0.0833
B11: VACACIONES | C11: 0.0417 | E11: VACACIONES | F11: 0.0417 | H11: VACACIONES | I11: 0.0417
E12: SUBSIDIO DE TRANSPORTE | F12: 0.1423 | H12: SUBSIDIO DE TRANSPORTE | I12: 0.1423
E13: DOTACIÓN | F13: 0.0417 | H13: DOTACIÓN | I13: 0.0417
B14: PENSION | C14: 0.12 | E14: PENSION | F14: 0.12 | H14: PENSION | I14: 0.12
B15: SALUD | C15: 0.085 | E15: SALUD | F15: 0.085 | H15: SALUD | I15: 0.085
B16: RIESGOS TIPO V | C16: 0.0696 | E16: RIESGOS TIPO V | F16: 0.0696 | H16: RIESGOS TIPO I | I16: 0.00522
B18: PARAFISCALES | C18: 0.09 | E18: PARAFISCALES | F18: 0.09 | H18: PARAFISCALES | I18: 0.09
B20: FACTOR PRESTACIONAL | C20: =ROUNDUP(SUM(C6:C19),4) -> 1.5829 | E20: FACTOR PRESTACIONAL | F20: =ROUNDUP(SUM(F6:F19),4) -> 1.7669 | H20: FACTOR PRESTACIONAL | I20: =ROUNDUP(SUM(I6:I19),4) -> 1.7026
B24: ANALISIS FACTOR PRESTACIONAL<2SMMLV OFICINA | E24: ANALISIS FACTOR PRESTACIONAL>2SMMLV OFICINA
B26: SUELDO | C26: 1 | E26: SUELDO | F26: 1
B28: INTERESES SOBRE CESANTIAS | C28: 0.01 | E28: INTERESES SOBRE CESANTIAS | F28: 0.01
B29: CESANTIAS | C29: 0.0833 | E29: CESANTIAS | F29: 0.0833
B30: PRIMA | C30: 0.0833 | E30: PRIMA | F30: 0.0833
B31: VACACIONES | C31: 0.0417 | E31: VACACIONES | F31: 0.0417
B32: SUBSIDIO DE TRANSPORTE | C32: 0.1423
B33: DOTACIÓN | C33: 0.0417
B34: PENSION | C34: 0.12 | E34: PENSION | F34: 0.12
B35: SALUD | C35: 0.085 | E35: SALUD | F35: 0.085
B36: RIESGOS TIPO II | C36: 0.01044 | E36: RIESGOS TIPO I | F36: 0.00522
B38: PARAFISCALES | C38: 0.09 | E38: PARAFISCALES | F38: 0.09
B40: FACTOR PRESTACIONAL | C40: =ROUNDUP(SUM(C26:C39),4) -> 1.7078 | E40: FACTOR PRESTACIONAL | F40: =ROUNDUP(SUM(F26:F39),4) -> 1.5186
E45: VICTOR JULIO GUAYAMBUCO QUINTERO
E46: INGENIERO CIVIL
E47: Matrícula Profesional No.: 252021-16054 CND

Sheet CRONOGRAMA N
A1: CRONOGRAMA Y FLUJO DE FONDOS
A2: =+'PRESUPUESTO GENERAL'!A2 -> MEJORAMIENTO DE VIAS RURALES EN EL MUNICIPIO DE COTA CUNDINAMARCA BPIN 2025I00010028 | J2: ETAPA PRECONTRACTUAL | K2: ETAPA CONTRACTUAL | Q2: ETAPA DE LIQUIDACIÓN
A3: SECCIÓN 1 - ITEMS DE OBRA - ACTIVIDADES DE MEJORAMIENTO
A4: No | B4: ESPECIFICACIONES | C4: DESCRIPCION | E4: UNIDAD | F4: CANTIDAD | G4: VALOR UNITARIO | H4: VALOR TOTAL | J4: MES 0 | K4: MES 1 | L4: MES 2 | M4: MES 3 | N4: MES 4 | O4: MES 5 | P4: MES 6 | Q4: MES 7
B5: GENERAL ENERO DEL 2026
A7: ETAPA PRE CONTRACTUAL
A8: I. CONSTRUIR PAVIMENTO EN CONCRETO HIDRAULICO MR3.8
A9: CONSTRUCCIÓN | C9: METROS DE PAVIMENTO EN CONCRETO HIDRAULICO MR3.8 MPA
A10: 1.1 | C10: Excavaciones varias en material común en seco. 0 - 2 m (Incluye Transporte) | E10: m3 | F10: =+'M.C 1.1'!W32 -> 1069 | G10: =+'APU 1.1'!N35 -> 153471 | H10: =ROUND(F10*G10,0) -> 164060499 | L10: =+H10/4 -> 41015125 | M10: =+L10 -> 41015125 | N10: =+M10 -> 41015125 | O10: =+N10 -> 41015125 | S10: =SUM(K10:P10) -> 164060499 | U10: =+S10-H10 -> 0
A11: 1.2 | C11: Conformación de la calzada existente | E11: m2 | F11: =+'M.C 1.2'!W21 -> 8309 | G11: =+'APU 1.2'!N35 -> 3199 | H11: =ROUND(F11*G11,0) -> 26580491 | L11: =+H11/4 -> 6645122.8 | M11: =+L11 -> 6645122.8 | N11: =+M11 -> 6645122.8 | O11: =+N11 -> 6645122.8 | S11: =SUM(K11:P11) -> 26580491 | U11: =+S11-H11 -> 0
A12: 1.3 | C12: Subbase Granular Clase C. | E12: m3 | F12: =+'M.C 1.3'!W23 -> 1160 | G12: =+'APU 1.3'!N35 -> 274841 | H12: =ROUND(F12*G12,0) -> 318815560 | L12: =+H12/4 -> 79703890 | M12: =+H12/4 -> 79703890 | N12: =+M12 -> 79703890 | O12: =+N12 -> 79703890 | S12: =SUM(K12:P12) -> 318815560 | U12: =+S12-H12 -> 0
A13: 1.4 | C13: Afirmado | E13: m3 | F13: =+'M.C 1.4'!W22 -> 2493 | G13: =+'APU 1.4'!N35 -> 260376 | H13: =ROUND(F13*G13,0) -> 649117368 | L13: =+H13/3 -> 216372456 | M13: =+L13 -> 216372456 | N13: =+M13 -> 216372456 | S13: =SUM(K13:P13) -> 649117368 | U13: =+S13-H13 -> 0
A14: 1.5 | C14: Pavimento de concreto hidraulico módulo de rotura 3.8 MPa | E14: m3 | F14: =+'M.C 1.5'!W22 -> 1382 | G14: =+'APU 1.5'!N40 -> 1126153 | H14: =ROUND(F14*G14,0) -> 1556343446 | M14: =+H14/4 -> 3.8908586e+08 | N14: =+M14 -> 3.8908586e+08 | O14: =+N14 -> 3.8908586e+08 | P14: =+O14 -> 3.8908586e+08 | S14: =SUM(K14:P14) -> 1556343446 | U14: =+S14-H14 -> 0
A15: 1.6 | C15: Concreto clase C (210 kg/cm2 ó 3000 PSI) | E15: m3 | F15: =+'M.C 1.6'!W26 -> 560 | G15: =+'APU 1.6'!N40 -> 910078 | H15: =ROUND(F15*G15,0) -> 509643680 | N15: =+H15/3 -> 1.6988123e+08 | O15: =+N15 -> 1.6988123e+08 | P15: =+O15 -> 1.6988123e+08 | S15: =SUM(K15:P15) -> 509643680 | U15: =+S15-H15 -> 0
A16: 1.7 | C16: Elaboración de juntas de construcción ( incluye corte, limpieza, polímero y sellador de junta) | E16: m | F16: =+'M.C 1.7'!W22 -> 3284 | G16: =+'APU 1.7'!N39 -> 43902 | H16: =ROUND(F16*G16,0) -> 144174168 | M16: =+H16/4 -> 36043542 | N16: =+M16 -> 36043542 | O16: =+N16 -> 36043542 | P16: =+O16 -> 36043542 | S16: =SUM(K16:P16) -> 144174168 | U16: =+S16-H16 -> 0
A17: 1.8 | C17: Acero de refuerzo de FY = 4.200 Kg/cm 2 (60.000 PSI). | E17: kg | F17: =+'M.C 1.8'!W29 -> 82360 | G17: =+'APU 1.8'!N34 -> 8990 | H17: =ROUND(F17*G17,0) -> 740416400 | L17: =+H17/5 -> 148083280 | M17: =+L17 -> 148083280 | N17: =+M17 -> 148083280 | O17: =+N17 -> 148083280 | P17: =+O17 -> 148083280 | S17: =SUM(K17:P17) -> 740416400 | U17: =+S17-H17 -> 0
A18: Subtotal | H18: =+SUM(H10:I17) -> 4109151612 | S18: =SUM(K18:P18) -> 0 | U18: =+S18-H18 -> -4109151612
A19: II. CONSTRUIR ESTRUCTURAS DE DRENAJE | S19: =SUM(K19:P19) -> 0 | U19: =+S19-H19 -> 0
A20: CONSTRUCCIÓN | C20: METROS FILTRO | S20: =SUM(K20:P20) -> 0 | U20: =+S20-H20 -> 0
A21: 2.1 | C21: Excavaciones varias sin clasificar. (Incluye Transporte) | E21: m3 | F21: =+'M.C 2.1'!W24 -> 1109.8 | G21: =+'APU 2.1'!M33 -> 100386 | H21: =ROUND(F21*G21,0) -> 111408383 | K21: =+H21/2 -> 55704192 | L21: =+K21 -> 55704192 | S21: =SUM(K21:P21) -> 111408383 | U21: =+S21-H21 -> 0
A22: 2.2 | C22: Material Granular Drenante | E22: m3 | F22: {=_xlfn.SINGLE(+'M.C 2.2'!W22:Z22)} -> 720 | G22: =+'APU 2.2'!N35 -> 300255 | H22: =ROUND(F22*G22,0) -> 216183600 | K22: =+H22/2 -> 108091800 | L22: =+K22 -> 108091800 | S22: =SUM(K22:P22) -> 216183600 | U22: =+S22-H22 -> 0
A23: 2.3 | C23: Tubería de Plástico de Diametro 100mm | E23: m | F23: {=_xlfn.SINGLE(+'M.C 2.3'!W22:Z22)} -> 1200 | G23: =+'APU 2.3'!M33 -> 30607 | H23: =ROUND(F23*G23,0) -> 36728400 | K23: =+H23/2 -> 18364200 | L23: =+K23 -> 18364200 | S23: =SUM(K23:P23) -> 36728400 | U23: =+S23-H23 -> 0
A24: 2.4 | C24: Geotextil no tejido tipo NT2500 para separacion de suelos | E24: m2 | F24: {=_xlfn.SINGLE(+'M.C 2.4'!W22:Z22)} -> 4200 | G24: =+'APU 2.4'!M33 -> 28387 | H24: =ROUND(F24*G24,0) -> 119225400 | K24: =+H24/2 -> 59612700 | L24: =+K24 -> 59612700 | S24: =SUM(K24:P24) -> 119225400 | U24: =+S24-H24 -> 0
A25: 2.5 | C25: Excavaciones varias sin clasificar (sin transporte) | E25: m3 | F25: =+'M.C 2.5'!W22 -> 225 | G25: =+'APU 2.5'!M32 -> 38531 | H25: =ROUND(F25*G25,0) -> 8669475 | K25: =+H25/2 -> 4334737.5 | L25: =+K25 -> 4334737.5 | S25: =SUM(K25:P25) -> 8669475 | U25: =+S25-H25 -> 0
A26: 2.6 | C26: Tubería de concreto reforzado clase D, de 900 mm de diámetro interior | E26: m | F26: =+'M.C 2.6'!W22 -> 30 | G26: =+'APU 2.6'!M33 -> 1192986 | H26: =ROUND(F26*G26,0) -> 35789580 | K26: =+H26/2 -> 17894790 | L26: =+K26 -> 17894790 | S26: =SUM(K26:P26) -> 35789580 | U26: =+S26-H26 -> 0
A27: 2.7 | C27: Concreto clase F (140 kg/cm2 ó 2000 PSI) | E27: m3 | F27: =+'M.C 2.7'!W24 -> 12 | G27: =+'APU 2.7'!M34 -> 726411 | H27: =ROUND(F27*G27,0) -> 8716932 | K27: =+H27/2 -> 4358466 | L27: =+K27 -> 4358466 | S27: =SUM(K27:P27) -> 8716932 | U27: =+S27-H27 -> 0
A28: 2.8 | C28: Relleno para Estructuras con material del sitio | E28: m3 | F28: =+'M.C 2.8'!W22 -> 40 | G28: =+'APU 2.8'!M30 -> 43749 | H28: =ROUND(F28*G28,0) -> 1749960 | K28: =+H28/3 -> 583320 | L28: =+K28 -> 583320 | M28: =+L28 -> 583320 | S28: =SUM(K28:P28) -> 1749960 | U28: =+S28-H28 -> 0
A29: Subtotal | H29: =+SUM(H21:I28) -> 538471730 | S29: =SUM(K29:P29) -> 0 | U29: =+S29-H29 -> -538471730
A30: III. CONSTRUIRESTRUCTURAS REDES DE ALCANTARILLADO SANITARIO | S30: =SUM(K30:P30) -> 0 | U30: =+S30-H30 -> 0
A31: CONSTRUCCIÓN | C31: METROS DE ALCANTARILLADO SANITARIO TUB D160mm - D200mm | S31: =SUM(K31:P31) -> 0 | U31: =+S31-H31 -> 0
A32: 3.1 | C32: Excavación En Zanja a mano en material común h <=2 m (Incluye Transporte) | E32: m3 | F32: =+'MC. 3.1'!W23 -> 743 | G32: =+'APU 3.1'!N35 -> 189647 | H32: =ROUND(F32*G32,0) -> 140907721 | K32: =+H32/2 -> 70453860 | L32: =+K32 -> 70453860 | S32: =SUM(K32:P32) -> 140907721 | U32: =+S32-H32 -> 0
A33: 3.2 | C33: Suministro transporte e Instalación Tub PVCcorru ext,lisa int, PS57psi, D160mm | E33: m | F33: =+'M.C 3.2'!W18 -> 120 | G33: =+'APU 3.2'!M33 -> 106436 | H33: =ROUND(F33*G33,0) -> 12772320 | K33: =+H33/2 -> 6386160 | L33: =+K33 -> 6386160 | S33: =SUM(K33:P33) -> 12772320 | U33: =+S33-H33 -> 0
A34: 3.3 | C34: Suministro transporte e Instalación Tub PVCcorru ext,lisa int, PS57psi, D200mm | E34: m | F34: =+'M.C 3.3'!W19 -> 198.55 | G34: =+'APU 3.3'!M33 -> 136272 | H34: =ROUND(F34*G34,0) -> 27056806 | K34: =+H34/2 -> 13528403 | L34: =+K34 -> 13528403 | S34: =SUM(K34:P34) -> 27056806 | U34: =+S34-H34 -> 0
A35: 3.4 | C35: Suministro, transporte e instalación material seleccionado proveniente excavación | E35: m3 | F35: =+'M.C 3.4'!W20 -> 91.6 | G35: =+'APU 3.4'!M30 -> 43749 | H35: =ROUND(F35*G35,0) -> 4007408 | K35: =+H35/2 -> 2003704 | L35: =+K35 -> 2003704 | S35: =SUM(K35:P35) -> 4007408 | U35: =+S35-H35 -> 0
A36: 3.5 | C36: Relleno para Estructuras con recebo | E36: m3 | F36: =+'M.C 3.5'!W48 -> 1352 | G36: =+'APU 3.5'!N33 -> 241956 | H36: =ROUND(F36*G36,0) -> 327124512 | K36: =+H36/2 -> 163562256 | L36: =+K36 -> 163562256 | S36: =SUM(K36:P36) -> 327124512 | U36: =+S36-H36 -> 0
A37: 3.6 | C37: Suministro, transporte e instalación cama de Arena | E37: m3 | F37: =+'M.C 3.6'!W20 -> 109.4 | G37: =+'APU 3.6'!N33 -> 225263 | H37: =ROUND(F37*G37,0) -> 24643772 | K37: =+H37/2 -> 12321886 | L37: =+K37 -> 12321886 | S37: =SUM(K37:P37) -> 24643772 | U37: =+S37-H37 -> 0
A38: 3.7 | C38: Suministro e Instalación Silla yee PVC,alcant.,D200 x 160 mm | E38: und | F38: =+'M.C 3.7'!W20 -> 12 | G38: =+'APU 3.7'!M33 -> 405222 | H38: =ROUND(F38*G38,0) -> 4862664 | K38: =+H38/2 -> 2431332 | L38: =+K38 -> 2431332 | S38: =SUM(K38:P38) -> 4862664 | U38: =+S38-H38 -> 0
A39: 3.8 | C39: Caja para conexion domiciliaria alcantarillado en mampostería 0.6x0.6x0.6m | E39: und | F39: =+'M.C 3.8'!W20 -> 12 | G39: =+'APU 3.8'!M34 -> 647572 | H39: =ROUND(F39*G39,0) -> 7770864 | K39: =+H39/2 -> 3885432 | L39: =+K39 -> 3885432 | S39: =SUM(K39:P39) -> 7770864 | U39: =+S39-H39 -> 0
A40: 3.9 | C40: Cilindro para pozo insp en mampostería D1.20m e=0.25m | E40: und | F40: =+'M.C 3.9'!W22 -> 6 | G40: =+'APU 3.9'!M34 -> 1224823 | H40: =ROUND(F40*G40,0) -> 7348938 | K40: =+H40/2 -> 3674469 | L40: =+K40 -> 3674469 | S40: =SUM(K40:P40) -> 7348938 | U40: =+S40-H40 -> 0
A41: 3.1 | C41: Construcción Base y cañuela | E41: und | F41: {=_xlfn.SINGLE(+'M.C 3.10'!W22:Z22)} -> 6 | G41: =+'APU 3.10'!N39 -> 1029201 | H41: =ROUND(F41*G41,0) -> 6175206 | K41: =+H41/2 -> 3087603 | L41: =+K41 -> 3087603 | S41: =SUM(K41:P41) -> 6175206 | U41: =+S41-H41 -> 0
A42: 3.11 | C42: Suministro transporte e Instalación Cono reduc Prefabr CR 28Mpa Pozo Insp | E42: und | F42: {=_xlfn.SINGLE(+'M.C 3.11'!W22:Z22)} -> 6 | G42: =+'APU 3.11'!M33 -> 1202423 | H42: =ROUND(F42*G42,0) -> 7214538 | K42: =+H42/2 -> 3607269 | L42: =+K42 -> 3607269 | S42: =SUM(K42:P42) -> 7214538 | U42: =+S42-H42 -> 0
A43: 3.12 | C43: Suministro transporte e Instalación Tapa tipo Convenc No Recicl.AlcantD0.67m | E43: und | F43: {=_xlfn.SINGLE(+'M.C 3.12'!W22:Z22)} -> 6 | G43: =+'APU 3.12'!M33 -> 969862 | H43: =ROUND(F43*G43,0) -> 5819172 | K43: =+H43/2 -> 2909586 | L43: =+K43 -> 2909586 | S43: =SUM(K43:P43) -> 5819172 | U43: =+S43-H43 -> 0
A44: 3.13 | C44: Suministro transporte e Instalación escalera de acceso en polipropileno con refuerzo interno en acero | E44: m | F44: {=_xlfn.SINGLE(+'M.C 3.13'!W22:Z22)} -> 12 | G44: =+'APU 3.13'!M33 -> 586316 | H44: =ROUND(F44*G44,0) -> 7035792 | K44: =+H44/2 -> 3517896 | L44: =+K44 -> 3517896 | S44: =SUM(K44:P44) -> 7035792 | U44: =+S44-H44 -> 0
A45: Subtotal | H45: =+SUM(H32:I44) -> 582739713 | S45: =SUM(K45:P45) -> 0 | U45: =+S45-H45 -> -582739713
A46: IV. REALIZAR LA SEÑALIZACION VIAL | S46: =SUM(K46:P46) -> 0 | U46: =+S46-H46 -> 0
A47: 4.1 | C47: Suministro e instalación Señal vertical de transito reglamentaria con lamina retrorreflectiva D 600 mm | E47: und | F47: {=_xlfn.SINGLE(+'M.C 4.1'!W22:Z22)} -> 37 | G47: =+'APU 4.1'!M33 -> 692003 | H47: =ROUND(F47*G47,0) -> 25604111 | O47: =+H47/2 -> 12802056 | P47: =+O47 -> 12802056 | S47: =SUM(K47:P47) -> 25604111 | U47: =+S47-H47 -> 0
A48: 4.2 | C48: Línea de Demarcación con Pintura en Frío. | E48: m | F48: =+'M.C 4.2'!W22 -> 5503 | G48: =+'APU 4.2'!M33 -> 9586 | H48: =ROUND(F48*G48,0) -> 52751758 | O48: =+H48/2 -> 26375879 | P48: =+O48 -> 26375879 | S48: =SUM(K48:P48) -> 52751758 | U48: =+S48-H48 -> 0
A49: Subtotal | H49: =+SUM(H47:I48) -> 78355869 | S49: =SUM(K49:P49) -> 0
S50: =SUM(K50:P50) -> 0
A51: COSTOS DIRECTOS | H51: =+H29+H18+H45+H49 -> 5308718924 | K51: =SUM(K8:K49) -> 5.6031406e+08 | L51: =SUM(L8:L49) -> 1052133935 | M51: =SUM(M8:M49) -> 917532597 | N51: =SUM(N8:N49) -> 1.0868305e+09 | O51: =SUM(O8:O49) -> 9.0963598e+08 | P51: =SUM(P8:P49) -> 7.8227184e+08 | S51: =SUM(K51:P51) -> 5308718924
A52: ADMINISTRACIÓN | G52: =+AIU!H51 -> 0.099062223 | H52: =+AIU!I51 -> 525893499 | K52: =+K51*$G$52 -> 55505957 | L52: =+L51*$G$52 -> 1.0422673e+08 | M52: =+M51*$G$52 -> 90892819 | N52: =+N51*$G$52 -> 1.0766385e+08 | O52: =+O51*$G$52 -> 90110563 | P52: =+P51*$G$52 -> 77493588 | S52: =SUM(K52:P52) -> 525893499
A53: IMPREVISTO | G53: =+AIU!H52 -> 0.02 | H53: =ROUND(+$H$51*G53,0) -> 106174378 | K53: =ROUND(+K51*$G$53,0) -> 11206281 | L53: =ROUND(+L51*$G$53,0) -> 21042679 | M53: =ROUND(+M51*$G$53,0) -> 18350652 | N53: =ROUND(+N51*$G$53,0) -> 21736610 | O53: =ROUND(+O51*$G$53,0) -> 18192720 | P53: =ROUNDUP(+P51*$G$53,0) -> 15645437 | S53: =SUM(K53:P53) -> 106174379
A54: UTILIDAD | G54: =+AIU!H53 -> 0.05 | H54: =ROUND(+$H$51*G54,0) -> 265435946 | K54: =ROUND(+K51*$G$54,0) -> 28015703 | L54: =ROUNDDOWN(+L51*$G$54,0) -> 52606696 | M54: =ROUND(+M51*$G$54,0) -> 45876630 | N54: =ROUND(+N51*$G$54,0) -> 54341525 | O54: =ROUND(+O51*$G$54,0) -> 45481799 | P54: =ROUND(+P51*$G$54,0) -> 39113592 | S54: =SUM(K54:P54) -> 265435945
A55: PLAN DE MANEJO AMBIENTAL (PMA) | H55: =+PMA!J22 -> 111427960 | K55: =+H55/6 -> 18571327 | L55: =+K55 -> 18571327 | M55: =+L55 -> 18571327 | N55: =+M55 -> 18571327 | O55: =+N55 -> 18571327 | P55: =+O55 -> 18571327 | S55: =SUM(K55:P55) -> 1.1142796e+08
A56: PLAN DE MANEJO TRANSITO PMT | H56: =+PMT!I21 -> 149127378 | K56: =+H56/6 -> 24854563 | L56: =+K56 -> 24854563 | M56: =+L56 -> 24854563 | N56: =+M56 -> 24854563 | O56: =+N56 -> 24854563 | P56: =+O56 -> 24854563 | S56: =SUM(K56:P56) -> 149127378
A57: CARACTERIZACIÓN VIAL | E57: KM | F57: =1950.5/1000 -> 1.9505 | G57: =+CARACTERIZACIÓN!M36 -> 1315925 | H57: =ROUND(+G57*F57,0) -> 2566712 | P57: =+H57 -> 2566712 | S57: =SUM(K57:P57) -> 2566712
S58: =SUM(K58:P58) -> 0
A59: VALOR TOTAL OBRA | H59: =SUM(H51:I57) -> 6469344797 | K59: =SUM(K51:K58) -> 6.9846789e+08 | L59: =SUM(L51:L58) -> 1.2734359e+09 | M59: =SUM(M51:M58) -> 1.1160786e+09 | N59: =SUM(N51:N58) -> 1.3139984e+09 | O59: =SUM(O51:O58) -> 1.106847e+09 | P59: =SUM(P51:P58) -> 9.6051706e+08 | S59: =SUM(K59:P59) -> 6469344797
S60: =SUM(K60:P60) -> 0
A61: VALOR INTERVENTORIA | H61: =+'PPTO INTERVENTORIA '!I52 -> 567533362 | K61: =+H61/6 -> 94588894 | L61: =+K61 -> 94588894 | M61: =+L61 -> 94588894 | N61: =+M61 -> 94588894 | O61: =+N61 -> 94588894 | P61: 85051369 | Q61: 9537525 | S61: =SUM(K61:R61) -> 567533362
S62: =SUM(K62:P62) -> 0
A63: VALOR TOTAL PROYECTO | H63: =+H59+H61 -> 7036878159 | K63: =SUM(K59:K62) -> 7.9305679e+08 | L63: =SUM(L59:L62) -> 1.3680248e+09 | M63: =SUM(M59:M62) -> 1.2106675e+09 | N63: =SUM(N59:N62) -> 1.4085873e+09 | O63: =SUM(O59:O62) -> 1.2014358e+09 | P63: =SUM(P59:P62) -> 1.0455684e+09 | Q63: =SUM(Q59:Q62) -> 9537525 | S63: =SUM(K63:Q63) -> 7.0368782e+09
J64: PORCENTAJE | K64: =+K63/$H$63 -> 0.11270009 | L64: =+L63/$H$63 -> 0.19440792 | M64: =+M63/$H$63 -> 0.17204611 | N64: =+N63/$H$63 -> 0.20017218 | O64: =+O63/$H$63 -> 0.17073421 | P64: =+P63/$H$63 -> 0.14858413 | Q64: =+Q63/$H$63 -> 0.0013553631
E65: DESCRIPCION | H65: PORCENTAJE | J65: PORCENTAJE ACUM. | K65: =+K64 -> 0.11270009 | L65: =+L64+K65 -> 0.307108 | M65: =+M64+L65 -> 0.47915411 | N65: =+N64+M65 -> 0.67932629 | O65: =+O64+N65 -> 0.85006051 | P65: =+P64+O65 -> 0.99864464 | Q65: =+Q64+P65 -> 1
B66: VICTOR JULIO GUAYAMBUCO QUINTERO | E66: ADMINISTRACION | G66: A= | H66: =+G52 -> 0.099062223
B67: INGENIERO CIVIL | E67: IMPREVISTO | G67: I= | H67: =+G53 -> 0.02
B68: Matrícula Profesional No.: 252021-16054 CND | E68: UTILIDAD | G68: U= | H68: =+G54 -> 0.05 | K68: Dada la limitación temporal de 9 meses para la construcción total de 1.8 km de vías y alcantarillado, el contratista responsable debe priorizar una estrategia de ejecución por fases y en frentes de trabajo simultáneos. Específicamente, se sugiere el establecimiento de múltiples frentes de obra que permitan la intervención paralela de varios de los 16 tramos viales y, de manera coordinada, la ejecución del sistema de alcantarillado. Esta simultaneidad en la intervención es crucial para optimizar el cronograma y garantizar el cumplimiento del plazo contractual. Es imperativo que la planeación del contratista detalle la secuencia constructiva y la asignación de recursos para cada tramo (vías y alcantarillado) con el fin de minimizar los tiempos muertos y asegurar una finalización oportuna y eficiente del proyecto.
E69: TOTAL A.I.U | G69: A.I.U.= | H69: =SUM(H66:H68) -> 0.16906222 | S69: =SUM(K61:O61)+Q61 -> 4.8248199e+08
S70: =+H61-S69 -> 85051369
S71: =+S70+S69 -> 567533362
S72: =+H61-S71 -> 0

Sheet PPTO INTERVENTORIA 
C1: DESCRIPCIÓN Y CUANTIFICACIÓN DE INTERVENTORÍA Y OTROS
C2: =+'PRESUPUESTO GENERAL'!A2 -> MEJORAMIENTO DE VIAS RURALES EN EL MUNICIPIO DE COTA CUNDINAMARCA BPIN 2025I00010028
C4: ENERO DEL 2026
C5: CANT. | D5: CARGO / OFICIO | E5: COSTOS | F5: PRIMA | G5: PARTICIPACIÓN | H5: FACTOR MULTIPLICADOR | I5: VALOR
E6: DE PERSONAL | F6: REGIONAL | G6: (h-mes) | I6: PARCIAL ($)
C7: COSTOS DIRECTOS DE PERSONAL
C8: PERSONAL PROFESIONAL
C9: 1 | D9: director de interventoria | E9: 9500000 | F9: 0.5 | G9: 8 | H9: =+'FM '!G49 -> 2.0079 | I9: =+E9*F9*G9*H9*C9 -> 76300200 | N9: =+E9*H9*F9 -> 9537525
C10: 1 | D10: residente de interventoria | E10: 5800000 | F10: 1 | G10: 6 | H10: =+'FM '!G49 -> 2.0079 | I10: =+E10*F10*G10*H10*C10 -> 69874920
C11: 1 | D11: residente socio -ambiental de interventoria | E11: 4500000 | F11: 1 | G11: =+$G$10 -> 6 | H11: =+'FM '!G49 -> 2.0079 | I11: =+E11*F11*G11*H11*C11 -> 54213300
C12: 1 | D12: residente SST de interventoria | E12: 2300000 | F12: 1 | G12: =+$G$10 -> 6 | H12: =+'FM '!F49 -> 2.1919 | I12: =+E12*F12*G12*H12*C12 -> 30248220
C13: PERSONAL TÉCNICO
C14: 1 | D14: Equipo de laboratorio (incluye profesional en laboratorio, ayudante y equipos) | E14: 2000000 | F14: 1 | G14: =+$G$10 -> 6 | H14: =+'FM '!E49 -> 2.1275 | I14: =+E14*F14*G14*H14*C14 -> 25530000
C15: 1 | D15: Topografo y equipos | E15: 5750000 | F15: 1 | G15: =+$G$10 -> 6 | H15: =+'FM '!G49 -> 2.0079 | I15: =+E15*F15*G15*H15*C15 -> 69272550
C16: 2 | D16: Cadenero | E16: 2090000 | F16: 1 | G16: =+$G$10 -> 6 | H16: =+'FM '!F49 -> 2.1919 | I16: =+E16*F16*G16*H16*C16 -> 54972852
C17: PERSONAL ADMINISTRATIVO
C18: 1 | D18: Secretaria | E18: 2000000 | F18: 1 | G18: 6 | H18: =+'FM '!E49 -> 2.1275 | I18: =+E18*F18*G18*H18*C18 -> 25530000
C19: 1 | D19: Asesor juridico | E19: 2500000 | F19: 0.3 | G19: 6 | H19: =+'FM '!E49 -> 2.1275 | I19: =+E19*F19*G19*H19*C19 -> 9573750
C20: PERSONAL AUXILIAR TÉCNICO
C21: OTROS COSTOS DE PERSONAL
C23: SUBTOTAL COSTOS DE PERSONAL | I23: =SUM(I9:I21) -> 4.1551579e+08
C24: CANT. | D24: CONCEPTO | E24: UNIDAD | F24: COSTO | G24: UTILIZACION | I24: VALOR
F25: ($) | I25: PARCIAL ($)
C26: OTROS COSTOS DIRECTOS
C27: VIÁTICOS
C28: COSTOS DE ALQUILER DE EQUIPOS Y OFICINA
D29: fotocopias, impresiones, carpetas etc para actas para actas, informes mensuales. | F29: 320000 | G29: =+$G$10 -> 6 | I29: =+F29*G29 -> 1920000
D30: impresiones de planos requeridos en el mes para evaluación de obra y actas e informes. | F30: 360000 | G30: =+$G$10 -> 6 | I30: =+F30*G30 -> 2160000
D31: Energia | F31: 70000 | G31: 6 | I31: =+F31*G31 -> 420000
D32: Agua | F32: 70000 | G32: 6 | I32: =+F32*G32 -> 420000
D33: Internet y telefonia | F33: 150000 | G33: 6 | I33: =+F33*G33 -> 900000
C34: OTROS COSTOS
D35: Alquiler Camioneta (Incluye: conductor y combustible) | E35: mes | F35: 7500000 | G35: =+$G$10 -> 6 | I35: =+F35*G35 -> 45000000
D36: Ensayos en control de calidad para materiales granulares | E36: und | F36: 1 | H36: =SUM(I37:I41) -> 9143000 | I36: =+F36*H36 -> 9143000
D37: GRANULOMETRÍA | E37: und | F37: 41 | H37: 60000 | I37: =+F37*H37 -> 2460000
D38: LIMTE LIQUIDO | E38: und | F38: 41 | H38: 24000 | I38: =+F38*H38 -> 984000
D39: ÍNDICE DE PLASTICIDAD | E39: und | F39: 41 | H39: 24000 | I39: =+F39*H39 -> 984000
D40: EQUIVALENTE DE ARENA | E40: und | F40: 41 | H40: 60000 | I40: =+F40*H40 -> 2460000
D41: ENSAYO MODIFICADO DE COMPACTACIÓN | E41: und | F41: 41 | H41: 55000 | I41: =+F41*H41 -> 2255000
D42: Ensayos en control de calidad para concretos | E42: und | F42: 1 | H42: =SUM(I43:I45) -> 1440000 | I42: =+F42*H42 -> 1440000
D43: CONCRETO RESISTENCIA 21 MPA CLASE D (PARA OBRAS MENORES) | E43: und | F43: 30 | H43: 16000 | I43: =+F43*H43 -> 480000
D44: PAVIMENTO EN CONCRETO HIDRAULICO | E44: und | F44: 30 | H44: 16000 | I44: =+F44*H44 -> 480000
D45: CONCRETO RESISTENCIA 21 MPA CLASE D (PARA BERMA CUNETA) | E45: und | F45: 30 | H45: 16000 | I45: =+F45*H45 -> 480000
C47: SUBTOTAL OTROS COSTOS DIRECTOS | I47: =SUM(I29:I35)+I36+I42 -> 61403000
C48: SUBTOTAL COSTOS BASICOS | I48: =+I47+I23 -> 4.7691879e+08
C49: PROVISION FRENTE ADICIONAL
C50: VALOR TOTAL BASICO | I50: =+I48 -> 4.7691879e+08
C51: IVA = 19% | I51: =ROUND(+I50*0.19,0) -> 90614570
C52: COSTO TOTAL | I52: =+I50+I51 -> 567533362
D56: VICTOR JULIO GUAYAMBUCO QUINTERO
D57: INGENIERO CIVIL
D58: Matrícula Profesional No.: 252021-16054 CND

Sheet FM 
B2: FACTOR MULTIPLICADOR
B3: ENERO DEL 2026
B4: =+'PRESUPUESTO GENERAL'!A2 -> MEJORAMIENTO DE VIAS RURALES EN EL MUNICIPIO DE COTA CUNDINAMARCA BPIN 2025I00010028
B7: ÍTEM | C7: DESCRICIÓN | E7: < 2 SMMLV | F7: < 2 SMMLV | G7: > 2 SMMLV
E8: DE OFICINA | F8: DE CAMPO | G8: DE CAMPO
B10: A | C10: SALARIO BÁSICO | E10: 1 | F10: 1 | G10: 1
B11: B | C11: PRESTACIONES SOCIALES | E11: =SUM(E12:E15) -> 0.2183 | F11: =SUM(F12:F15) -> 0.2183 | G11: =SUM(G12:G15) -> 0.1766
C12: Primas de Servicio | D12: (A/12) | E12: 0.0833 | F12: 0.0833 | G12: 0.0833
C13: Cesantías | D13: (A/12) | E13: 0.0833 | F13: 0.0833 | G13: 0.0833
C14: Intereses sobre cesantías | D14: (A*12%) | E14: 0.01 | F14: 0.01 | G14: 0.01
C15: Dotación de ley | E15: 0.0417 | F15: 0.0417
B16: C | C16: SISTEMA DE SEGURIDAD SOCIAL INTEGRAL | E16: =SUM(E17:E19) -> 0.2102 | F16: =SUM(F17:F19) -> 0.2746 | G16: =SUM(G17:G19) -> 0.2746
C17: Salud | D17: A% | E17: 0.085 | F17: 0.085 | G17: 0.085
C18: Riesgos Profesionales | D18: A% | E18: 0.0052 | F18: 0.0696 | G18: 0.0696
C19: Pensiones | D19: A% | E19: 0.12 | F19: 0.12 | G19: 0.12
B20: D | C20: OTROS | E20: =SUM(E21:E28) -> 0.319 | F20: =SUM(F21:F28) -> 0.319 | G20: =SUM(G21:G28) -> 0.1767
C21: CAJA DE COMPENSACIÓN | D21: %A | E21: 0.04 | F21: 0.04 | G21: 0.04
C22: SENA | D22: %A | E22: 0.02 | F22: 0.02 | G22: 0.02
C23: ICBF | D23: %A | E23: 0.03 | F23: 0.03 | G23: 0.03
C24: Vacaciones | D24: (15/360*100) | E24: 0.0417 | F24: 0.0417 | G24: 0.0417
C25: Ausencias injustificadas | D25: %A | E25: 0.01 | F25: 0.01 | G25: 0.01
C26: Auxilio de transporte | D26: %A | E26: 0.1423 | F26: 0.1423
C27: Indemnizaciones | D27: %A | E27: 0.01 | F27: 0.01 | G27: 0.01
C28: Aportes FIC | D28: %A | E28: 0.025 | F28: 0.025 | G28: 0.025
C29: SUB-TOTAL B + C | E29: =+E11+E16 -> 0.4285 | F29: =+F11+F16 -> 0.4929 | G29: =+G11+G16 -> 0.4512
C30: SUB-TOTAL A + B + C + D | E30: =+E10+E11+E16+E20 -> 1.7475 | F30: =+F10+F11+F16+F20 -> 1.8119 | G30: =+G10+G11+G16+G20 -> 1.6279
B31: ÍTEM | C31: DESCRIPCIÓN | G31: %
B32: E | C32: COSTOS INDIRECTOS
B33: E2 | C33: GASTOS LEGALES Y DE ADMINISTRACION | E33: =+E34++E35+E36+E37+E38+E40+E41+E43 -> 0.09 | F33: =+F34++F35+F36+F37+F38+F40+F41+F43 -> 0.09 | G33: =+G34++G35+G36+G37+G38+G40+G41+G43 -> 0.09
C34: Alquiler oficina, muebles, equipo de oficina. | E34: 0.01 | F34: 0.01 | G34: 0.01
C35: Mantenimiento de oficinas | E35: 0.015 | F35: 0.015 | G35: 0.015
C36: Capacitación personal | E36: 0.01 | F36: 0.01 | G36: 0.01
C37: Gastos de viaje | E37: 0.005 | F37: 0.005 | G37: 0.005
C38: Depreciación | E38: 0.01 | F38: 0.01 | G38: 0.01
C39: Gastos directos no reembolsables
C40: Gastos bancarios y costos financieros | E40: 0 | F40: 0 | G40: 0
C41: Vigilancia y aseo | E41: 0.02 | F41: 0.02 | G41: 0.02
C42: Salarios y prestaciones no reembolsables
C43: Personal técnico no facturable | E43: 0.02 | F43: 0.02 | G43: 0.02
B44: E3 | C44: IMPREVISTOS | E44: 0.05 | F44: 0.05 | G44: 0.05
C45: SUB-TOTAL E1 + E2 + E3 | E45: =+E33+E44 -> 0.14 | F45: =+F33+F44 -> 0.14 | G45: =+G33+G44 -> 0.14
B46: ÍTEM | C46: DESCRIPCIÓN | G46: %
B47: F | C47: HONORARIOS (INCLUYE GASTOS CONTINGENTES) Varía entre el 10 y 40% del salario | E47: 0.24 | F47: 0.24 | G47: 0.24
C49: FACTOR MULTIPLICADOR (A + B + C + D + E + F) | E49: =+E10+E11+E16+E20+E45+E47 -> 2.1275 | F49: =+F10+F11+F16+F20+F45+F47 -> 2.1919 | G49: =+G10+G11+G16+G20+G45+G47 -> 2.0079
C50: FACTOR MULTIPLICADOR | D50: REDONDEADO | E50: =+ROUNDUP(E49,2) -> 2.13 | F50: =+ROUNDUP(F49,2) -> 2.2 | G50: =+ROUNDUP(G49,2) -> 2.01
C55: VICTOR JULIO GUAYAMBUCO QUINTERO
C56: INGENIERO CIVIL
C57: Matrícula Profesional No.: 252021-16054 CND

Sheet ENSAYOS DE CALIDAD
C3: ENSAYOS PARA CONTROL DE CALIDAD EN MATERIALES GRANULARES
C5: ENERO DEL 2026
C7: SUBBASE GRANULAR
C8: ENSAYO | E8: No DE ENSAYOS
C9: 1 | D9: GRANULOMETRÍA | E9: 33 | H9: ENSAYOS
C10: 2 | D10: LIMTE LIQUIDO | E10: 33 | H10: ENSAYOS
C11: 3 | D11: ÍNDICE DE PLASTICIDAD | E11: 33 | H11: ENSAYOS
C12: 4 | D12: EQUIVALENTE DE ARENA | E12: 33 | H12: ENSAYOS
C13: 5 | D13: ENSAYO MODIFICADO DE COMPACTACIÓN | E13: 33 | H13: ENSAYOS
C15: AFIRMADO
C16: ENSAYO | E16: No DE ENSAYOS
C17: 1 | D17: GRANULOMETRÍA | E17: 8 | H17: ENSAYOS
C18: 2 | D18: LIMTE LIQUIDO | E18: 8 | H18: ENSAYOS
C19: 3 | D19: ÍNDICE DE PLASTICIDAD | E19: 8 | H19: ENSAYOS
C20: 4 | D20: EQUIVALENTE DE ARENA | E20: 8 | H20: ENSAYOS
C21: 5 | D21: ENSAYO MODIFICADO DE COMPACTACIÓN | E21: 8 | H21: ENSAYOS
D24: ENSAYO | E24: DESCRIPCION | F24: CANTIDAD | G24: VR UNITARIO | I24: VR PARCIAL
D25: =+D9 -> GRANULOMETRÍA | E25: SUB BASE Y CONFORMACION DE LA CALZADA | F25: =+E9+E17 -> 41 | G25: 60000 | I25: =G25*F25 -> 2460000
D26: =+D10 -> LIMTE LIQUIDO | E26: SUB BASE Y CONFORMACION DE LA CALZADA | F26: =+E10+E18 -> 41 | G26: 24000 | I26: =G26*F26 -> 984000
D27: =+D11 -> ÍNDICE DE PLASTICIDAD | E27: SUB BASE Y CONFORMACION DE LA CALZADA | F27: =+E11+E19 -> 41 | G27: 24000 | I27: =G27*F27 -> 984000
D28: =+D12 -> EQUIVALENTE DE ARENA | E28: SUB BASE Y CONFORMACION DE LA CALZADA | F28: =+E12+E20 -> 41 | G28: 60000 | I28: =G28*F28 -> 2460000
D29: =+D13 -> ENSAYO MODIFICADO DE COMPACTACIÓN | E29: SUB BASE Y CONFORMACION DE LA CALZADA | F29: =+E13+E21 -> 41 | G29: 55000 | I29: =G29*F29 -> 2255000
D30: VR TOTAL DE ENSAYOS DE CONTROL DE CALIDAD PARA MATERIALES GRANULARES | I30: =SUM(I25:I29) -> 9143000
C35: ENSAYOS PARA CONTROL DE CALIDAD PARA CONCRETOS
C38: CONCRETO RESISTENCIA 21 MPA CLASE D (PARA OBRAS MENORES)
C39: ENSAYO | E39: VOLUMEN (m3) | F39: CONTROL (m3) | G39: No DE ENSAYOS
C40: 1 | D40: RESISTENCIA A LA COMPRESIÓN | E40: M3 | F40: 40 | G40: 30 | H40: ENSAYOS
C42: PAVIMENTO EN CONCRETO HIDRAULICO
C43: ENSAYO | E43: VOLUMEN (m3) | F43: CONTROL (m3) | G43: No DE ENSAYOS
C44: 1 | D44: RESISTENCIA A LA COMPRESIÓN | E44: 0 | F44: 40 | G44: 30 | H44: ENSAYOS
C46: CONCRETO RESISTENCIA 21 MPA CLASE D (PARA BERMA CUNETA)
C47: ENSAYO | E47: VOLUMEN (m3) | F47: CONTROL (m3) | G47: No DE ENSAYOS
C48: 1 | D48: RESISTENCIA A LA COMPRESIÓN | E48: M3 | F48: 40 | G48: 30 | H48: ENSAYOS
D53: DESCRIPCIÓN | E53: ENSAYO | F53: CANTIDAD | G53: VR UNITARIO | I53: VR PARCIAL
D54: =+C38 -> CONCRETO RESISTENCIA 21 MPA CLASE D (PARA OBRAS MENORES) | E54: =+D40 -> RESISTENCIA A LA COMPRESIÓN | F54: =+G40 -> 30 | G54: 16000 | I54: =G54*F54 -> 480000
D55: =+C42 -> PAVIMENTO EN CONCRETO HIDRAULICO | E55: RESISTENCIA A LA COMPRESIÓN | F55: 30 | G55: =+G54 -> 16000 | I55: =G55*F55 -> 480000
D56: =+C46 -> CONCRETO RESISTENCIA 21 MPA CLASE D (PARA BERMA CUNETA) | E56: RESISTENCIA A LA COMPRESIÓN | F56: 30 | G56: 16000 | I56: =G56*F56 -> 480000
D57: VR TOTAL DE ENSAYOS PARA CONTROL DE CALIDAD DE CONCRETOS | I57: =SUM(I54:I56) -> 1440000
D58: VR TOTAL ENSAYOS DE CONTROL Y CALIDAD | I58: =+I57+I30 -> 10583000
E67: BPIN 2025I00010028

Sheet M.C 1.1
E3: MEMORIA DE CÁLCULO DE CANTIDADES DE OBRA
C6: OBJETO DEL CONTRATO
C7: =+PORTADA!A16 -> MEJORAMIENTO DE VIAS RURALES EN EL MUNICIPIO DE COTA CUNDINAMARCA BPIN 2025I00010028
C10: ENERO DEL 2026
Q11: ITEM | T11: 1.1
C13: =+'PRESUPUESTO GENERAL'!C9 -> Excavaciones varias en material común en seco. 0 - 2 m (Incluye Transporte) | N13: LONGITUD (M) | Q13: ANCHO (M) | T13: ALTO (M) | W13: VOLUMEN TOTAL (M3)
C14: VOLUMEN DE CORTE POR CARTERA TOPOGRAFICA TRAMO 1 | W14: 13.33
C15: VOLUMEN DE CORTE POR CARTERA TOPOGRAFICA TRAMO 2 | W15: 22.61
C16: VOLUMEN DE CORTE POR CARTERA TOPOGRAFICA TRAMO 3 | W16: 75.49
C17: VOLUMEN DE CORTE POR CARTERA TOPOGRAFICA TRAMO 4 | W17: 53.4
C18: VOLUMEN DE CORTE POR CARTERA TOPOGRAFICA TRAMO 5 | W18: 48.29
C19: VOLUMEN DE CORTE POR CARTERA TOPOGRAFICA TRAMO 6 | W19: 18.14
C20: VOLUMEN DE CORTE POR CARTERA TOPOGRAFICA TRAMO 7 | W20: 140.39
C21: VOLUMEN DE CORTE POR CARTERA TOPOGRAFICA TRAMO 8 | W21: 54.31
C22: VOLUMEN DE CORTE POR CARTERA TOPOGRAFICA TRAMO 9 | W22: 92.88
C23: VOLUMEN DE CORTE POR CARTERA TOPOGRAFICA TRAMO 10 | W23: 26.28
C24: VOLUMEN DE CORTE POR CARTERA TOPOGRAFICA TRAMO 11 | W24: 13.33
C25: VOLUMEN DE CORTE POR CARTERA TOPOGRAFICA TRAMO 12 | W25: 39.32
... C29: VOLUMEN DE CORTE POR CARTERA TOPOGRAFICA TRAMO 16 | W29: 62.33
C31: Las cantidades pueden validarse en las carteras topógraficas y en el diseño geométrico de la vía
C32: TOTAL | W32: =ROUND(SUM(W14:W30),0) -> 1069
C34: FOTOGRAFÍA 1-2-3-4 TRAMO | O34: FOTOGRAFÍA 9-10-11-12
C45: FOTOGRAFÍA 5-6-7-8 | O45: FOTOGRAFÍA 13-14-15-16

Sheet M.C 1.2
E3: MEMORIA DE CÁLCULO DE CANTIDADES DE OBRA
C6: OBJETO DEL CONTRATO
C7: =+PORTADA!A16 -> MEJORAMIENTO DE VIAS RURALES EN EL MUNICIPIO DE COTA CUNDINAMARCA BPIN 2025I00010028
C10: ENERO DEL 2026
O12: ITEM | R12: 1.2 | T12: UND | X12: M2
C14: =+'PRESUPUESTO GENERAL'!C10 -> Conformación de la calzada existente | N14: LONGITUD (M) | Q14: ANCHO (M) | T14: ALTO (M) | W14: TOTAL
C15: VÍA TRAMO 1 - 7 - 9 - 10 - 11 - 12 | N15: 893.67 | Q15: =3.4 -> 3.4 | W15: =+N15*Q15 -> 3038.478
C16: VÍA TRAMO 2 - 4 - 5 - 8 - 13 - 14 - 15 - 16 | N16: 663.9 | Q16: 6.4 | W16: =+N16*Q16 -> 4248.96
C17: VÍA TRAMO 3 | N17: 191.79 | Q17: 4 | W17: =+N17*Q17 -> 767.16
C18: VÍA TRAMO 6 | N18: 84.95 | Q18: 3 | W18: =+N18*Q18 -> 254.85
C21: TOTAL | W21: =ROUND(SUM(W15:Z20),0) -> 8309
C23: FOTOGRAFÍA | O23: FOTOGRAFÍA
C34: FOTOGRAFÍA

Sheet M.C 1.3
E3: MEMORIA DE CÁLCULO DE CANTIDADES DE OBRA
C6: OBJETO DEL CONTRATO
C7: =+PORTADA!A16 -> MEJORAMIENTO DE VIAS RURALES EN EL MUNICIPIO DE COTA CUNDINAMARCA BPIN 2025I00010028
C10: ENERO DEL 2026
O11: ITEM | R11: 1.3 | T11: UND | X11: M3
C13: =+'PRESUPUESTO GENERAL'!C11 -> Subbase Granular Clase C. | N13: LONGITUD (M) | Q13: ANCHO (M) | T13: ALTO (M) | W13: TOTAL
C14: VÍA TRAMO 1 - 7 - 9 - 10 - 11 - 12 | N14: 893.67 | Q14: 3 | T14: 0.15 | W14: =+N14*Q14*T14 -> 402.1515
C15: VÍA TRAMO 2 - 4 - 5 - 8 - 13 - 14 - 15 - 16 | N15: 663.9 | Q15: 6 | T15: 0.15 | W15: =+N15*Q15*T15 -> 597.51
C16: VÍA TRAMO 2 - 4 - 5 - 8 - 13 - 14 - 15 - 16 | N16: 663.9 | Q16: 0.0358 | W16: =+N16*Q16 -> 23.76762
C17: VÍA TRAMO 3 | N17: 191.79 | Q17: 3.6 | T17: 0.15 | W17: =+N17*Q17*T17 -> 103.5666
C18: VÍA TRAMO 6 | N18: 84.95 | Q18: 2.6 | T18: 0.15 | W18: =+N18*Q18*T18 -> 33.1305
C23: TOTAL | W23: =ROUND(SUM(W14:Z22),0) -> 1160
C25: FOTOGRAFÍA | O25: FOTOGRAFÍA

Sheet M.C 1.4
E3: MEMORIA DE CÁLCULO DE CANTIDADES DE OBRA
L5: =+N14+N16+N17 -> 1170.41
C6: OBJETO DEL CONTRATO
C7: =+PORTADA!A16 -> MEJORAMIENTO DE VIAS RURALES EN EL MUNICIPIO DE COTA CUNDINAMARCA BPIN 2025I00010028
C10: ENERO DEL 2026
O11: ITEM | R11: 1.4 | T11: UND | X11: M3
C13: =+'PRESUPUESTO GENERAL'!C12 -> Afirmado | N13: LONGITUD (M) | Q13: ANCHO (M) | T13: ALTO (M) | W13: TOTAL
C14: VÍA TRAMO 1 - 7 - 9 - 10 - 11 - 12 | N14: 893.67 | Q14: =+'M.C 1.2'!Q15:S15 -> 3.4 | T14: 0.3 | W14: =+N14*Q14*T14 -> 911.5434
C15: VÍA TRAMO 2 - 4 - 5 - 8 - 13 - 14 - 15 - 16 | N15: 663.9 | Q15: =+'M.C 1.2'!Q16:S16 -> 6.4 | T15: 0.3 | W15: =+N15*Q15*T15 -> 1274.688
C16: VÍA TRAMO 3 | N16: 191.79 | Q16: 4 | T16: 0.3 | W16: =+N16*Q16*T16 -> 230.148
C17: VÍA TRAMO 6 | N17: 84.95 | Q17: 3 | T17: 0.3 | W17: =+N17*Q17*T17 -> 76.455
C22: TOTAL | W22: =ROUND(SUM(W14:Z21),0) -> 2493
C24: FOTOGRAFÍA | O24: FOTOGRAFÍA
IU27: =110+92+192+68+88.5+85+127+36+96+193.5+89+280+148+39+125+69 -> 1838
C35: FOTOGRAFÍA

Sheet M.C 1.5
E3: MEMORIA DE CÁLCULO DE CANTIDADES DE OBRA
K5: 191.79
C6: OBJETO DEL CONTRATO
C7: =+PORTADA!A16 -> MEJORAMIENTO DE VIAS RURALES EN EL MUNICIPIO DE COTA CUNDINAMARCA BPIN 2025I00010028
C10: ENERO DEL 2026
O11: ITEM | R11: 1.5 | T11: UND | X11: M3
C13: =+'PRESUPUESTO GENERAL'!C13 -> Pavimento de concreto hidraulico módulo de rotura 3.8 MPa | N13: LONGITUD (M) | Q13: ANCHO (M) | T13: ALTO (M) | W13: TOTAL
C14: VÍA TRAMO 1 - 7 - 9 - 10 - 11 - 12 | N14: 893.67 | Q14: 3 | T14: 0.2 | W14: =+N14*Q14*T14 -> 536.202 | IU14: 893.67 | IV14: =+IU14/$IU$18 -> 0.48719682 | IW14: 3 | IX14: =+IV14*IW14 -> 1.4615905
C15: VÍA TRAMO 2 - 4 - 5 - 8 - 13 - 14 - 15 - 16 | N15: 663.9 | Q15: 5 | T15: 0.2 | W15: =+N15*Q15*T15 -> 663.9 | IU15: 663.9 | IV15: =+IU15/$IU$18 -> 0.36193446 | IW15: 5 | IX15: =+IV15*IW15 -> 1.8096723
C16: VÍA TRAMO 3 | N16: 191.79 | Q16: 3.6 | T16: 0.2 | W16: =+N16*Q16*T16 -> 138.0888 | IU16: 191.79 | IV16: =+IU16/$IU$18 -> 0.10455703 | IW16: 3.6 | IX16: =+IV16*IW16 -> 0.3764053
C17: VÍA TRAMO 6 | N17: 84.95 | Q17: 2.6 | T17: 0.2 | W17: =+N17*Q17*T17 -> 44.174 | IU17: 84.95 | IV17: =+IU17/$IU$18 -> 0.046311692 | IW17: 2.6 | IX17: =+IV17*IW17 -> 0.1204104
IU18: =SUM(IU14:IU17) -> 1834.31 | IV18: =SUM(IV14:IV17) -> 1 | IW18: =+(IW14+IW15+IW16+IW17)/4 -> 3.55 | IX18: =SUM(IX14:IX17) -> 3.7680785
C22: TOTAL | W22: =ROUND(SUM(W14:Z21),0) -> 1382
C24: FOTOGRAFÍA | O24: FOTOGRAFÍA
C35: FOTOGRAFÍA

Sheet M.C 1.6
E3: MEMORIA DE CÁLCULO DE CANTIDADES DE OBRA
C6: OBJETO DEL CONTRATO
C7: =+PORTADA!A16 -> MEJORAMIENTO DE VIAS RURALES EN EL MUNICIPIO DE COTA CUNDINAMARCA BPIN 2025I00010028
C10: ENERO DEL 2026
O11: ITEM | R11: 1.6 | T11: UND | X11: M3
C13: =+'PRESUPUESTO GENERAL'!C14 -> Concreto clase C (210 kg/cm2 ó 3000 PSI) | N13: LONGITUD (M) | Q13: AREA M2 | T13: CANT | W13: TOTAL
C14: VÍA TRAMO 1 - 7 - 9 - 10 - 11 - 12 | N14: 893.67 | Q14: 0.10375 | T14: 2 | W14: =+N14*Q14*T14 -> 185.43653
C15: VÍA TRAMO 2 - 4 - 5 - 8 - 13 - 14 - 15 - 16 | N15: 663.9 | Q15: 0.17875 | T15: 2 | W15: =+N15*Q15*T15 -> 237.34425 | IT15: =+N14+N16+N17 -> 1170.41
C16: VÍA TRAMO 3 | N16: 191.79 | Q16: 0.10375 | T16: 2 | W16: =+N16*Q16*T16 -> 39.796425
C17: VÍA TRAMO 6 | N17: 84.95 | Q17: 0.10375 | T17: 2 | W17: =+N17*Q17*T17 -> 17.627125
C19: ALCANTARILLAS | N19: CANT. | Q19: VOL. M3
C20: ALCANTARILLAS | N20: 5 | Q20: 10.4 | W20: =+N20*Q20 -> 52
C22: DISIPADORES - CANALES | N22: LONG. | Q22: ANCHO | T22: ALTO
C23: DISIPADORES - CANALES | N23: 80 | Q23: 2.3 | T23: 0.15 | W23: =+N23*Q23*T23 -> 27.6
C26: TOTAL | W26: =ROUND(SUM(W14:Z25),0) -> 560
C28: FOTOGRAFÍA | O28: FOTOGRAFÍA
C39: FOTOGRAFÍA | O39: FOTOGRAFÍA

Sheet M.C 1.7
E3: MEMORIA DE CÁLCULO DE CANTIDADES DE OBRA
C6: OBJETO DEL CONTRATO
C7: =+PORTADA!A16 -> MEJORAMIENTO DE VIAS RURALES EN EL MUNICIPIO DE COTA CUNDINAMARCA BPIN 2025I00010028
C10: ENERO DEL 2026
O11: ITEM | R11: 1.7 | T11: UND | X11: M
C13: =+'PRESUPUESTO GENERAL'!C15 -> Elaboración de juntas de construcción ( incluye corte, limpieza, polímero y sellador de junta) | N13: LONGITUD (M) | Q13: ANCHO (M) | T13: CANT | W13: TOTAL
C14: VÍA TRAMO 1 - 7 - 9 - 10 - 11 - 12 (transversales) | N14: 3 | T14: =+'M.C 1.5'!N14/3+6 -> 303.89 | W14: =+N14*T14 -> 911.67
C15: VÍA TRAMO 6 (transversales) | N15: 2.6 | T15: =+'M.C 1.5'!N17/2.5+1 -> 34.98 | W15: =+N15*T15 -> 90.948
C16: VÍA TRAMO 3 (transversales) | N16: 3.6 | T16: =+ROUND('M.C 1.5'!N16/2.5,0)+1 -> 78 | W16: =+N16*T16 -> 280.8
C17: VÍA TRAMO 3 (long) | N17: 192 | T17: 1 | W17: =+N17*T17 -> 192
C18: VÍA TRAMO 2 - 4 - 5 - 8 - 13 - 14 - 15 - 16 (transversales) | N18: 5 | T18: =ROUND('M.C 1.5'!N15/3,0)+8 -> 229 | W18: =+N18*T18 -> 1145
C19: VÍA TRAMO 2 - 4 - 5 - 8 - 13 - 14 - 15 - 16 (long) | N19: 663.9 | T19: =+ROUND('M.C 1.5'!N19/2.5,0)+1 -> 1 | W19: =+N19*T19 -> 663.9
C22: TOTAL | W22: =ROUND(SUM(W14:Z21),0) -> 3284
C24: FOTOGRAFÍA

Sheet M.C 1.8
E3: MEMORIA DE CÁLCULO DE CANTIDADES DE OBRA
C6: OBJETO DEL CONTRATO
C7: =+PORTADA!A16 -> MEJORAMIENTO DE VIAS RURALES EN EL MUNICIPIO DE COTA CUNDINAMARCA BPIN 2025I00010028
C10: ENERO DEL 2026
O11: ITEM | R11: 1.8 | T11: UND | X11: KG
C13: =+'PRESUPUESTO GENERAL'!C16 -> Acero de refuerzo de FY = 4.200 Kg/cm 2 (60.000 PSI). | N13: LONGITUD + TRASLAPO (M) | Q13: CANT | T13: PESO KG | W13: TOTAL
C14: CUNETA LONG TRAMO 2 - 4 - 5 - 8 - 13 - 14 - 15 - 16 | N14: 1482.7078 | Q14: 10 | T14: 0.99 | W14: =+N14*Q14*T14 -> 14678.807 | IT14: 663.9 | IU14: =+IT14*2 -> 1327.8
C15: CUNETA TRANSV TRAMO 2 - 4 - 5 - 8 - 13 - 14 - 15 - 16 | N15: 1 | Q15: =+(ROUND('M.C 1.5'!N15/0.2,0)+1)*2 -> 6642 | T15: 0.56 | W15: =+N15*Q15*T15 -> 3719.52
C16: CUNETA BORDILLO LONG TRAMO 1 - 7 - 9 - 10 - 11 - 12 - 3 - 6 | N16: 3446.1552 | Q16: 6 | T16: 1 | W16: =+N16*Q16*T16 -> 20676.931
C17: CUNETA BORDILLO TRANSV TRAMO 1 - 7 - 9 - 10 - 11 - 12 - 3 -6 | N17: 0.5 | Q17: =ROUND(('M.C 1.6'!N14+'M.C 1.6'!N16+'M.C 1.6'!N17)/0.2,0)*2+8 -> 11712 | T17: 0.56 | W17: =+N17*Q17*T17 -> 3279.36
C18: CANASTILLA PVTO | Q18: =+ROUND('M.C 1.7'!T14+'M.C 1.7'!T15+'M.C 1.7'!T16+'M.C 1.7'!T18,0) -> 646 | T18: 48.24228 | W18: =+Q18*T18 -> 31164.513
C19: BARRAS ANCLAJE | N19: 0.85 | Q19: =+ROUND(('M.C 1.7'!N17+'M.C 1.7'!N19)/1.2,0) -> 713 | T19: 0.99 | W19: =+N19*Q19*T19 -> 599.9895 | IU19: 645.87
N20: AREA M2
C21: LOSAS IRREGULARES AREAS DE POZOS DE INSPECCIÓN | N21: =30*3*3 -> 270 | Q21: 10 | T21: 0.99 | W21: =+N21*Q21*T21 -> 2673
C23: ACERO DE REFUERZO PARA ALCANTARILLAS | Q23: 4 | T23: 578.9 | W23: =+Q23*T23 -> 2315.6
C25: ACERO DE REFUERZO PARA DISIPADORES - CANALES | Q25: 80 | T25: 40.65 | W25: =+Q25*T25 -> 3252
C29: TOTAL | W29: =ROUND(SUM(W14:Z28),0) -> 82360
C31: FOTOGRAFÍA | O31: FOTOGRAFÍA

Sheet M.C 2.1
E3: MEMORIA DE CÁLCULO DE CANTIDADES DE OBRA
C6: OBJETO DEL CONTRATO
C7: =+PORTADA!A16 -> MEJORAMIENTO DE VIAS RURALES EN EL MUNICIPIO DE COTA CUNDINAMARCA BPIN 2025I00010028
C10: ENERO DEL 2026
O11: ITEM | R11: 2.1 | T11: UND | X11: M3
C13: =+'PRESUPUESTO GENERAL'!C20 -> Excavaciones varias sin clasificar. (Incluye Transporte) | N13: LONGITUD (M) | Q13: ANCHO (M) | T13: ALTO (M) | W13: TOTAL
C14: FILTRO | N14: 1200 | Q14: 0.6 | T14: 1 | W14: =+N14*Q14*T14 -> 720
C16: ALCANTARILLAS
C17: ALCANTARILLAS - TUB | N17: 30 | Q17: 2 | T17: 2 | W17: =+N17*Q17*T17 -> 120
C18: ALCANTARILLAS - ENCOLE- DESCOLE | N18: 30 | Q18: 3 | T18: 2.5 | W18: =+N18*Q18*T18 -> 225
C20: METROS DISIPADORES - CANALES
C21: DISIPADORES - CANALES | N21: 80 | Q21: 0.7 | T21: 0.8 | W21: =+N21*Q21*T21 -> 44.8
C24: TOTAL | W24: =SUM(W14:Z23) -> 1109.8
C26: FOTOGRAFÍA

Sheet M.C 2.2
E3: MEMORIA DE CÁLCULO DE CANTIDADES DE OBRA
C6: OBJETO DEL CONTRATO
C7: =+PORTADA!A16 -> MEJORAMIENTO DE VIAS RURALES EN EL MUNICIPIO DE COTA CUNDINAMARCA BPIN 2025I00010028
C10: ENERO DEL 2026
O11: ITEM | R11: 2.2 | T11: UND | X11: M3
C13: =+'PRESUPUESTO GENERAL'!C21 -> Material Granular Drenante | N13: LONGITUD (M) | Q13: ANCHO (M) | T13: ALTO (M) | W13: TOTAL
C14: FILTRO | N14: 1200 | Q14: 0.6 | T14: 1 | W14: =+N14*Q14*T14 -> 720
C22: TOTAL | W22: =ROUND(SUM(W14:Z21),0) -> 720
C24: FOTOGRAFÍA

Sheet M.C 2.3
E3: MEMORIA DE CÁLCULO DE CANTIDADES DE OBRA
C6: OBJETO DEL CONTRATO
C7: =+PORTADA!A16 -> MEJORAMIENTO DE VIAS RURALES EN EL MUNICIPIO DE COTA CUNDINAMARCA BPIN 2025I00010028
C10: ENERO DEL 2026
O11: ITEM | R11: 2.3 | T11: UND | X11: M
C13: =+'PRESUPUESTO GENERAL'!C22 -> Tubería de Plástico de Diametro 100mm | N13: LONGITUD (M) | Q13: ANCHO (M) | T13: ALTO (M) | W13: TOTAL
C14: FILTRO | N14: 1200 | W14: =+N14 -> 1200
C22: TOTAL | W22: =ROUND(SUM(W14:Z21),0) -> 1200
C24: FOTOGRAFÍA

Sheet M.C 2.4
E3: MEMORIA DE CÁLCULO DE CANTIDADES DE OBRA
C6: OBJETO DEL CONTRATO
C7: =+PORTADA!A16 -> MEJORAMIENTO DE VIAS RURALES EN EL MUNICIPIO DE COTA CUNDINAMARCA BPIN 2025I00010028
C10: ENERO DEL 2026
O11: ITEM | R11: 2.4 | T11: UND | X11: M2
C13: =+'PRESUPUESTO GENERAL'!C23 -> Geotextil no tejido tipo NT2500 para separacion de suelos | N13: LONGITUD (M) | Q13: ANCHO (M) | T13: ALTO (M) | W13: TOTAL
C14: FILTRO | N14: 1200 | Q14: 3.5 | W14: =+N14*Q14 -> 4200
C22: TOTAL | W22: =ROUND(SUM(W14:Z21),0) -> 4200
C24: FOTOGRAFÍA

Sheet M.C 2.5
E3: MEMORIA DE CÁLCULO DE CANTIDADES DE OBRA
C6: OBJETO DEL CONTRATO
C7: =+PORTADA!A16 -> MEJORAMIENTO DE VIAS RURALES EN EL MUNICIPIO DE COTA CUNDINAMARCA BPIN 2025I00010028
C10: ENERO DEL 2026
O11: ITEM | R11: 2.5 | T11: UND | X11: M3
C13: =+'PRESUPUESTO GENERAL'!C24 -> Excavaciones varias sin clasificar (sin transporte) | L13: CANT | N13: VOLUMEN M3 | W13: TOTAL
C14: ALCANTARILLAS | L14: 5 | N14: 45 | W14: =+L14*N14 -> 225
C22: TOTAL | W22: =SUM(W14:Z21) -> 225
C24: FOTOGRAFÍA | O24: FOTOGRAFÍA
C35: FOTOGRAFÍA | O35: FOTOGRAFÍA

Sheet M.C 2.6
E3: MEMORIA DE CÁLCULO DE CANTIDADES DE OBRA
C6: OBJETO DEL CONTRATO
C7: =+PORTADA!A16 -> MEJORAMIENTO DE VIAS RURALES EN EL MUNICIPIO DE COTA CUNDINAMARCA BPIN 2025I00010028
C10: ENERO DEL 2026
O11: ITEM | R11: 2.6 | T11: UND | X11: M
C13: =+'PRESUPUESTO GENERAL'!C25 -> Tubería de concreto reforzado clase D, de 900 mm de diámetro interior | L13: CANT | N13: LONGITUD (M) | Q13: ANCHO (M) | T13: ALTO (M) | W13: TOTAL
C14: ALCANTARILLAS | L14: 5 | N14: 6 | W14: =+L14*N14 -> 30
C22: TOTAL | W22: =SUM(W14:Z21) -> 30
C24: FOTOGRAFÍA | O24: FOTOGRAFÍA
C35: FOTOGRAFÍA | O35: FOTOGRAFÍA

Sheet M.C 2.7
E3: MEMORIA DE CÁLCULO DE CANTIDADES DE OBRA
C6: OBJETO DEL CONTRATO
C7: =+PORTADA!A16 -> MEJORAMIENTO DE VIAS RURALES EN EL MUNICIPIO DE COTA CUNDINAMARCA BPIN 2025I00010028
C10: ENERO DEL 2026
O11: ITEM | R11: 2.7 | T11: UND | X11: M3
C13: =+'PRESUPUESTO GENERAL'!C26 -> Concreto clase F (140 kg/cm2 ó 2000 PSI) | L13: CANT | N13: LONGITUD (M) | Q13: ANCHO (M) | T13: ALTO (M) | W13: TOTAL
C14: ALCANTARILLAS TUB | L14: 5 | N14: 6 | Q14: 2 | T14: 0.08 | W14: =+N14*Q14*T14*L14 -> 4.8
C15: ALCANTARILLAS - ENCOLE- DESCOLE | L15: 10 | N15: 2 | Q15: 2 | T15: 0.08 | W15: =+N15*Q15*T15*L15 -> 3.2
C17: DISIPADORES - CANALES
C18: DISIPADORES - CANALES | N18: 80 | Q18: 1 | T18: 0.05 | W18: =+N18*Q18*T18 -> 4
C24: TOTAL | W24: =SUM(W14:Z23) -> 12
C26: FOTOGRAFÍA | O26: FOTOGRAFÍA
C37: FOTOGRAFÍA | O37: FOTOGRAFÍA

Sheet M.C 2.8
E3: MEMORIA DE CÁLCULO DE CANTIDADES DE OBRA
C6: OBJETO DEL CONTRATO
C7: =+PORTADA!A16 -> MEJORAMIENTO DE VIAS RURALES EN EL MUNICIPIO DE COTA CUNDINAMARCA BPIN 2025I00010028
C10: ENERO DEL 2026
O11: ITEM | R11: 2.8 | T11: UND | X11: M3
C13: =+'PRESUPUESTO GENERAL'!C27 -> Relleno para Estructuras con material del sitio | L13: CANT | N13: LONGITUD (M) | Q13: ANCHO (M) | T13: ALTO (M) | W13: TOTAL
C14: ALCANTARILLAS | L14: 5 | N14: 8 | Q14: 2 | T14: 0.5 | W14: =+N14*Q14*T14*L14 -> 40
C22: TOTAL | W22: =SUM(W14:Z21) -> 40
C24: FOTOGRAFÍA | O24: FOTOGRAFÍA
C35: FOTOGRAFÍA | O35: FOTOGRAFÍA

Sheet MC. 3.1
E3: MEMORIA DE CÁLCULO DE CANTIDADES DE OBRA
C6: OBJETO DEL CONTRATO
C7: =+PORTADA!A16 -> MEJORAMIENTO DE VIAS RURALES EN EL MUNICIPIO DE COTA CUNDINAMARCA BPIN 2025I00010028
C10: ENERO DEL 2026
O11: ITEM | R11: 3.1 | T11: UND | X11: M3
C13: =+'PRESUPUESTO GENERAL'!C31 -> Excavación En Zanja a mano en material común h <=2 m (Incluye Transporte) | N13: LONGITUD (M) | Q13: ANCHO (M) | T13: ALTO (M) | W13: TOTAL
C14: ESTRUCTURAS REDES DE ALCANTARILLADO SANITARIO Tub PVCcorru ext,lisa int, PS57psi, D160mm | N14: 120 | Q14: 0.5 | T14: 1.8 | W14: =+N14*Q14*T14 -> 108
C15: ESTRUCTURAS REDES DE ALCANTARILLADO SANITARIO Tub PVCcorru ext,lisa int, PS57psi, D200mm | N15: 198.55 | Q15: 0.8 | T15: 2.2 | W15: =+N15*Q15*T15 -> 349.448
C17: POZOS DE INSPECCIÓN DISEÑO ALC SANITARIO | N17: CANT | Q17: AREA M2 | T17: ALTO | W17: TOTAL
C18: POZOS DE INSPECCIÓN DISEÑO ALC SANITARIO | N18: 25 | Q18: 5.72 | T18: 2 | W18: =+N18*Q18*T18 -> 286
C23: TOTAL | W23: =ROUND(SUM(W14:Z22),0) -> 743
C25: FOTOGRAFÍA
C26: FOTOGRAFÍA

Sheet M.C 3.2
E3: MEMORIA DE CÁLCULO DE CANTIDADES DE OBRA
C6: OBJETO DEL CONTRATO
C7: =+PORTADA!A16 -> MEJORAMIENTO DE VIAS RURALES EN EL MUNICIPIO DE COTA CUNDINAMARCA BPIN 2025I00010028
C10: ENERO DEL 2026
O11: ITEM | R11: 3.2 | T11: UND | X11: M
C13: =+'PRESUPUESTO GENERAL'!C32 -> Suministro transporte e Instalación Tub PVCcorru ext,lisa int, PS57psi, D160mm | N13: LONGITUD (M) | Q13: ANCHO (M) | T13: ALTO (M) | W13: TOTAL
C14: ESTRUCTURAS REDES DE ALCANTARILLADO SANITARIO Tub PVCcorru ext,lisa int, PS57psi, D160mm | N14: 120 | W14: =+N14 -> 120
C18: TOTAL | W18: =SUM(W14:Z17) -> 120
C20: FOTOGRAFÍA

Sheet M.C 3.3
E3: MEMORIA DE CÁLCULO DE CANTIDADES DE OBRA
C6: OBJETO DEL CONTRATO
C7: =+PORTADA!A16 -> MEJORAMIENTO DE VIAS RURALES EN EL MUNICIPIO DE COTA CUNDINAMARCA BPIN 2025I00010028
C10: ENERO DEL 2026
O11: ITEM | R11: 3.3 | T11: UND | X11: M
C13: =+'PRESUPUESTO GENERAL'!C33 -> Suministro transporte e Instalación Tub PVCcorru ext,lisa int, PS57psi, D200mm | N13: LONGITUD (M) | Q13: ANCHO (M) | T13: ALTO (M) | W13: TOTAL
C14: ESTRUCTURAS REDES DE ALCANTARILLADO SANITARIO Tub PVCcorru ext,lisa int, PS57psi, D200mm | N14: 198.55 | W14: =+N14 -> 198.55
C19: TOTAL | W19: =SUM(W14:Z18) -> 198.55
C21: FOTOGRAFÍA

Sheet M.C 3.4
E3: MEMORIA DE CÁLCULO DE CANTIDADES DE OBRA
C6: OBJETO DEL CONTRATO
C7: =+PORTADA!A16 -> MEJORAMIENTO DE VIAS RURALES EN EL MUNICIPIO DE COTA CUNDINAMARCA BPIN 2025I00010028
C10: ENERO DEL 2026
O11: ITEM | R11: 3.4 | T11: UND | X11: M3
C13: =+'PRESUPUESTO GENERAL'!C34 -> Suministro, transporte e instalación material seleccionado proveniente excavación | N13: VOL M3 | Q13: % SELECCIONADO | T13: ALTO (M) | W13: TOTAL
C14: VOLUMEN EXCAVACIÓN | N14: 458 | Q14: 0.2 | W14: =+N14*Q14 -> 91.6
C20: TOTAL | W20: =SUM(W14:Z19) -> 91.6
C22: FOTOGRAFÍA
C23: FOTOGRAFÍA

Sheet M.C 3.5
E3: MEMORIA DE CÁLCULO DE CANTIDADES DE OBRA
C6: OBJETO DEL CONTRATO
C7: =+PORTADA!A16 -> MEJORAMIENTO DE VIAS RURALES EN EL MUNICIPIO DE COTA CUNDINAMARCA BPIN 2025I00010028
C10: ENERO DEL 2026
O11: ITEM | R11: 3.5 | T11: UND | X11: M3
C13: =+'PRESUPUESTO GENERAL'!C35 -> Relleno para Estructuras con recebo | N13: LONGITUD (M) | Q13: ANCHO (M) | T13: ALTO (M) | W13: TOTAL
C14: ESTRUCTURAS REDES DE ALCANTARILLADO SANITARIO Tub PVCcorru ext,lisa int, PS57psi, D160mm | N14: 120 | Q14: 0.5 | T14: 1.8 | W14: =+N14*Q14*T14 -> 108
C15: ESTRUCTURAS REDES DE ALCANTARILLADO SANITARIO Tub PVCcorru ext,lisa int, PS57psi, D200mm | N15: 198.55 | Q15: 0.8 | T15: 2.2 | W15: =+N15*Q15*T15 -> 349.448
C16: MENOS CANTIDAD ITEM 4,4 | W16: =-'M.C 3.4'!W20:Z20 -> -91.6
Q17: AREA TUBO
C18: MENOS VOL TUBERIA D160mm | N18: =+N14 -> 120 | Q18: 0.02 | W18: =-N18*Q18 -> -2.4
C19: MENOS VOL TUBERIA D200mm | N19: =+N15 -> 198.55 | Q19: 0.032 | W19: =-N19*Q19 -> -6.3536
C21: PAVIMENTO EN CONCRETO HIDRAULICO MR3.8
C22: Relleno para Estructuras con recebo
C23: CONFINAMIENTO ESPALDAR CUNETA | N23: 3676 | Q23: 0.3 | T23: 0.4 | W23: =+N23*Q23*T23 -> 441.12
C24: VOLUMEN DE LLENO POR CARTERA TOPOGRAFICA TRAMO 1 | W24: 24.38
C25: VOLUMEN DE LLENO POR CARTERA TOPOGRAFICA TRAMO 2 | W25: 15.5
C26: VOLUMEN DE LLENO POR CARTERA TOPOGRAFICA TRAMO 3 | W26: 38.01
C27: VOLUMEN DE LLENO POR CARTERA TOPOGRAFICA TRAMO 4 | W27: 5.36
C28: VOLUMEN DE LLENO POR CARTERA TOPOGRAFICA TRAMO 5 | W28: 10.49
C29: VOLUMEN DE LLENO POR CARTERA TOPOGRAFICA TRAMO 6 | W29: 7.5
C30: VOLUMEN DE LLENO POR CARTERA TOPOGRAFICA TRAMO 7 | W30: 17.07
C31: VOLUMEN DE LLENO POR CARTERA TOPOGRAFICA TRAMO 8 | W31: 9.8
C32: VOLUMEN DE LLENO POR CARTERA TOPOGRAFICA TRAMO 9 | W32: 30.68
C33: VOLUMEN DE LLENO POR CARTERA TOPOGRAFICA TRAMO 10 | W33: 25.44
C34: VOLUMEN DE LLENO POR CARTERA TOPOGRAFICA TRAMO 11 | W34: 17.06
C35: VOLUMEN DE LLENO POR CARTERA TOPOGRAFICA TRAMO 12 | W35: 62.6
... C39: VOLUMEN DE LLENO POR CARTERA TOPOGRAFICA TRAMO 16 | W39: 2.92
C41: ESTRUCTURAS DE DRENAJE
C42: Relleno para Estructuras con recebo
C43: ALCANTARILLAS - TUB CANT 4 | N43: 24 | Q43: 2 | T43: 1 | W43: =+N43*Q43*T43 -> 48
N44: CANT | Q44: VOLUMEN M3
C45: ALCANTARILLAS - ENCOLE- DESCOLE CANT 4 | N45: 4 | Q45: 21 | W45: =+N45*Q45 -> 84
C48: TOTAL | W48: =ROUND(SUM(W14:Z47),0) -> 1352
C50: FOTOGRAFÍA | O50: FOTOGRAFÍA

Sheet M.C 3.6
E3: MEMORIA DE CÁLCULO DE CANTIDADES DE OBRA
C6: OBJETO DEL CONTRATO
C7: =+PORTADA!A16 -> MEJORAMIENTO DE VIAS RURALES EN EL MUNICIPIO DE COTA CUNDINAMARCA BPIN 2025I00010028
C10: ENERO DEL 2026
O11: ITEM | R11: 3.6 | T11: UND | X11: M3
C13: =+'PRESUPUESTO GENERAL'!C36 -> Suministro, transporte e instalación cama de Arena | N13: LONGITUD (M) | Q13: ANCHO (M) | T13: ALTO (M) | W13: TOTAL
C14: ESTRUCTURAS REDES DE ALCANTARILLADO SANITARIO Tub PVCcorru ext,lisa int, PS57psi, D160mm | N14: 120 | Q14: 0.5 | T14: 0.5 | W14: =+N14*Q14*T14 -> 30
C15: ESTRUCTURAS REDES DE ALCANTARILLADO SANITARIO Tub PVCcorru ext,lisa int, PS57psi, D200mm | N15: 198.5 | Q15: 0.8 | T15: 0.5 | W15: =+N15*Q15*T15 -> 79.4
C20: TOTAL | W20: =SUM(W14:Z19) -> 109.4
C22: FOTOGRAFÍA | O22: FOTOGRAFÍA

Sheet M.C 3.7
E3: MEMORIA DE CÁLCULO DE CANTIDADES DE OBRA
C6: OBJETO DEL CONTRATO
C7: =+PORTADA!A16 -> MEJORAMIENTO DE VIAS RURALES EN EL MUNICIPIO DE COTA CUNDINAMARCA BPIN 2025I00010028
C10: ENERO DEL 2026
O11: ITEM | R11: 3.7 | T11: UND | X11: und
C13: =+'PRESUPUESTO GENERAL'!C37 -> Suministro e Instalación Silla yee PVC,alcant.,D200 x 160 mm | N13: CANT | Q13: ANCHO (M) | T13: ALTO (M) | W13: TOTAL
C14: ESTRUCTURAS REDES DE ALCANTARILLADO SANITARIO DOMICILIARIAS | N14: 12 | W14: =+N14 -> 12
C20: TOTAL | W20: =SUM(W14:Z19) -> 12
C22: FOTOGRAFÍA | O22: FOTOGRAFÍA

Sheet M.C 3.8
E3: MEMORIA DE CÁLCULO DE CANTIDADES DE OBRA
C6: OBJETO DEL CONTRATO
C7: =+PORTADA!A16 -> MEJORAMIENTO DE VIAS RURALES EN EL MUNICIPIO DE COTA CUNDINAMARCA BPIN 2025I00010028
C10: ENERO DEL 2026
O11: ITEM | R11: 3.8 | T11: UND | X11: und
C13: =+'PRESUPUESTO GENERAL'!C38 -> Caja para conexion domiciliaria alcantarillado en mampostería 0.6x0.6x0.6m | N13: CANT | Q13: ANCHO (M) | T13: ALTO (M) | W13: TOTAL
C14: ESTRUCTURAS REDES DE ALCANTARILLADO SANITARIO DOMICILIARIAS | N14: 12 | W14: =+N14 -> 12
C20: TOTAL | W20: =SUM(W14:Z19) -> 12
C22: FOTOGRAFÍA | O22: FOTOGRAFÍA

Sheet M.C 3.9
E3: MEMORIA DE CÁLCULO DE CANTIDADES DE OBRA
C6: OBJETO DEL CONTRATO
C7: =+PORTADA!A16 -> MEJORAMIENTO DE VIAS RURALES EN EL MUNICIPIO DE COTA CUNDINAMARCA BPIN 2025I00010028
C10: ENERO DEL 2026
O11: ITEM | R11: 3.9 | T11: UND | X11: und
C13: =+'PRESUPUESTO GENERAL'!C39 -> Cilindro para pozo insp en mampostería D1.20m e=0.25m | N13: CANT | Q13: LARGO (M) | T13: ALTO (M) | W13: TOTAL
C14: POZOS DE INSPECCIÓN DISEÑO ALC SANITARIO | N14: 6 | W14: =+N14 -> 6
C22: TOTAL | W22: =ROUND(SUM(W14:Z21),0) -> 6
C24: FOTOGRAFÍA

Sheet M.C 3.10
E3: MEMORIA DE CÁLCULO DE CANTIDADES DE OBRA
C6: OBJETO DEL CONTRATO
C7: =+PORTADA!A16 -> MEJORAMIENTO DE VIAS RURALES EN EL MUNICIPIO DE COTA CUNDINAMARCA BPIN 2025I00010028
C10: ENERO DEL 2026
O11: ITEM | R11: 3.10 | T11: UND | X11: und
C13: =+'PRESUPUESTO GENERAL'!C40 -> Construcción Base y cañuela | N13: CANT | Q13: ANCHO (M) | T13: ALTO (M) | W13: TOTAL
C14: POZOS DE INSPECCIÓN DISEÑO ALC SANITARIO | N14: 6 | W14: =+N14 -> 6
C22: TOTAL | W22: =SUM(W14:Z21) -> 6
C24: FOTOGRAFÍA

Sheet M.C 3.11
E3: MEMORIA DE CÁLCULO DE CANTIDADES DE OBRA
C6: OBJETO DEL CONTRATO
C7: =+PORTADA!A16 -> MEJORAMIENTO DE VIAS RURALES EN EL MUNICIPIO DE COTA CUNDINAMARCA BPIN 2025I00010028
C10: ENERO DEL 2026
O11: ITEM | R11: 3.11 | T11: UND | X11: und
C13: =+'PRESUPUESTO GENERAL'!C41 -> Suministro transporte e Instalación Cono reduc Prefabr CR 28Mpa Pozo Insp | N13: CANT | Q13: ANCHO (M) | T13: ALTO (M) | W13: TOTAL
C14: POZOS DE INSPECCIÓN DISEÑO ALC SANITARIO | N14: 6 | W14: =+N14 -> 6
C22: TOTAL | W22: =SUM(W14:Z21) -> 6
C24: FOTOGRAFÍA

Sheet M.C 3.12
E3: MEMORIA DE CÁLCULO DE CANTIDADES DE OBRA
C6: OBJETO DEL CONTRATO
C7: =+PORTADA!A16 -> MEJORAMIENTO DE VIAS RURALES EN EL MUNICIPIO DE COTA CUNDINAMARCA BPIN 2025I00010028
C10: ENERO DEL 2026
O11: ITEM | R11: 3.12 | T11: UND | X11: und
C13: =+'PRESUPUESTO GENERAL'!C42 -> Suministro transporte e Instalación Tapa tipo Convenc No Recicl.AlcantD0.67m | N13: CANT | Q13: ANCHO (M) | T13: ALTO (M) | W13: TOTAL
C14: POZOS DE INSPECCIÓN DISEÑO ALC SANITARIO | N14: 6 | W14: =+N14 -> 6
C22: TOTAL | W22: =SUM(W14:Z21) -> 6
C24: FOTOGRAFÍA

Sheet M.C 3.13
E3: MEMORIA DE CÁLCULO DE CANTIDADES DE OBRA
C6: OBJETO DEL CONTRATO
C7: =+PORTADA!A16 -> MEJORAMIENTO DE VIAS RURALES EN EL MUNICIPIO DE COTA CUNDINAMARCA BPIN 2025I00010028
C10: ENERO DEL 2026
O11: ITEM | R11: 3.13 | T11: UND | X11: M
C13: =+'PRESUPUESTO GENERAL'!C43 -> Suministro transporte e Instalación escalera de acceso en polipropileno con refuerzo interno en acero | N13: CANT | Q13: ANCHO (M) | T13: ALTO (M) | W13: TOTAL
C14: POZOS DE INSPECCIÓN DISEÑO ALC SANITARIO | N14: 6 | T14: 2 | W14: =+N14*T14 -> 12
C22: TOTAL | W22: =SUM(W14:Z21) -> 12
C24: FOTOGRAFÍA

Sheet M.C 4.1
E3: MEMORIA DE CÁLCULO DE CANTIDADES DE OBRA
C6: OBJETO DEL CONTRATO
C7: =+PORTADA!A16 -> MEJORAMIENTO DE VIAS RURALES EN EL MUNICIPIO DE COTA CUNDINAMARCA BPIN 2025I00010028
C10: ENERO DEL 2026
O11: ITEM | R11: 4.1 | T11: UND | X11: und
C13: =+'PRESUPUESTO GENERAL'!C46 -> Suministro e instalación Señal vertical de transito con lamina retrorreflectiva D 600 mm | N13: CANT | W13: TOTAL
C14: Señal vertical de tránsito reglamentaria NORMA 2024 | N14: 20 | Q14: 17 | W14: =+N14+Q14 -> 37
C22: TOTAL | W22: =SUM(W14:Z21) -> 37
C24: FOTOGRAFÍA | O24: FOTOGRAFÍA
C35: FOTOGRAFÍA | O35: FOTOGRAFÍA

Sheet M.C 4.2
E3: MEMORIA DE CÁLCULO DE CANTIDADES DE OBRA
C6: OBJETO DEL CONTRATO
C7: =+PORTADA!A16 -> MEJORAMIENTO DE VIAS RURALES EN EL MUNICIPIO DE COTA CUNDINAMARCA BPIN 2025I00010028
C10: ENERO DEL 2026
O11: ITEM | R11: 4.2 | T11: UND | X11: M
C13: =+'PRESUPUESTO GENERAL'!C47 -> Línea de Demarcación con Pintura en Frío. | N13: LONG | Q13: CANT | W13: TOTAL
C14: VÍA TRAMO 1 - 7 - 9 - 10 - 11 - 12 | N14: 893.67 | Q14: 3 | W14: =+N14*Q14 -> 2681.01
C15: VÍA TRAMO 2 - 4 - 5 - 8 - 13 - 14 - 15 - 16 | N15: 663.9 | Q15: 3 | W15: =+N15*Q15 -> 1991.7
C16: VÍA TRAMO 3 | N16: 191.79 | Q16: 3 | W16: =+N16*Q16 -> 575.37
C17: VÍA TRAMO 6 | N17: 84.95 | Q17: 3 | W17: =+N17*Q17 -> 254.85
C22: TOTAL | W22: =ROUND(SUM(W14:Z21),0) -> 5503
C24: FOTOGRAFÍA

Sheet Memoria Caracterización
E3: MEMORIA DE CÁLCULO DE CANTIDADES DE OBRA
C6: OBJETO DEL CONTRATO
C7: =+PORTADA!A16 -> MEJORAMIENTO DE VIAS RURALES EN EL MUNICIPIO DE COTA CUNDINAMARCA BPIN 2025I00010028
C10: ENERO DEL 2026
T11: UND | X11: KM
C13: Caracterización del corredor | N13: LONGITUD (KM) | Q13: ANCHO (M) | T13: ALTO (M) | W13: TOTAL
C14: VIA 1 | N14: 111 | W14: =+N14 -> 111
C15: vía 2 | N15: 192 | W15: =+N15 -> 192
C16: vía 3 | N16: 99.7 | W16: =+N16 -> 99.7
C17: vía 4 | N17: 105 | W17: =+N17 -> 105
C18: vía 5 | N18: 171 | W18: =+N18 -> 171
C19: vía 6 | N19: 83.7 | W19: =+N19 -> 83.7
C20: vía 7 | N20: 127 | W20: =+N20 -> 127
C21: vía 8 | N21: 76.1 | W21: =+N21 -> 76.1
C22: vía 9 | N22: 141 | W22: =+N22 -> 141
C23: vía 10 | N23: 197 | W23: =+N23 -> 197
C24: vía 11 | N24: 133 | W24: =+N24 -> 133
C25: vía 12 | N25: 358 | W25: =+N25 -> 358
... C29: vía 16 | N29: 56.6 | W29: =+N29 -> 56.6
C31: TOTAL | W31: =SUM(W14:Z26) -> 1950.5
C33: FOTOGRAFÍA | O33: FOTOGRAFÍA
C44: FOTOGRAFÍA | O44: FOTOGRAFÍA

Sheet MANO DE OBRA
B2: MATERIALES | C2: UNIDAD | D2: COSTO
B3: Oficial | C3: día | D3: =+D30 -> 243547
B4: Obrero | C4: día | D4: =+E30 -> 116995
B6: PROYECTO: | C6: MEJORAMIENTO DE VIAS RURALES EN EL MUNICIPIO DE COTA CUNDINAMARCA BPIN 2025I00010028
B7: FECHA: ENERO DE 2026
B9: AÑO 2026
B11: Datos Basicos año 2026 | C11: Días del año para calculos | E11: 360
C12: Subsidio Transporte 2026 | E12: 249095
C13: Salario mínimo 2026 | E13: 1750905
D15: OFICIAL | E15: OBRERO | F15: TOPOGRAFO | G15: CADENERO | H15: REGULADOR VIAL
B16: Datos Básicos | C16: Número días trabajados | D16: 30 | E16: 30 | F16: 30 | G16: 30 | H16: 30
C17: Salario Básico | D17: =+E13*2.1 -> 3676900.5 | E17: =+E13 -> 1750905 | F17: 2000000 | G17: 1000000 | H17: =E13 -> 1750905
B18: Prestaciones Sociales | C18: Subsidio de Transporte | D18: =IF(D17>$C$35,0,$E$7) -> 0 | E18: =IF(E17>$C$35,0,$E$7) -> 0 | F18: =IF(F17>$C$35,0,$E$7) -> 0 | G18: =IF(G17>$C$35,0,$E$7) -> 0 | H18: =IF(H17>$C$35,0,$E$7) -> 0
C19: Cesantías | D19: 298935 | E19: 161572 | F19: 219222 | G19: 119222 | H19: 161572
C20: Intereses cesantías | D20: =D19*1% -> 2989.35 | E20: =E19*1% -> 1615.72 | F20: =F19*1% -> 2192.22 | G20: =G19*1% -> 1192.22 | H20: =H19*1% -> 1615.72
C21: Prima | D21: =(D17+D18)/12 -> 306408.38 | E21: =(E17+E18)/12 -> 145908.75 | F21: =(F17+F18)/12 -> 166666.67 | G21: =(G17+G18)/12 -> 83333.333 | H21: =(H17+H18)/12 -> 145908.75
C22: Vacaciones | D22: =D17/2/12 -> 153204.19 | E22: =E17/2/12 -> 72954.375 | F22: =F17/2/12 -> 83333.333 | G22: =G17/2/12 -> 41666.667 | H22: =H17/2/12 -> 72954.375
C23: Dotaciones | D23: =85500*0.25 -> 21375 | E23: =85500*0.25 -> 21375 | F23: =85500*0.25 -> 21375 | G23: =85500*0.25 -> 21375 | H23: =85500*0.25 -> 21375
B24: Salud. Pension y ARP | C24: Salud | D24: =+D17*0.125 -> 459612.56 | E24: =+E17*0.125 -> 218863.12 | F24: =+F17*0.125 -> 250000 | G24: =+G17*0.125 -> 125000 | H24: =+H17*0.125 -> 218863.12
C25: Pensión | D25: =+D17*0.16 -> 588304.08 | E25: =+E17*0.16 -> 280144.8 | F25: =+F17*0.16 -> 320000 | G25: =+G17*0.16 -> 160000 | H25: =+H17*0.16 -> 280144.8
C26: SRL | D26: =+D17*0.0696 -> 255912.27 | E26: =+E17*0.0696 -> 121862.99 | F26: =+F17*0.0696 -> 139200 | G26: =+G17*0.0696 -> 69600 | H26: =+H17*0.0696 -> 121862.99
B27: Otros | C27: Descansos remunerados | D27: =+D17*0.419580210036771 -> 1542754.7 | E27: =+E17*0.419580210036771 -> 734645.09 | F27: =+F17*0.419580210036771 -> 839160.42 | G27: =+G17*0.419580210036771 -> 419580.21 | H27: =+H17*0.419580210036771 -> 734645.09
B29: Salario total mensual | D29: =SUM(D17:D27) -> 7306396 | E29: =SUM(E17:E27) -> 3509846.8 | F29: =SUM(F17:F27) -> 4041149.6 | G29: =SUM(G17:G27) -> 2040969.4 | H29: =SUM(H17:H27) -> 3509846.8
B30: Valor Jornal | D30: =ROUND((+D29/D16),0) -> 243547 | E30: =ROUND((+E29/E16),0) -> 116995 | F30: =ROUND((+F29/F16),0) -> 134705 | G30: =ROUND((+G29/G16),0) -> 68032 | H30: =ROUND((+H29/H16),0) -> 116995
B31: Valor Hora | D31: =ROUND((+D30/8),0) -> 30443 | E31: =ROUND((+E30/8),0) -> 14624 | F31: =ROUND((+F30/8),0) -> 16838 | G31: =ROUND((+G30/8),0) -> 8504 | H31: =ROUND((+H30/8),0) -> 14624
B33: CUADRILLA AA
B34: Trabajador | C34: Cantidad | E34: Salario/hora
B35: Oficial | C35: 1 | E35: =+C35*D31 -> 30443
B36: Obrero/ayudante | C36: 1 | E36: =+C36*E31 -> 14624
B37: TOTAL HORA CUADRILLA AA (Albañilería) | E37: =SUM(E35:E36) -> 45067
B40: * Tope para Subsidio Transporte | C40: =+E13*2 -> 3501810
B41: ** No se consideran los aportes patronales por concepto de parafiscales, ya que son reemplazados en el impuesto CREE.

Sheet APU BASICOS
K2: FECHA | L2: 20 | M2: 1 | N2: 2026
L3: (Día) | M3: (Mes) | N3: (Año)
B4: ANÁLISIS DE PRECIOS UNITARIOS PROYECTO “MEJORAMIENTO DE VIAS RURALES EN EL MUNICIPIO DE COTA CUNDINAMARCA BPIN 2025I00010028”
B8: DATOS ESPECÍFICOS
B10: ITEM | C10: DESCRIPCIÓN | K10: GRUPO DE AJUSTE | L10: UNIDAD | N10: CANTIDAD
B11: ITEM | C11: DESCRIPCIÓN | L11: UNIDAD | N11: CANTIDAD
A12: Unidad | C12: CONCRETO MODULO DE ROTURA 3.8 Mpa - IN SITU | L12: M3
B14: I. EQUIPO
B15: DESCRIPCIÓN | I15: TIPO | K15: TARIFA/HORA | L15: RENDIMIENTO | N15: Vr. UNITARIO
B16: Herramienta Menor (5% mano de obra) | L16: 0.05 | N16: =ROUND(N33*L16,0) -> 3445
B19: SUBTOTAL $ | N19: =ROUND(SUM(N16:N18),2) -> 3445
B20: II. MATERIALES
B21: DESCRIPCIÓN | J21: UNIDAD | K21: CANTIDAD | L21: PRECIO UNIT. | N21: Vr. UNITARIO
B23: SUBTOTAL $ | N23: =ROUND(SUM(N22:N22),0) -> 0
B24: III. TRANSPORTES
B25: MATERIAL | H25: UNIDAD | I25: CANTIDAD (1) | J25: DISTANCIA (2) | K25: (1) * (2) | L25: TARIFA | N25: Vr. UNITARIO
A26: =+#REF! -> #REF! | B26: TRANSPORTE DE MATERIAL DE EXCAVACION | H26: M3 | I26: 1.3 | J26: =+'DISTANCIA ACARREO'!D5 -> 32.5 | K26: =+I26*J26 -> 42.25 | L26: =+TRANSPORTE!D13 -> 1920 | N26: =ROUND(+K26*L26,0) -> 81120
N27: =ROUND(K27*L27,2) -> 0
B28: SUBTOTAL $ | N28: =ROUND(+N26+N27,2) -> 81120
B29: IV. MANO DE OBRA
B30: TRABAJADOR | I30: JORNAL | J30: PRESTACIONES (%) | K30: JORNAL TOTAL | L30: RENDIMIENTO | N30: Vr. UNITARIO
N31: =IFERROR(ROUND(K31/L31,2),0) -> 0
B32: Obrero (2) | I32: ='MANO DE OBRA'!D4 -> 116995 | J32: =+FP!F20 -> 1.7669 | K32: =+I32*J32 -> 206718.47 | L32: 3 | N32: =ROUND(K32/L32,0) -> 68906
B33: SUBTOTAL $ | N33: =ROUND(SUM(N31:N32),2) -> 68906
B35: TOTAL COSTO DIRECTO $ | N35: =ROUND(N19+N23+N28+N33,0) -> 153471
B39: OBSERVACIONES INTERVENTORÍA:
B45: APROBACIÓN POR INTERVENTORÍA
B46: Nota 1: Cuando se trate de Análisis de precios unitarios correspondientes a ítems de la propuesta económica aprobada, el Interventor aprueba el desglose de los componentes manteniendo el mismo precio unitario de cada ítem, cumpliendo con las especificaciones de construcción vigentes para el proyecto.
B48: Nota 2: Cuando se trate de Análisis de precios unitarios de ítems no previstos, el Interventor aprueba el desglose y precio unitario de cada ítem no previsto, exigiendo la aplicación de los costos correspondientes a insumos y tarifas de la propuesta económica inicial cuando estén contemplados, cumpliendo con las especificaciones de construcción vigente para el proyecto.
E54: Firma
E55: Nombre:
E56: Representante Legal del Interventor o su Apoderado
E57: Matricula No. :
B59: Original: Archivo de Gestión del Contrato (Subdirección Administrativa).
B60: Copias: Unidad Ejecutora, Contratista, Interventor y Dirección Territorial.

Sheet LI
B2: MATERIALES | C2: UNIDAD | D2: COSTO
B3: ENERO DEL 2026 MEJORAMIENTO DE VIAS RURALES EN EL MUNICIPIO DE COTA CUNDINAMARCA BPIN 2025I00010028
B4: Señal vertical de transito reglamentaria con lamina retrorreflectiva D 600 mm | C4: UND | D4: 564000
B5: Señal vertical de transito preventiva con lamina retrorreflectiva de 600x600 mm | C5: UND | D5: 564000
B6: escalera polipropileno con refuerzo interno en acero | C6: UND | D6: 367120
B7: Tapa tipo Convenc No Recicl.AlcantD0.67m | C7: UND | D7: 462500
B8: Cono reduc Prefabr CR 28Mpa Pozo Insp | C8: UND | D8: 652360
B9: Concreto premezclado MR 3.8 | C9: m3 | D9: 839400
B10: Acero PDR-60 | C10: kg | D10: 6488
B11: Agregado Triturado | C11: m3 | D11: 106720
B12: Agua | C12: lt | D12: 139.2
B13: Alambre Negro Para Amarre | C13: kg | D13: 8584
B14: Antisol blanco (presentación 20 kg) | C14: kg | D14: 29696
B15: Arena de concreto | C15: m3 | D15: 104400
... B25: Material de Recebo Para Relleno | C25: m3 | D25: 95000
B26: Material de Sub Base CBR=40% - Clase C | C26: m3 | D26: 96000 | F26: 41554
B27: Material drenante 3" | C27: m3 | D27: 85690
B28: Material pára solado atraque | C28: m3 | D28: 62100
B29: Mortero 1:3 Para Anillos | C29: m3 | D29: 429147
B30: Pintura en frio | C30: M | D30: 6000
B31: Piedra para concreto ciclópeo (rajón o canto rodado) | C31: m3 | D31: 86200
B32: Sello de silicona o sellador autonivelante | C32: m | D32: 4200
B33: tolete macizo | C33: UND | D33: 1200
B34: Tubo concreto reforzado 900mm (tipo 1) | C34: m | D34: 954650
B35: Tubería de Plástico de Diametro 100mm | C35: m | D35: 22500
B36: Union pvc drenaje de 100 mm | C36: und | D36: 6246

Sheet EQUIPOS
B2: EQUIPO | C2: UNIDAD | D2: TARIFA
B3: ENERO DEL 2026 MEJORAMIENTO DE VIAS RURALES EN EL MUNICIPIO DE COTA CUNDINAMARCA BPIN 2025I00010028
B4: Equipo de computo con software o licencia | C4: hora | D4: 23500
B5: Equipo de topografía | C5: hora | D5: 36250
B6: Cortadora de pavimento, Máxima profundidad de corte: 160 mm. Capacidad de disco: desde 12´´ hasta 18´´ de diámetro. Peso operacional: 135 kg, 13.5 hp de potencia | C6: hora | D6: 25700
B7: Aspersor manual de 20 litros | C7: hora | D7: 3100
B8: Carrotanque de agua (1000 Galones) | C8: hora | D8: 120000
B9: Cizalla manual de 90 cm. | C9: hora | D9: 6500
B10: Compactador manual (SALTARIN) | C10: hora | D10: 15479
B11: Compresor (barrido y soplado) | C11: hora | D11: 75000
B12: Compresor 120 HP, con martillo. | C12: hora | D12: 120000
B13: Equipo de Oxicorte Capacidad de corte hasta 6" | C13: hora | D13: 6500
B14: equipo topografía | C14: hora | D14: 36250
B15: Hidrolavadora | C15: hora | D15: 2500
... B24: Volqueta 6 m3 | C24: hora | D24: 95000

Sheet TRANSPORTE
B2: EQUIPO | C2: UNIDAD | D2: TARIFA
B3: ENERO DEL 2026 MEJORAMIENTO DE VIAS RURALES EN EL MUNICIPIO DE COTA CUNDINAMARCA BPIN 2025I00010028
B4: Transporte Señales de transito | C4: Ton/km | D4: 1920
B5: Transporte Escalera Propileno | C5: Ton/km | D5: 1920
B6: Transporte Tapa Alcant. | C6: Ton/km | D6: 1920
B7: Transporte Cono Pref. | C7: Ton/km | D7: 1920
B8: Transporte Tuberia Pvc | C8: Ton/km | D8: 1920
B9: Transporte interno obra | C9: m3/km | D9: 1920
B10: Transporte de Concreto premezclado MR 3.8 | C10: m3/km | D10: 1920
B11: Transporte de arena de concreto | C11: m3/km | D11: 1920
B12: Transporte de material de afirmado | C12: m3/km | D12: 1920
B13: Transporte de material de excavación | C13: m3/km | D13: 1920
B14: Transporte de material de recebo para relleno | C14: m3/km | D14: 1920
B15: Transporte de Material de Solado y Atraque Tubería de Concreto Reforzado | C15: m3/km | D15: 1920
... B23: Transporte de material drenante 3" | C23: m3/km | D23: 1920

Sheet DISTANCIA ACARREO
B2: MATERIAL | C2: UNIDAD | D2: DISTANCIA
B3: ENERO DEL 2026 MEJORAMIENTO DE VIAS RURALES EN EL MUNICIPIO DE COTA CUNDINAMARCA BPIN 2025I00010028
B4: Transporte de material de Sub Base CBR=40% | C4: km | D4: 31.2
B5: Botadero - escombrera | C5: km | D5: 32.5
B6: Recebo para relleno | C6: km | D6: 31.2
B7: Agregado Triturado | C7: km | D7: 31.2
B8: Arena de concreto | C8: km | D8: 31.2
B9: Agregado Piedra Rajón | C9: km | D9: 31.2
B10: Agregado Piedra para gaviones | C10: km | D10: 31.2
B11: Acero PDR-60 | C11: km | D11: 27.8
B12: Solado y atraque de tuberia | C12: km | D12: 27.8
B13: Tubo de Concreto de 900 mm | C13: km | D13: 27.8
B14: Transporte de material drenante 3" | C14: Km | D14: 27.8

Sheet APU 1.1
K2: FECHA | L2: 20 | M2: 1 | N2: 2026
L3: (Día) | M3: (Mes) | N3: (Año)
B4: ANÁLISIS DE PRECIOS UNITARIOS PROYECTO “MEJORAMIENTO DE VIAS RURALES EN EL MUNICIPIO DE COTA CUNDINAMARCA BPIN 2025I00010028”
B8: DATOS ESPECÍFICOS
B10: ITEM | C10: DESCRIPCIÓN | K10: GRUPO DE AJUSTE | L10: UNIDAD | N10: CANTIDAD
B11: ITEM | C11: DESCRIPCIÓN | L11: UNIDAD | N11: CANTIDAD
A12: Unidad | B12: 1.1 | C12: =+'PRESUPUESTO GENERAL'!C9 -> Excavaciones varias en material común en seco. 0 - 2 m (Incluye Transporte) | L12: M3
B14: I. EQUIPO
B15: DESCRIPCIÓN | I15: TIPO | K15: TARIFA/HORA | L15: RENDIMIENTO | N15: Vr. UNITARIO
B16: Herramienta Menor (%) | L16: 0.05 | N16: =ROUND(N33*L16,0) -> 3445
B19: SUBTOTAL $ | N19: =ROUND(SUM(N16:N18),2) -> 3445
B20: II. MATERIALES
B21: DESCRIPCIÓN | J21: UNIDAD | K21: CANTIDAD | L21: PRECIO UNIT. | N21: Vr. UNITARIO
B23: SUBTOTAL $ | N23: =ROUND(SUM(N22:N22),0) -> 0
B24: III. TRANSPORTES
B25: MATERIAL | H25: UNIDAD | I25: CANTIDAD (1) | J25: DISTANCIA (2) | K25: (1) * (2) | L25: TARIFA | N25: Vr. UNITARIO
A26: =+#REF! -> #REF! | B26: TRANSPORTE DE MATERIAL DE EXCAVACION | H26: M3 | I26: 1.3 | J26: =+'DISTANCIA ACARREO'!D5 -> 32.5 | K26: =+I26*J26 -> 42.25 | L26: =+TRANSPORTE!D13 -> 1920 | N26: =ROUND(+K26*L26,0) -> 81120
N27: =ROUND(K27*L27,2) -> 0
B28: SUBTOTAL $ | N28: =ROUND(+N26+N27,2) -> 81120
B29: IV. MANO DE OBRA
B30: TRABAJADOR | I30: JORNAL | J30: PRESTACIONES (%) | K30: JORNAL TOTAL | L30: RENDIMIENTO | N30: Vr. UNITARIO
N31: =IFERROR(ROUND(K31/L31,2),0) -> 0
B32: Obrero (2) | I32: ='MANO DE OBRA'!D4 -> 116995 | J32: =+FP!F20 -> 1.7669 | K32: =+I32*J32 -> 206718.47 | L32: 3 | N32: =ROUND(K32/L32,0) -> 68906
B33: SUBTOTAL $ | N33: =ROUND(SUM(N31:N32),2) -> 68906
B35: TOTAL COSTO DIRECTO $ | N35: =ROUND(N19+N23+N28+N33,0) -> 153471
B39: OBSERVACIONES INTERVENTORÍA:
B45: APROBACIÓN POR INTERVENTORÍA
B46: Nota 1: Cuando se trate de Análisis de precios unitarios correspondientes a ítems de la propuesta económica aprobada, el Interventor aprueba el desglose de los componentes manteniendo el mismo precio unitario de cada ítem, cumpliendo con las especificaciones de construcción vigentes para el proyecto.
B48: Nota 2: Cuando se trate de Análisis de precios unitarios de ítems no previstos, el Interventor aprueba el desglose y precio unitario de cada ítem no previsto, exigiendo la aplicación de los costos correspondientes a insumos y tarifas de la propuesta económica inicial cuando estén contemplados, cumpliendo con las especificaciones de construcción vigente para el proyecto.
E54: Firma
E55: Nombre:
E56: Representante Legal del Interventor o su Apoderado
E57: Matricula No. :
B59: Original: Archivo de Gestión del Contrato (Subdirección Administrativa).
B60: Copias: Unidad Ejecutora, Contratista, Interventor y Dirección Territorial.

Sheet APU 1.2
K2: FECHA | L2: =+'APU 1.1'!L2 -> 20 | M2: =+'APU 1.1'!M2 -> 1 | N2: =+'APU 1.1'!N2 -> 2026
L3: (Día) | M3: (Mes) | N3: (Año)
B4: =+'APU 1.1'!B4 -> ANÁLISIS DE PRECIOS UNITARIOS PROYECTO “MEJORAMIENTO DE VIAS RURALES EN EL MUNICIPIO DE COTA CUNDINAMARCA BPIN 2025I00010028”
B8: DATOS ESPECÍFICOS
B10: ITEM | C10: DESCRIPCIÓN | K10: GRUPO DE AJUSTE | L10: UNIDAD | N10: CANTIDAD
B11: ITEM | C11: DESCRIPCIÓN | L11: UNIDAD | N11: CANTIDAD
A12: Unidad | B12: 1.2 | C12: CONFORMACION DE LA CALZADA EXISTENTE | L12: M2
B14: I. EQUIPO
B15: DESCRIPCIÓN | I15: TIPO | K15: TARIFA/HORA | L15: RENDIMIENTO | N15: Vr. UNITARIO
B16: Retroexcavadora doble transmisión | K16: 220000 | L16: 200 | N16: =+K16/L16 -> 1100
B17: Vibrocompatador | K17: 180000 | L17: =+L16 -> 200 | N17: =+K17/L17 -> 900
B18: HERRAMIENTA MENOR (%) | L18: 0.05 | N18: =ROUND(L18*N33,0) -> 40
B19: SUBTOTAL $ | N19: =ROUND(SUM(N16:N18),2) -> 2040
B20: II. MATERIALES
B21: DESCRIPCIÓN | J21: UNIDAD | K21: CANTIDAD | L21: PRECIO UNIT. | N21: Vr. UNITARIO
B22: Agua | J22: lt | K22: 3 | L22: 120 | N22: =K22*L22 -> 360
B23: SUBTOTAL $ | N23: =ROUND(SUM(N22:N22),2) -> 360
B24: III. TRANSPORTES
B25: MATERIAL | H25: UNIDAD | I25: CANTIDAD (1) | J25: DISTANCIA (2) | K25: (1) * (2) | L25: TARIFA | N25: Vr. UNITARIO
A26: =+#REF! -> #REF!
N27: =ROUND(K27*L27,0) -> 0
B28: SUBTOTAL $ | N28: =ROUND(N26,2) -> 0
B29: IV. MANO DE OBRA
B30: TRABAJADOR | I30: JORNAL | J30: PRESTACIONES (%) | K30: JORNAL TOTAL | L30: RENDIMIENTO | N30: Vr. UNITARIO
B31: Oficial | I31: =+'MANO DE OBRA'!D3 -> 243547 | J31: =+FP!C20 -> 1.5829 | K31: =+I31*J31*1 -> 385510.55 | L31: 1000 | N31: =ROUND(K31/L31,0) -> 386
A32: =+#REF! -> #REF! | B32: Obrero (2) | I32: =+'MANO DE OBRA'!D4 -> 116995 | J32: =+FP!F20 -> 1.7669 | K32: =+I32*J32*2 -> 413436.93 | L32: =+L31 -> 1000 | N32: =ROUND(K32/L32,0) -> 413
B33: SUBTOTAL $ | N33: =ROUND(SUM(N31:N32),2) -> 799
B35: TOTAL COSTO DIRECTO $ | N35: =ROUND(N19+N23+N28+N33,0) -> 3199
B39: OBSERVACIONES INTERVENTORÍA:
B45: APROBACIÓN POR INTERVENTORÍA
B46: Nota 1: Cuando se trate de Análisis de precios unitarios correspondientes a ítems de la propuesta económica aprobada, el Interventor aprueba el desglose de los componentes manteniendo el mismo precio unitario de cada ítem, cumpliendo con las especificaciones de construcción vigentes para el proyecto.
B48: Nota 2: Cuando se trate de Análisis de precios unitarios de ítems no previstos, el Interventor aprueba el desglose y precio unitario de cada ítem no previsto, exigiendo la aplicación de los costos correspondientes a insumos y tarifas de la propuesta económica inicial cuando estén contemplados, cumpliendo con las especificaciones de construcción vigente para el proyecto.
E54: Firma
E55: Nombre:
E56: Representante Legal del Interventor o su Apoderado
E57: Matricula No. :
B59: Original: Archivo de Gestión del Contrato (Subdirección Administrativa).
B60: Copias: Unidad Ejecutora, Contratista, Interventor y Dirección Territorial.

Sheet APU 1.3
K2: FECHA | L2: =+'APU 1.2'!L2 -> 20 | M2: =+'APU 1.2'!M2 -> 1 | N2: =+'APU 1.2'!N2 -> 2026
L3: (Día) | M3: (Mes) | N3: (Año)
B4: =+'APU 1.1'!B4 -> ANÁLISIS DE PRECIOS UNITARIOS PROYECTO “MEJORAMIENTO DE VIAS RURALES EN EL MUNICIPIO DE COTA CUNDINAMARCA BPIN 2025I00010028”
B8: DATOS ESPECÍFICOS
B10: ITEM | C10: DESCRIPCIÓN | K10: GRUPO DE AJUSTE | L10: UNIDAD | N10: CANTIDAD
B11: ITEM | C11: DESCRIPCIÓN | L11: UNIDAD | N11: CANTIDAD
A12: Unidad | B12: 1.3 | C12: SUBBASE GRANULAR CLASE C | L12: M3
B14: I. EQUIPO
B15: DESCRIPCIÓN | I15: TIPO | K15: TARIFA/HORA | L15: RENDIMIENTO | N15: Vr. UNITARIO
B16: Retroexcavadora doble transmisión | K16: 220000 | L16: 8 | N16: =+K16/L16 -> 27500
B17: Vibrocompatador | K17: 180000 | L17: 8 | N17: =+K17/L17 -> 22500
B18: Herramienta Menor (%) | L18: 0.05 | N18: =ROUND(N33*L18,0) -> 799
B19: SUBTOTAL $ | N19: =ROUND(SUM(N16:N18),2) -> 50799
B20: II. MATERIALES
B21: DESCRIPCIÓN | J21: UNIDAD | K21: CANTIDAD | L21: PRECIO UNIT. | N21: Vr. UNITARIO
B22: Material de Sub Base CBR=40% - Clase C | J22: M3 | K22: 1.3 | L22: =+LI!D26 -> 96000 | N22: =+L22*K22 -> 124800
B23: Agua | J23: LT | K23: 44.901842 | L23: 120 | N23: =ROUND(+L23*K23,0) -> 5388
B24: SUBTOTAL $ | N24: =+SUM(N22:N23) -> 130188
B25: III. TRANSPORTES
B26: MATERIAL | H26: UNIDAD | I26: CANTIDAD (1) | J26: DISTANCIA (2) | K26: (1) * (2) | L26: TARIFA | N26: Vr. UNITARIO
A27: =+#REF! -> #REF! | B27: =+TRANSPORTE!B16 -> Transporte de material de subbase | H27: m3/km | I27: 1.3 | J27: =+'DISTANCIA ACARREO'!D4 -> 31.2 | K27: =I27*J27 -> 40.56 | L27: =TRANSPORTE!D16 -> 1920 | N27: =ROUND(K27*L27,0) -> 77875
B28: SUBTOTAL $ | N28: =ROUND((N27),2) -> 77875
B29: IV. MANO DE OBRA
B30: TRABAJADOR | I30: JORNAL | J30: PRESTACIONES (%) | K30: JORNAL TOTAL | L30: RENDIMIENTO | N30: Vr. UNITARIO
A31: =+#REF! -> #REF! | B31: Oficial | I31: ='MANO DE OBRA'!D3 -> 243547 | J31: =+FP!C20 -> 1.5829 | K31: =+I31*J31 -> 385510.55 | L31: 50 | N31: =ROUND(K31/L31,0) -> 7710
B32: Obrero (2) | I32: ='MANO DE OBRA'!D4 -> 116995 | J32: =+FP!F20 -> 1.7669 | K32: =+I32*J32*2 -> 413436.93 | L32: 50 | N32: =ROUND(K32/L32,0) -> 8269
B33: SUBTOTAL $ | N33: =ROUND(SUM(N31:N32),2) -> 15979
B35: TOTAL COSTO DIRECTO $ | N35: =ROUND(N19+N24+N28+N33,0) -> 274841

Sheet APU 1.4
K2: FECHA | L2: =+'APU 1.3'!L2 -> 20 | M2: =+'APU 1.3'!M2 -> 1 | N2: =+'APU 1.3'!N2 -> 2026
L3: (Día) | M3: (Mes) | N3: (Año)
B4: =+'APU 1.1'!B4 -> ANÁLISIS DE PRECIOS UNITARIOS PROYECTO “MEJORAMIENTO DE VIAS RURALES EN EL MUNICIPIO DE COTA CUNDINAMARCA BPIN 2025I00010028”
B8: DATOS ESPECÍFICOS
B10: ITEM | C10: DESCRIPCIÓN | K10: GRUPO DE AJUSTE | L10: UNIDAD | N10: CANTIDAD
B11: ITEM | C11: DESCRIPCIÓN | L11: UNIDAD | N11: CANTIDAD
A12: Unidad | B12: 1.4 | C12: AFIRMADO | L12: M3
B14: I. EQUIPO
B15: DESCRIPCIÓN | I15: TIPO | K15: TARIFA/HORA | L15: RENDIMIENTO | N15: Vr. UNITARIO
B16: Vibrocompactador | K16: 180000 | L16: 8 | N16: =+K16/L16 -> 22500
B17: Retroexcavadora doble transmisión | K17: 220000 | L17: 8 | N17: =+K17/L17 -> 27500
B18: Herramienta Menor (%) | L18: 0.05 | N18: =ROUND(N33*L18,0) -> 799
B19: SUBTOTAL $ | N19: =ROUND(SUM(N16:N18),2) -> 50799
B20: II. MATERIALES
B21: DESCRIPCIÓN | J21: UNIDAD | K21: CANTIDAD | L21: PRECIO UNIT. | N21: Vr. UNITARIO
B22: Material Afirmado | J22: M3 | K22: 1.3 | L22: =+LI!D24 -> 84873 | N22: =ROUND(+L22*K22,0) -> 110335
B23: Agua | J23: LT | K23: 44.901842 | L23: 120 | N23: =ROUND(+L23*K23,0) -> 5388
B24: SUBTOTAL $ | N24: =+SUM(N22:N23) -> 115723
B25: III. TRANSPORTES
B26: MATERIAL | H26: UNIDAD | I26: CANTIDAD (1) | J26: DISTANCIA (2) | K26: (1) * (2) | L26: TARIFA | N26: Vr. UNITARIO
A27: =+#REF! -> #REF! | B27: =+TRANSPORTE!B12 -> Transporte de material de afirmado | H27: m3/km | I27: 1.3 | J27: =+'DISTANCIA ACARREO'!D4 -> 31.2 | K27: =I27*J27 -> 40.56 | L27: =TRANSPORTE!D16 -> 1920 | N27: =ROUND(K27*L27,0) -> 77875
B28: SUBTOTAL $ | N28: =ROUND((N27),2) -> 77875
B29: IV. MANO DE OBRA
B30: TRABAJADOR | I30: JORNAL | J30: PRESTACIONES (%) | K30: JORNAL TOTAL | L30: RENDIMIENTO | N30: Vr. UNITARIO
A31: =+#REF! -> #REF! | B31: Oficial | I31: ='MANO DE OBRA'!D3 -> 243547 | J31: =+FP!C20 -> 1.5829 | K31: =+I31*J31 -> 385510.55 | L31: 50 | N31: =ROUND(K31/L31,0) -> 7710
B32: Obrero (2) | I32: ='MANO DE OBRA'!D4 -> 116995 | J32: =+FP!F20 -> 1.7669 | K32: =+I32*J32*2 -> 413436.93 | L32: 50 | N32: =ROUND(K32/L32,0) -> 8269
B33: SUBTOTAL $ | N33: =ROUND(SUM(N31:N32),2) -> 15979
B35: TOTAL COSTO DIRECTO $ | N35: =ROUND(N19+N24+N28+N33,0) -> 260376

Sheet APU 1.5
K2: FECHA | L2: =+'APU 1.4'!L2 -> 20 | M2: =+'APU 1.4'!M2 -> 1 | N2: =+'APU 1.4'!N2 -> 2026
L3: (Día) | M3: (Mes) | N3: (Año)
B4: =+'APU 1.1'!B4 -> ANÁLISIS DE PRECIOS UNITARIOS PROYECTO “MEJORAMIENTO DE VIAS RURALES EN EL MUNICIPIO DE COTA CUNDINAMARCA BPIN 2025I00010028”
B8: DATOS ESPECÍFICOS
B10: ITEM | C10: DESCRIPCIÓN | K10: GRUPO DE AJUSTE | L10: UNIDAD | N10: CANTIDAD
B11: ITEM | C11: DESCRIPCIÓN | L11: UNIDAD | N11: CANTIDAD
A12: Unidad | B12: 1.5 | C12: Pavimento de concreto hidraulico módulo de rotura 38 MPa | L12: M3
B14: I. EQUIPO
B15: DESCRIPCIÓN | I15: TIPO | K15: TARIFA/HORA | L15: RENDIMIENTO | N15: Vr. UNITARIO
B16: Aspersor manual de 20 litros | K16: 3100 | L16: 1.5 | N16: =ROUND(+K16/L16,0) -> 2067
B17: Vibrador de Concreto | K17: 15000 | L17: 2 | N17: =ROUND(+K17/L17,0) -> 7500
B18: Regla vibratoria, de longitud de 3 a 5 m, motor de 3600 rpm, potencia 6 HP | K18: 17200 | L18: 3.1 | N18: =ROUND(+K18/L18,0) -> 5548
B19: Planta de energía | K19: 12500 | L19: 2 | N19: =+K19/L19 -> 6250
B20: Rastrillo texturizado y llana flotadora | K20: 4500 | L20: 2 | N20: =+K20/L20 -> 2250
B21: Herramienta Menor (%) | L21: 0.05 | N21: =ROUND(N38*L21,0) -> 11680
B22: SUBTOTAL $ | N22: =ROUND(SUM(N16:N21),2) -> 35295
B23: II. MATERIALES
B24: DESCRIPCIÓN | J24: UNIDAD | K24: CANTIDAD | L24: PRECIO UNIT. | N24: Vr. UNITARIO
B25: CONCRETO HIDRÁULICO PARA PAVIMENTO MR-38 (3.8 MPA) | J25: M3 | K25: 1.05 | L25: 631550 | N25: =ROUND(+L25*K25,0) -> 663128
B26: agua | J26: Lt | K26: 1000 | L26: 100 | N26: =+L26*K26 -> 100000
B27: EMULSION ACUOSA DE PARAFINA PARA CURADO DE CONCRETO, QUE EVITE LA PÉRDIDA PREMATURA DE HUMEDAD DE CONCRETOS Y MORTEROS | J27: KG | K27: 1.8 | L27: 19020 | N27: =ROUND(+L27*K27,0) -> 34236
B28: SUBTOTAL $ | N28: =+SUM(N25:N27) -> 797364
B29: III. TRANSPORTES
B30: MATERIAL | H30: UNIDAD | I30: CANTIDAD (1) | J30: DISTANCIA (2) | K30: (1) * (2) | L30: TARIFA | N30: Vr. UNITARIO
A31: =+#REF! -> #REF! | B31: =+TRANSPORTE!B10 -> Transporte de Concreto premezclado MR 3.8 | H31: m3/km | I31: 1 | J31: ='DISTANCIA ACARREO'!D7 -> 31.2 | K31: =I31*J31 -> 31.2 | L31: =TRANSPORTE!D17 -> 1920 | N31: =ROUND(K31*L31,2) -> 59904
B33: SUBTOTAL $ | N33: =ROUND((N31+N32),2) -> 59904
B34: IV. MANO DE OBRA
B35: TRABAJADOR | I35: JORNAL | J35: PRESTACIONES (%) | K35: JORNAL TOTAL | L35: RENDIMIENTO | N35: Vr. UNITARIO
A36: =+#REF! -> #REF! | B36: Oficial (1) | I36: ='MANO DE OBRA'!D3 -> 243547 | J36: =+FP!C20 -> 1.5829 | K36: =+I36*J36 -> 385510.55 | L36: 10.5 | N36: =ROUND(K36/L36,0) -> 36715
B37: Obrero (10) | I37: ='MANO DE OBRA'!D4 -> 116995 | J37: =+FP!F20 -> 1.7669 | K37: =+I37*J37*10 -> 2067184.7 | L37: =+L36 -> 10.5 | N37: =ROUND(K37/L37,0) -> 196875
B38: SUBTOTAL $ | N38: =ROUND(SUM(N36:N37),2) -> 233590
B40: TOTAL COSTO DIRECTO $ | N40: =ROUND(N22+N28+N33+N38,0) -> 1126153
B43: OBSERVACIONES INTERVENTORÍA:
B49: APROBACIÓN POR INTERVENTORÍA
B50: Nota 1: Cuando se trate de Análisis de precios unitarios correspondientes a ítems de la propuesta económica aprobada, el Interventor aprueba el desglose de los componentes manteniendo el mismo precio unitario de cada ítem, cumpliendo con las especificaciones de construcción vigentes para el proyecto.
B52: Nota 2: Cuando se trate de Análisis de precios unitarios de ítems no previstos, el Interventor aprueba el desglose y precio unitario de cada ítem no previsto, exigiendo la aplicación de los costos correspondientes a insumos y tarifas de la propuesta económica inicial cuando estén contemplados, cumpliendo con las especificaciones de construcción vigente para el proyecto.
E58: Firma
E59: Nombre:
E60: Representante Legal del Interventor o su Apoderado
E61: Matricula No. :
B63: Original: Archivo de Gestión del Contrato (Subdirección Administrativa).
B64: Copias: Unidad Ejecutora, Contratista, Interventor y Dirección Territorial.

Sheet APU 1.6
K2: FECHA | L2: =+'APU 1.5'!L2 -> 20 | M2: =+'APU 1.5'!M2 -> 1 | N2: =+'APU 1.5'!N2 -> 2026
L3: (Día) | M3: (Mes) | N3: (Año)
B4: =+'APU 1.1'!B4 -> ANÁLISIS DE PRECIOS UNITARIOS PROYECTO “MEJORAMIENTO DE VIAS RURALES EN EL MUNICIPIO DE COTA CUNDINAMARCA BPIN 2025I00010028”
B8: DATOS ESPECÍFICOS
B10: ITEM | C10: DESCRIPCIÓN | K10: GRUPO DE AJUSTE | L10: UNIDAD | N10: CANTIDAD
B11: ITEM | C11: DESCRIPCIÓN | L11: UNIDAD | N11: CANTIDAD
A12: Unidad | B12: 1.6 | C12: CONCRETO CLASE C (210 kg/cm2 ó 3000 PSI) | L12: M3
B14: I. EQUIPO
B15: DESCRIPCIÓN | I15: TIPO | K15: TARIFA/HORA | L15: RENDIMIENTO | N15: Vr. UNITARIO
B16: Mezcladora de Concreto 1 Bulto | K16: 10000 | L16: 2 | N16: =+K16/L16 -> 5000
B17: Vibrador de Concreto | K17: 15000 | L17: 2 | N17: =+K17/L17 -> 7500
B18: Herramienta Menor (%) | L18: 0.05 | N18: =ROUND(N38*L18,0) -> 14599
B19: SUBTOTAL $ | N19: =ROUND(SUM(N16:N18),2) -> 27099
B20: II. MATERIALES
B21: DESCRIPCIÓN | J21: UNIDAD | K21: CANTIDAD | L21: PRECIO UNIT. | N21: Vr. UNITARIO
B22: Agregado Triturado | J22: M3 | K22: 0.84 | L22: 92000 | N22: =+L22*K22 -> 77280
B23: Arena de concreto | J23: M3 | K23: 0.56 | L23: 90000 | N23: =+L23*K23 -> 50400
B24: Cemento gris | J24: KG | K24: 357 | L24: =+LI!D16 -> 695.2 | N24: =ROUND(+L24*K24,0) -> 248186
B25: Agua | J25: LT | K25: 294.44462 | L25: 120 | N25: =ROUND(+L25*K25,0) -> 35333
B26: Formaleta metálica (concreto hidráulico) | J26: M2 | K26: 6 | L26: 5746 | N26: =+L26*K26 -> 34476
B27: Antisol blanco (presentación 20 kg) | J27: KG | K27: 3.5875965 | L27: 17500 | N27: =ROUND(+L27*K27,0) -> 62783
B28: SUBTOTAL $ | N28: =+SUM(N22:N27) -> 508458
B29: III. TRANSPORTES
B30: MATERIAL | H30: UNIDAD | I30: CANTIDAD (1) | J30: DISTANCIA (2) | K30: (1) * (2) | L30: TARIFA | N30: Vr. UNITARIO
A31: =+#REF! -> #REF! | B31: =+TRANSPORTE!B17 -> Transporte de agregado triturado | H31: m3/km | I31: 0.86 | J31: =+'DISTANCIA ACARREO'!D7 -> 31.2 | K31: =I31*J31 -> 26.832 | L31: 1850 | N31: =ROUND(K31*L31,0) -> 49639
B32: =+TRANSPORTE!B11 -> Transporte de arena de concreto | H32: m3/km | I32: 0.57 | J32: =+'DISTANCIA ACARREO'!D8 -> 31.2 | K32: =I32*J32 -> 17.784 | L32: 1850 | N32: =ROUND(K32*L32,0) -> 32900
B33: SUBTOTAL $ | N33: =ROUND((N31+N32),2) -> 82539
B34: IV. MANO DE OBRA
B35: TRABAJADOR | I35: JORNAL | J35: PRESTACIONES (%) | K35: JORNAL TOTAL | L35: RENDIMIENTO | N35: Vr. UNITARIO
A36: =+#REF! -> #REF! | B36: Oficial (1) | I36: =+'MANO DE OBRA'!D3 -> 243547 | J36: =+FP!C20 -> 1.5829 | K36: =+I36*J36 -> 385510.55 | L36: 8.4008727 | N36: =ROUND(K36/L36,0) -> 45889
B37: Obrero (10) | I37: =+'MANO DE OBRA'!D4 -> 116995 | J37: =+FP!F20 -> 1.7669 | K37: =+I37*J37*10 -> 2067184.7 | L37: 8.4 | N37: =ROUND(K37/L37,0) -> 246093
B38: SUBTOTAL $ | N38: =ROUND(SUM(N36:N37),2) -> 291982
B40: TOTAL COSTO DIRECTO $ | N40: =ROUND(N19+N28+N33+N38,0) -> 910078
B45: OBSERVACIONES INTERVENTORÍA:
B51: APROBACIÓN POR INTERVENTORÍA
B52: Nota 1: Cuando se trate de Análisis de precios unitarios correspondientes a ítems de la propuesta económica aprobada, el Interventor aprueba el desglose de los componentes manteniendo el mismo precio unitario de cada ítem, cumpliendo con las especificaciones de construcción vigentes para el proyecto.
B54: Nota 2: Cuando se trate de Análisis de precios unitarios de ítems no previstos, el Interventor aprueba el desglose y precio unitario de cada ítem no previsto, exigiendo la aplicación de los costos correspondientes a insumos y tarifas de la propuesta económica inicial cuando estén contemplados, cumpliendo con las especificaciones de construcción vigente para el proyecto.
E60: Firma
E61: Nombre:
E62: Representante Legal del Interventor o su Apoderado
E63: Matricula No. :
B65: Original: Archivo de Gestión del Contrato (Subdirección Administrativa).
B66: Copias: Unidad Ejecutora, Contratista, Interventor y Dirección Territorial.

Sheet APU 1.7
K2: FECHA | L2: =+'APU 1.6'!L2 -> 20 | M2: =+'APU 1.6'!M2 -> 1 | N2: =+'APU 1.6'!N2 -> 2026
L3: (Día) | M3: (Mes) | N3: (Año)
B4: =+'APU 1.1'!B4 -> ANÁLISIS DE PRECIOS UNITARIOS PROYECTO “MEJORAMIENTO DE VIAS RURALES EN EL MUNICIPIO DE COTA CUNDINAMARCA BPIN 2025I00010028”
B8: DATOS ESPECÍFICOS
B10: ITEM | C10: DESCRIPCIÓN | K10: GRUPO DE AJUSTE | L10: UNIDAD | N10: CANTIDAD
B11: ITEM | C11: DESCRIPCIÓN | L11: UNIDAD | N11: CANTIDAD
A12: Unidad | B12: 1.7 | C12: Elaboración de juntas de construcción ( incluye corte, limpieza, polímero y sellador de junta) | L12: M
B14: I. EQUIPO
B15: DESCRIPCIÓN | I15: TIPO | K15: TARIFA/HORA | L15: RENDIMIENTO | N15: Vr. UNITARIO
B16: Cortadora de pavimento, Máxima profundidad de corte: 160 mm. Capacidad de disco: desde 12´´ hasta 18´´ de diámetro. Peso operacional: 135 kg, 13.5 hp de potencia | K16: 25700 | L16: 15 | N16: =ROUND(+K16/L16,0) -> 1713
B17: Compresor (barrido y soplado) | K17: 75000 | L17: 30 | N17: =+K17/L17 -> 2500
B18: Hidrolavadora | K18: 2500 | L18: 1 | N18: =+K18/L18 -> 2500
B19: Herramienta Menor (%) | L19: 0.05 | N19: =ROUND(N37*L19,0) -> 1347
B20: SUBTOTAL $ | N20: =ROUND(SUM(N16:N19),2) -> 8060
B21: II. MATERIALES
B22: DESCRIPCIÓN | J22: UNIDAD | K22: CANTIDAD | L22: PRECIO UNIT. | N22: Vr. UNITARIO
B23: tratamiento juntas con sello de silicona o sello autonivelante | J23: M | K23: 1 | L23: 4200 | N23: =+L23*K23 -> 4200
B24: cintilla de poliuretano de 2 cm | J24: M | K24: 1 | L24: 1500 | N24: =+L24*K24 -> 1500
B25: disco de corte | J25: und | K25: 1 | L25: 3200 | N25: =+K25*L25 -> 3200
B27: SUBTOTAL $ | N27: =+SUM(N23:N26) -> 8900
B28: III. TRANSPORTES
B29: MATERIAL | H29: UNIDAD | I29: CANTIDAD (1) | J29: DISTANCIA (2) | K29: (1) * (2) | L29: TARIFA | N29: Vr. UNITARIO
B32: SUBTOTAL $
B33: IV. MANO DE OBRA
B34: TRABAJADOR | I34: JORNAL | J34: PRESTACIONES (%) | K34: JORNAL TOTAL | L34: RENDIMIENTO | N34: Vr. UNITARIO
A35: =+#REF! -> #REF! | B35: Oficial (1) | I35: ='MANO DE OBRA'!D3 -> 243547 | J35: =+FP!C20 -> 1.5829 | K35: =+I35*J35 -> 385510.55 | L35: 45 | N35: =ROUND(K35/L35,0) -> 8567
B36: Obrero (4) | I36: ='MANO DE OBRA'!D4 -> 116995 | J36: =+FP!F20 -> 1.7669 | K36: =+I36*J36*4 -> 826873.86 | L36: =+L35 -> 45 | N36: =ROUND(K36/L36,0) -> 18375
B37: SUBTOTAL $ | N37: =ROUND(SUM(N35:N36),2) -> 26942
B39: TOTAL COSTO DIRECTO $ | N39: =ROUND(N20+N27+N32+N37,0) -> 43902

Sheet APU 1.8
K2: FECHA | L2: =+'APU 1.7'!L2 -> 20 | M2: =+'APU 1.7'!M2 -> 1 | N2: =+'APU 1.7'!N2 -> 2026
L3: (Día) | M3: (Mes) | N3: (Año)
B4: =+'APU 1.1'!B4 -> ANÁLISIS DE PRECIOS UNITARIOS PROYECTO “MEJORAMIENTO DE VIAS RURALES EN EL MUNICIPIO DE COTA CUNDINAMARCA BPIN 2025I00010028”
B8: DATOS ESPECÍFICOS
B10: ITEM | C10: DESCRIPCIÓN | K10: GRUPO DE AJUSTE | L10: UNIDAD | N10: CANTIDAD
B11: ITEM | C11: DESCRIPCIÓN | L11: UNIDAD | N11: CANTIDAD
A12: Unidad | B12: 1.8 | C12: Acero de refuerzo de FY = 4.200 Kg/cm 2 (60.000 PSI). | L12: KG
B14: I. EQUIPO
B15: DESCRIPCIÓN | I15: TIPO | K15: TARIFA/HORA | L15: RENDIMIENTO | N15: Vr. UNITARIO
B16: =+EQUIPOS!B9 -> Cizalla manual de 90 cm. | K16: =EQUIPOS!D13 -> 6500 | L16: 224.91313 | N16: =ROUND(+K16/L16,0) -> 29
B17: Herramienta Menor (%) | L17: 0.05 | N17: =ROUND(N32*L17,0) -> 99
B18: SUBTOTAL $ | N18: =ROUND(SUM(N16:N17),0) -> 128
B19: II. MATERIALES
B20: DESCRIPCIÓN | J20: UNIDAD | K20: CANTIDAD | L20: PRECIO UNIT. | N20: Vr. UNITARIO
B21: Acero PDR-60 | J21: KG | K21: 1.05 | L21: =LI!D10 -> 6488 | N21: =ROUND(+L21*K21,0) -> 6812
B22: =+LI!B13 -> Alambre Negro Para Amarre | J22: KG | K22: 0.0054256757 | L22: 9200 | N22: =ROUND(+L22*K22,0) -> 50
B23: SUBTOTAL $ | N23: =+SUM(N21:N22) -> 6862
B24: III. TRANSPORTES
B25: MATERIAL | H25: UNIDAD | I25: CANTIDAD (1) | J25: DISTANCIA (2) | K25: (1) * (2) | L25: TARIFA | N25: Vr. UNITARIO
A26: =+#REF! -> #REF! | B26: =+TRANSPORTE!B20 -> Transporte de acero | H26: Kg/km | I26: 1.05 | J26: ='DISTANCIA ACARREO'!D11 -> 27.8 | K26: =I26*J26 -> 29.19 | L26: =TRANSPORTE!D20 -> 0.9 | N26: =ROUND(K26*L26,0) -> 26
B27: SUBTOTAL $ | N27: =ROUND((N26),2) -> 26
B28: IV. MANO DE OBRA
B29: TRABAJADOR | I29: JORNAL | J29: PRESTACIONES (%) | K29: JORNAL TOTAL | L29: RENDIMIENTO | N29: Vr. UNITARIO
A30: =+#REF! -> #REF! | B30: Oficial | I30: ='MANO DE OBRA'!D3 -> 243547 | J30: =+FP!C20 -> 1.5829 | K30: =+I30*J30 -> 385510.55 | L30: 300 | N30: =ROUND(K30/L30,0) -> 1285
B31: Obrero | I31: ='MANO DE OBRA'!D4 -> 116995 | J31: =+FP!F20 -> 1.7669 | K31: =+I31*J31 -> 206718.47 | L31: 300 | N31: =ROUND(K31/L31,0) -> 689
B32: SUBTOTAL $ | N32: =ROUND(SUM(N30:N31),2) -> 1974
B34: TOTAL COSTO DIRECTO $ | N34: =ROUND(N18+N23+N27+N32,0) -> 8990
B39: OBSERVACIONES INTERVENTORÍA:
B45: APROBACIÓN POR INTERVENTORÍA
B46: Nota 1: Cuando se trate de Análisis de precios unitarios correspondientes a ítems de la propuesta económica aprobada, el Interventor aprueba el desglose de los componentes manteniendo el mismo precio unitario de cada ítem, cumpliendo con las especificaciones de construcción vigentes para el proyecto.
B48: Nota 2: Cuando se trate de Análisis de precios unitarios de ítems no previstos, el Interventor aprueba el desglose y precio unitario de cada ítem no previsto, exigiendo la aplicación de los costos correspondientes a insumos y tarifas de la propuesta económica inicial cuando estén contemplados, cumpliendo con las especificaciones de construcción vigente para el proyecto.
E54: Firma
E55: Nombre:
E56: Representante Legal del Interventor o su Apoderado
E57: Matricula No. :
B59: Original: Archivo de Gestión del Contrato (Subdirección Administrativa).
B60: Copias: Unidad Ejecutora, Contratista, Interventor y Dirección Territorial.

Sheet APU 2.1
J3: FECHA | K3: =+'APU 1.1'!L2 -> 20 | L3: =+'APU 1.1'!M2 -> 1 | M3: =+'APU 1.1'!N2 -> 2026
K4: (Día) | L4: (Mes) | M4: (Año)
A5: =+'APU 1.1'!B4 -> ANÁLISIS DE PRECIOS UNITARIOS PROYECTO “MEJORAMIENTO DE VIAS RURALES EN EL MUNICIPIO DE COTA CUNDINAMARCA BPIN 2025I00010028”
A9: ITEM | B9: DESCRIPCIÓN | K9: UNIDAD | M9: CANTIDAD
A10: 2.1 | B10: Excavaciones varias sin clasificar. (Incluye Transporte) | K10: M3
A12: I. EQUIPO
A13: DESCRIPCIÓN | H13: TIPO | J13: TARIFA/HORA | K13: RENDIMIENTO | M13: Vr. UNITARIO
A14: =+EQUIPOS!B12 -> Compresor 120 HP, con martillo. | J14: 120000 | K14: 60 | M14: =+J14/K14 -> 2000
A15: Retroexcavadora doble transmisión | J15: 220000 | K15: 60 | M15: =ROUND(+J15/K15,0) -> 3667
A16: Herramienta Menor (%) | K16: 0.05 | M16: =ROUND(+K16*(M15+M14),0) -> 283
A17: SUBTOTAL $ | M17: =ROUND(SUM(M14:M16),0) -> 5950
A18: II. MATERIALES
A19: DESCRIPCIÓN | I19: UNIDAD | J19: CANTIDAD | K19: PRECIO UNIT. | M19: Vr. UNITARIO
A21: SUBTOTAL $ | M21: =ROUND(SUM(M20:M20),0) -> 0
A22: III. TRANSPORTES
A23: MATERIAL | G23: UNIDAD | H23: CANTIDAD (1) | I23: DISTANCIA (2) | J23: (1) * (2) | K23: TARIFA | M23: Vr. UNITARIO
A24: Transporte de material de excavación | G24: m3/km | H24: 1.3 | I24: ='DISTANCIA ACARREO'!D5 -> 32.5 | J24: =H24*I24 -> 42.25 | K24: =+TRANSPORTE!D13 -> 1920 | M24: =ROUND(J24*K24,0) -> 81120
M25: =ROUND(J25*K25,2) -> 0
A26: SUBTOTAL $ | M26: =ROUND(M24,0) -> 81120
A27: IV. MANO DE OBRA
A28: TRABAJADOR | H28: JORNAL | I28: PRESTACIONES (%) | J28: JORNAL TOTAL | K28: RENDIMIENTO | M28: Vr. UNITARIO
A29: Oficial | H29: =+'MANO DE OBRA'!D3 -> 243547 | I29: =+FP!C20 -> 1.5829 | J29: =+H29*I29 -> 385510.55 | K29: 60 | M29: =ROUND(J29/K29,0) -> 6425
A30: Obrero (2) | H30: =+'MANO DE OBRA'!D4 -> 116995 | I30: =+FP!F20 -> 1.7669 | J30: =+H30*I30*2 -> 413436.93 | K30: =+K29 -> 60 | M30: =ROUND(J30/K30,0) -> 6891
A31: SUBTOTAL $ | M31: =ROUND(SUM(M29:M30),2) -> 13316
A33: TOTAL COSTO DIRECTO $ | M33: =ROUND(M17+M21+M26+M31,0) -> 100386

Sheet APU 2.2
K2: FECHA | L2: =+'APU 2.1'!K3 -> 20 | M2: =+'APU 2.1'!L3 -> 1 | N2: =+'APU 2.1'!M3 -> 2026
L3: (Día) | M3: (Mes) | N3: (Año)
B4: =+'APU 1.1'!B4 -> ANÁLISIS DE PRECIOS UNITARIOS PROYECTO “MEJORAMIENTO DE VIAS RURALES EN EL MUNICIPIO DE COTA CUNDINAMARCA BPIN 2025I00010028”
B8: DATOS ESPECÍFICOS
B10: ITEM | C10: DESCRIPCIÓN | K10: GRUPO DE AJUSTE | L10: UNIDAD | N10: CANTIDAD
B11: ITEM | C11: DESCRIPCIÓN | L11: UNIDAD | N11: CANTIDAD
A12: Unidad | B12: 2.2 | C12: Material Granular Drenante | L12: M3
B14: I. EQUIPO
B15: DESCRIPCIÓN | I15: TIPO | K15: TARIFA/HORA | L15: RENDIMIENTO | N15: Vr. UNITARIO
B18: Herramienta Menor (%) | L18: 0.05 | N18: =ROUND(N33*L18,0) -> 5028
B19: SUBTOTAL $ | N19: =ROUND(SUM(N16:N18),2) -> 5028
B20: II. MATERIALES
B21: DESCRIPCIÓN | J21: UNIDAD | K21: CANTIDAD | L21: PRECIO UNIT. | N21: Vr. UNITARIO
B22: Material drenante 3" | J22: M3 | K22: 1.3 | L22: 85690 | N22: =+L22*K22 -> 111397
B23: Agua | J23: LT | K23: 44.901842 | L23: 120 | N23: =ROUND(+L23*K23,0) -> 5388
B24: SUBTOTAL $ | N24: =+SUM(N22:N23) -> 116785
B25: III. TRANSPORTES
B26: MATERIAL | H26: UNIDAD | I26: CANTIDAD (1) | J26: DISTANCIA (2) | K26: (1) * (2) | L26: TARIFA | N26: Vr. UNITARIO
A27: =+#REF! -> #REF! | B27: =+TRANSPORTE!B23 -> Transporte de material drenante 3" | H27: m3/km | I27: 1.3 | J27: =+'DISTANCIA ACARREO'!D4 -> 31.2 | K27: =I27*J27 -> 40.56 | L27: =TRANSPORTE!D16 -> 1920 | N27: =ROUND(K27*L27,0) -> 77875
B28: SUBTOTAL $ | N28: =ROUND((N27),2) -> 77875
B29: IV. MANO DE OBRA
B30: TRABAJADOR | I30: JORNAL | J30: PRESTACIONES (%) | K30: JORNAL TOTAL | L30: RENDIMIENTO | N30: Vr. UNITARIO
A31: =+#REF! -> #REF! | B31: Oficial | I31: ='MANO DE OBRA'!D3 -> 243547 | J31: =+FP!C20 -> 1.5829 | K31: =+I31*J31 -> 385510.55 | L31: 10 | N31: =ROUND(K31/L31,0) -> 38551
B32: Obrero (3) | I32: ='MANO DE OBRA'!D4 -> 116995 | J32: =+FP!F20 -> 1.7669 | K32: =+I32*J32*3 -> 620155.4 | L32: =+L31 -> 10 | N32: =ROUND(K32/L32,0) -> 62016
B33: SUBTOTAL $ | N33: =ROUND(SUM(N31:N32),2) -> 100567
B35: TOTAL COSTO DIRECTO $ | N35: =ROUND(N19+N24+N28+N33,0) -> 300255

Sheet APU 2.3
J2: FECHA | K2: =+'APU 2.4'!K2 -> 20 | L2: =+'APU 2.4'!L2 -> 1 | M2: =+'APU 2.4'!M2 -> 2026
K3: (Día) | L3: (Mes) | M3: (Año)
A4: =+'APU 1.1'!B4 -> ANÁLISIS DE PRECIOS UNITARIOS PROYECTO “MEJORAMIENTO DE VIAS RURALES EN EL MUNICIPIO DE COTA CUNDINAMARCA BPIN 2025I00010028”
A8: ITEM | B8: DESCRIPCIÓN | K8: UNIDAD | M8: CANTIDAD
A9: 2.3 | B9: Tubería de Plástico de Diametro 100mm | K9: M
A11: I. EQUIPO
A12: DESCRIPCIÓN | H12: TIPO | J12: TARIFA/HORA | K12: RENDIMIENTO | M12: Vr. UNITARIO
A14: Herramienta Menor (%) | K14: 0.05 | M14: =ROUND(+K14*M31,0) -> 335
A15: SUBTOTAL $ | M15: =ROUND(SUM(M13:M14),2) -> 335
A16: II. MATERIALES
A17: DESCRIPCIÓN | I17: UNIDAD | J17: CANTIDAD | K17: PRECIO UNIT. | M17: Vr. UNITARIO
A18: Tubería de Plástico de Diametro 100mm | I18: ML | J18: 1 | K18: 22500 | M18: =+K18*J18 -> 22500
A21: SUBTOTAL $ | M21: =ROUND(SUM(M18:M20),2) -> 22500
A22: III. TRANSPORTES
A23: MATERIAL | G23: UNIDAD | H23: CANTIDAD (1) | I23: DISTANCIA (2) | J23: (1) * (2) | K23: TARIFA | M23: Vr. UNITARIO
A24: Tubería de Plástico de Diametro 100mm | G24: ton/km | H24: 0.02 | I24: =+'DISTANCIA ACARREO'!D13 -> 27.8 | J24: =H24*I24 -> 0.556 | K24: =+TRANSPORTE!D19 -> 1920 | M24: =ROUND(J24*K24,0) -> 1068
A26: SUBTOTAL $ | M26: =ROUND(SUM(M24:M25),2) -> 1068
A27: IV. MANO DE OBRA
A28: TRABAJADOR | H28: JORNAL | I28: PRESTACIONES (%) | J28: JORNAL TOTAL | K28: RENDIMIENTO | M28: Vr. UNITARIO
A29: Oficial (1) | H29: =+'MANO DE OBRA'!D3 -> 243547 | I29: =+FP!C20 -> 1.5829 | J29: =+H29*I29 -> 385510.55 | K29: 150 | M29: =ROUND(J29/K29,0) -> 2570
A30: Obrero(3) | H30: =+'MANO DE OBRA'!D4 -> 116995 | I30: =+FP!F20 -> 1.7669 | J30: =+H30*I30*3 -> 620155.4 | K30: =+K29 -> 150 | M30: =ROUND(J30/K30,0) -> 4134
A31: SUBTOTAL $ | M31: =ROUND(SUM(M29:M30),2) -> 6704
A33: TOTAL COSTO DIRECTO $ | M33: =ROUND(M15+M21+M26+M31,0) -> 30607

Sheet APU 2.4
J2: FECHA | K2: =+'APU 2.2'!L2 -> 20 | L2: =+'APU 2.2'!M2 -> 1 | M2: =+'APU 2.2'!N2 -> 2026
K3: (Día) | L3: (Mes) | M3: (Año)
A4: =+'APU 1.1'!B4 -> ANÁLISIS DE PRECIOS UNITARIOS PROYECTO “MEJORAMIENTO DE VIAS RURALES EN EL MUNICIPIO DE COTA CUNDINAMARCA BPIN 2025I00010028”
A8: ITEM | B8: DESCRIPCIÓN | K8: UNIDAD | M8: CANTIDAD
A9: 2.4 | B9: Geotextil no tejido tipo NT2500 para separacion de suelos | K9: M2
A11: I. EQUIPO
A12: DESCRIPCIÓN | H12: TIPO | J12: TARIFA/HORA | K12: RENDIMIENTO | M12: Vr. UNITARIO
A14: Herramienta Menor (%) | K14: 0.05 | M14: =ROUND(+K14*M31,0) -> 1006
A15: SUBTOTAL $ | M15: =ROUND(SUM(M13:M14),2) -> 1006
A16: II. MATERIALES
A17: DESCRIPCIÓN | I17: UNIDAD | J17: CANTIDAD | K17: PRECIO UNIT. | M17: Vr. UNITARIO
A18: Geotextil no tejido tipo NT2500 para separacion de suelos | I18: m2 | J18: 1 | K18: 6200 | M18: =+K18*J18 -> 6200
A21: SUBTOTAL $ | M21: =ROUND(SUM(M18:M20),2) -> 6200
A22: III. TRANSPORTES
A23: MATERIAL | G23: UNIDAD | H23: CANTIDAD (1) | I23: DISTANCIA (2) | J23: (1) * (2) | K23: TARIFA | M23: Vr. UNITARIO
A24: =+TRANSPORTE!B22 -> Transporte de Geotextil | G24: ton/km | H24: 0.02 | I24: =+'DISTANCIA ACARREO'!D13 -> 27.8 | J24: =H24*I24 -> 0.556 | K24: =+TRANSPORTE!D19 -> 1920 | M24: =ROUND(J24*K24,0) -> 1068
A26: SUBTOTAL $ | M26: =ROUND(SUM(M24:M25),2) -> 1068
A27: IV. MANO DE OBRA
A28: TRABAJADOR | H28: JORNAL | I28: PRESTACIONES (%) | J28: JORNAL TOTAL | K28: RENDIMIENTO | M28: Vr. UNITARIO
A29: Oficial (1) | H29: =+'MANO DE OBRA'!D3 -> 243547 | I29: =+FP!C20 -> 1.5829 | J29: =+H29*I29 -> 385510.55 | K29: 50 | M29: =ROUND(J29/K29,0) -> 7710
A30: Obrero(3) | H30: =+'MANO DE OBRA'!D4 -> 116995 | I30: =+FP!F20 -> 1.7669 | J30: =+H30*I30*3 -> 620155.4 | K30: =+K29 -> 50 | M30: =ROUND(J30/K30,0) -> 12403
A31: SUBTOTAL $ | M31: =ROUND(SUM(M29:M30),2) -> 20113
A33: TOTAL COSTO DIRECTO $ | M33: =ROUND(M15+M21+M26+M31,0) -> 28387

Sheet APU 2.5
J2: FECHA | K2: =+'APU 2.3'!K2 -> 20 | L2: =+'APU 2.3'!L2 -> 1 | M2: =+'APU 2.3'!M2 -> 2026
K3: (Día) | L3: (Mes) | M3: (Año)
A4: =+'APU 1.1'!B4 -> ANÁLISIS DE PRECIOS UNITARIOS PROYECTO “MEJORAMIENTO DE VIAS RURALES EN EL MUNICIPIO DE COTA CUNDINAMARCA BPIN 2025I00010028”
A8: ITEM | B8: DESCRIPCIÓN | K8: UNIDAD | M8: CANTIDAD
A9: 2.5 | B9: EXCAVACIONES VARIAS SIN CLASIFICAR (SIN TRANSPORTE) | K9: M3
A11: I. EQUIPO
A12: DESCRIPCIÓN | H12: TIPO | J12: TARIFA/HORA | K12: RENDIMIENTO | M12: Vr. UNITARIO
A13: Compresor | J13: 120000 | K13: 30 | M13: =+J13/K13 -> 4000
A14: Retroexcavadora doble transmisión | J14: 220000 | K14: 30 | M14: =ROUND(+J14/K14,0) -> 7333
A15: Herramienta Menor (%) | K15: 0.05 | M15: =ROUND(+K15*(M14+M13),0) -> 567
A16: SUBTOTAL $ | M16: =ROUND(SUM(M13:M15),2) -> 11900
A17: II. MATERIALES
A18: DESCRIPCIÓN | I18: UNIDAD | J18: CANTIDAD | K18: PRECIO UNIT. | M18: Vr. UNITARIO
M19: -
A20: SUBTOTAL $ | M20: =ROUND(SUM(M19:M19),2) -> 0
A21: III. TRANSPORTES
A22: MATERIAL | G22: UNIDAD | H22: CANTIDAD (1) | I22: DISTANCIA (2) | J22: (1) * (2) | K22: TARIFA | M22: Vr. UNITARIO
M23: -
M24: =ROUND(J24*K24,2) -> 0
A25: SUBTOTAL $ | M25: -
A26: IV. MANO DE OBRA
A27: TRABAJADOR | H27: JORNAL | I27: PRESTACIONES (%) | J27: JORNAL TOTAL | K27: RENDIMIENTO | M27: Vr. UNITARIO
A28: Oficial | H28: =+'MANO DE OBRA'!D3 -> 243547 | I28: =+FP!C20 -> 1.5829 | J28: =+H28*I28 -> 385510.55 | K28: 30 | M28: =ROUND(J28/K28,0) -> 12850
A29: Obrero (2) | H29: =+'MANO DE OBRA'!D4 -> 116995 | I29: =+FP!F20 -> 1.7669 | J29: =+H29*I29*2 -> 413436.93 | K29: =+K28 -> 30 | M29: =ROUND(J29/K29,0) -> 13781
A30: SUBTOTAL $ | M30: =ROUND(SUM(M28:M29),2) -> 26631
A32: TOTAL COSTO DIRECTO $ | M32: =ROUND(M16+M30,0) -> 38531

Sheet APU 2.6
J2: FECHA | K2: =+'APU 2.5'!K2 -> 20 | L2: =+'APU 2.5'!L2 -> 1 | M2: =+'APU 2.5'!M2 -> 2026
K3: (Día) | L3: (Mes) | M3: (Año)
A4: =+'APU 1.1'!B4 -> ANÁLISIS DE PRECIOS UNITARIOS PROYECTO “MEJORAMIENTO DE VIAS RURALES EN EL MUNICIPIO DE COTA CUNDINAMARCA BPIN 2025I00010028”
A8: ITEM | B8: DESCRIPCIÓN | K8: UNIDAD | M8: CANTIDAD
A9: 2.6 | B9: Tubería de concreto reforzado clase D, de 900 mm de diámetro interior | K9: ML
A11: I. EQUIPO
A12: DESCRIPCIÓN | H12: TIPO | J12: TARIFA/HORA | K12: RENDIMIENTO | M12: Vr. UNITARIO
A13: Retroexcavadora doble transmisión | J13: 220000 | K13: 8.4708818 | M13: =ROUND(+J13/K13,0) -> 25971
A14: Herramienta Menor (%) | K14: 0.05 | M14: =ROUND(+K14*M31,0) -> 4330
A15: SUBTOTAL $ | M15: =ROUND(SUM(M13:M14),2) -> 30301
A16: II. MATERIALES
A17: DESCRIPCIÓN | I17: UNIDAD | J17: CANTIDAD | K17: PRECIO UNIT. | M17: Vr. UNITARIO
A18: Tubo de Concreto de 900 mm | I18: ML | J18: 1 | K18: 954650 | M18: =+K18*J18 -> 954650
A19: Mortero 1:3 para anillos | I19: M3 | J19: 0.02 | K19: 429147 | M19: =ROUND(+K19*J19,0) -> 8583
A20: Material pára solado atraque | I20: m3 | J20: 0.46 | K20: 62100 | M20: =+J20*K20 -> 28566
A21: SUBTOTAL $ | M21: =ROUND(SUM(M18:M20),2) -> 991799
A22: III. TRANSPORTES
A23: MATERIAL | G23: UNIDAD | H23: CANTIDAD (1) | I23: DISTANCIA (2) | J23: (1) * (2) | K23: TARIFA | M23: Vr. UNITARIO
A24: Transporte de Tubo de Concreto de 900 mm | G24: ton/km | H24: 1 | I24: =+'DISTANCIA ACARREO'!D13 -> 27.8 | J24: =H24*I24 -> 27.8 | K24: =+TRANSPORTE!D19 -> 1920 | M24: =ROUND(J24*K24,2) -> 53376
A25: Transporte de Material de Solado y Atraque Tubería de Concreto Reforzado | G25: m3k | H25: 0.46 | I25: 35 | J25: =H25*I25 -> 16.1 | K25: =+TRANSPORTE!D15 -> 1920 | M25: =ROUND(J25*K25,2) -> 30912
A26: SUBTOTAL $ | M26: =ROUND(SUM(M24:M25),2) -> 84288
A27: IV. MANO DE OBRA
A28: TRABAJADOR | H28: JORNAL | I28: PRESTACIONES (%) | J28: JORNAL TOTAL | K28: RENDIMIENTO | M28: Vr. UNITARIO
A29: Oficial (1) | H29: =+'MANO DE OBRA'!D3 -> 243547 | I29: =+FP!C20 -> 1.5829 | J29: =+H29*I29 -> 385510.55 | K29: 14 | M29: =ROUND(J29/K29,0) -> 27536
A30: Obrero(4) | H30: =+'MANO DE OBRA'!D4 -> 116995 | I30: =+FP!F20 -> 1.7669 | J30: =+H30*I30*4 -> 826873.86 | K30: 14 | M30: =ROUND(J30/K30,0) -> 59062
A31: SUBTOTAL $ | M31: =ROUND(SUM(M29:M30),2) -> 86598
A33: TOTAL COSTO DIRECTO $ | M33: =ROUND(M15+M21+M26+M31,0) -> 1192986

Sheet APU 2.7
J2: FECHA | K2: =+'APU 2.6'!K2 -> 20 | L2: =+'APU 2.6'!L2 -> 1 | M2: =+'APU 2.6'!M2 -> 2026
K3: (Día) | L3: (Mes) | M3: (Año)
A4: =+'APU 1.1'!B4 -> ANÁLISIS DE PRECIOS UNITARIOS PROYECTO “MEJORAMIENTO DE VIAS RURALES EN EL MUNICIPIO DE COTA CUNDINAMARCA BPIN 2025I00010028”
A8: ITEM | B8: DESCRIPCIÓN | K8: UNIDAD | M8: CANTIDAD
A9: 2.7 | B9: CONCRETO CLASE F (140 kg/cm2 ó 2000 PSI) | K9: M3
A11: I. EQUIPO
A12: DESCRIPCIÓN | H12: TIPO | J12: TARIFA/HORA | K12: RENDIMIENTO | M12: Vr. UNITARIO
A13: Mezcladora de Concreto 1 bulto | J13: 10000 | K13: 2 | M13: =+J13/K13 -> 5000
A14: Herramienta Menor (%) | K14: 0.05 | M14: =ROUND(+K14*M32,0) -> 12745
A15: SUBTOTAL $ | M15: =ROUND(SUM(M13:M14),2) -> 17745
A16: II. MATERIALES
A17: DESCRIPCIÓN | I17: UNIDAD | J17: CANTIDAD | K17: PRECIO UNIT. | M17: Vr. UNITARIO
A18: Agregado Triturado | I18: M3 | J18: 0.84 | K18: 92000 | M18: =+K18*J18 -> 77280
A19: Arena de concreto | I19: M3 | J19: 0.63 | K19: 90000 | M19: =+K19*J19 -> 56700
A20: Cemento Gris | I20: KG | J20: 265 | K20: 720 | M20: =+K20*J20 -> 190800
A21: Agua | I21: LT | J21: 341.00091 | K21: 120 | M21: =ROUND(+K21*J21,0) -> 40920
A22: SUBTOTAL $ | M22: =+SUM(M18:M21) -> 365700
A23: III. TRANSPORTES
A24: MATERIAL | G24: UNIDAD | H24: CANTIDAD (1) | I24: DISTANCIA (2) | J24: (1) * (2) | K24: TARIFA | M24: Vr. UNITARIO
A25: Transporte de agregado triturado | G25: m3/km | H25: =J18 -> 0.84 | I25: =+'DISTANCIA ACARREO'!D7 -> 31.2 | J25: =H25*I25 -> 26.208 | K25: =+TRANSPORTE!D17 -> 1920 | M25: =ROUND(J25*K25,0) -> 50319
A26: Transporte de arena de concreto | G26: m3/km | H26: =J19 -> 0.63 | I26: =+'DISTANCIA ACARREO'!D8 -> 31.2 | J26: =H26*I26 -> 19.656 | K26: =+TRANSPORTE!D11 -> 1920 | M26: =ROUND(J26*K26,0) -> 37740
A27: SUBTOTAL $ | M27: =ROUND((M25+M26),0) -> 88059
A28: IV. MANO DE OBRA
A29: TRABAJADOR | H29: JORNAL | I29: PRESTACIONES (%) | J29: JORNAL TOTAL | K29: RENDIMIENTO | M29: Vr. UNITARIO
A30: Oficial (1) | H30: =+'MANO DE OBRA'!D3 -> 243547 | I30: =+FP!C20 -> 1.5829 | J30: =+H30*I30 -> 385510.55 | K30: 8 | M30: =ROUND(J30/K30,0) -> 48189
A31: Obrero (8) | H31: =+'MANO DE OBRA'!D4 -> 116995 | I31: =+FP!F20 -> 1.7669 | J31: =+H31*I31*8 -> 1653747.7 | K31: =+K30 -> 8 | M31: =ROUND(J31/K31,0) -> 206718
A32: SUBTOTAL $ | M32: =ROUND(SUM(M30:M31),2) -> 254907
A34: TOTAL COSTO DIRECTO $ | M34: =ROUND(M15+M22+M27+M32,0) -> 726411

Sheet APU 2.8
J2: FECHA | K2: =+'APU 2.7'!K2 -> 20 | L2: =+'APU 2.7'!L2 -> 1 | M2: =+'APU 2.7'!M2 -> 2026
K3: (Día) | L3: (Mes) | M3: (Año)
A4: =+'APU 1.1'!B4 -> ANÁLISIS DE PRECIOS UNITARIOS PROYECTO “MEJORAMIENTO DE VIAS RURALES EN EL MUNICIPIO DE COTA CUNDINAMARCA BPIN 2025I00010028”
A8: ITEM | B8: DESCRIPCIÓN | K8: UNIDAD | M8: CANTIDAD
A9: 2.8 | B9: RELLENO PARA ESTRUCTURAS CON MATERIAL DEL SITIO | K9: M3
A11: I. EQUIPO
A12: DESCRIPCIÓN | H12: TIPO | J12: TARIFA/HORA | K12: RENDIMIENTO | M12: Vr. UNITARIO
A13: =+EQUIPOS!B10 -> Compactador manual (SALTARIN) | J13: 15479 | K13: 3.5 | M13: =ROUND(+J13/K13,0) -> 4423
A14: Herramienta Menor (%) | K14: 0.05 | M14: =ROUND(+K14*M28,0) -> 1550
A15: SUBTOTAL $ | M15: =ROUND(SUM(M13:M14),2) -> 5973
A16: II. MATERIALES
A17: DESCRIPCIÓN | I17: UNIDAD | J17: CANTIDAD | K17: PRECIO UNIT. | M17: Vr. UNITARIO
M18: =+K18*J18 -> 0
A19: Agua | I19: lt | J19: 30 | K19: 120 | M19: =+K19*J19 -> 3600
A20: SUBTOTAL $ | M20: =ROUND(SUM(M18:M19),2) -> 3600
A21: III. TRANSPORTES
A22: MATERIAL | G22: UNIDAD | H22: CANTIDAD (1) | I22: DISTANCIA (2) | J22: (1) * (2) | K22: TARIFA | M22: Vr. UNITARIO
A23: Transporte interno obra | G23: m3/km | H23: 1.1 | I23: 1.5 | J23: =H23*I23 -> 1.65 | K23: =+TRANSPORTE!D18 -> 1920 | M23: =ROUND(J23*K23,0) -> 3168
A24: SUBTOTAL $ | M24: =ROUND((M23),0) -> 3168
A25: IV. MANO DE OBRA
A26: TRABAJADOR | H26: JORNAL | I26: PRESTACIONES (%) | J26: JORNAL TOTAL | K26: RENDIMIENTO | M26: Vr. UNITARIO
A27: Obrero (3) | H27: =+'MANO DE OBRA'!D4 -> 116995 | I27: =+FP!F20 -> 1.7669 | J27: =+H27*I27*3 -> 620155.4 | K27: 20 | M27: =ROUND(J27/K27,0) -> 31008
A28: SUBTOTAL $ | M28: =ROUND(SUM(M27:M27),2) -> 31008
A30: TOTAL COSTO DIRECTO $ | M30: =ROUND(M15+M20+M24+M28,0) -> 43749

Sheet APU 3.1
K2: FECHA | L2: =+'APU 2.8'!K2 -> 20 | M2: =+'APU 2.8'!L2 -> 1 | N2: =+'APU 2.8'!M2 -> 2026
L3: (Día) | M3: (Mes) | N3: (Año)
B4: =+'APU 1.1'!B4 -> ANÁLISIS DE PRECIOS UNITARIOS PROYECTO “MEJORAMIENTO DE VIAS RURALES EN EL MUNICIPIO DE COTA CUNDINAMARCA BPIN 2025I00010028”
B8: DATOS ESPECÍFICOS
B10: ITEM | C10: DESCRIPCIÓN | K10: GRUPO DE AJUSTE | L10: UNIDAD | N10: CANTIDAD
B11: ITEM | C11: DESCRIPCIÓN | L11: UNIDAD | N11: CANTIDAD
A12: Unidad | B12: 3.1 | C12: Excavación En Zanja a mano en material común h <=2 m (Incluye Transporte) | L12: M3
B14: I. EQUIPO
B15: DESCRIPCIÓN | I15: TIPO | K15: TARIFA/HORA | L15: RENDIMIENTO | N15: Vr. UNITARIO
B16: Herramienta Menor (%) | L16: 0.05 | N16: =ROUND(N33*L16,0) -> 5168
B19: SUBTOTAL $ | N19: =ROUND(SUM(N16:N18),2) -> 5168
B20: II. MATERIALES
B21: DESCRIPCIÓN | J21: UNIDAD | K21: CANTIDAD | L21: PRECIO UNIT. | N21: Vr. UNITARIO
B23: SUBTOTAL $ | N23: =ROUND(SUM(N22:N22),2) -> 0
B24: III. TRANSPORTES
B25: MATERIAL | H25: UNIDAD | I25: CANTIDAD (1) | J25: DISTANCIA (2) | K25: (1) * (2) | L25: TARIFA | N25: Vr. UNITARIO
A26: =+#REF! -> #REF! | B26: TRANSPORTE DE MATERIAL DE EXCAVACION | H26: M3 | I26: 1.3 | J26: =+'DISTANCIA ACARREO'!D5 -> 32.5 | K26: =+I26*J26 -> 42.25 | L26: =+TRANSPORTE!D13 -> 1920 | N26: =+K26*L26 -> 81120
N27: =ROUND(K27*L27,2) -> 0
B28: SUBTOTAL $ | N28: =ROUND(+N27+N26,0) -> 81120
B29: IV. MANO DE OBRA
B30: TRABAJADOR | I30: JORNAL | J30: PRESTACIONES (%) | K30: JORNAL TOTAL | L30: RENDIMIENTO | N30: Vr. UNITARIO
N31: =IFERROR(ROUND(K31/L31,2),0) -> 0
B32: Obrero (2) | I32: ='MANO DE OBRA'!D4 -> 116995 | J32: =+FP!F20 -> 1.7669 | K32: =+I32*J32*2 -> 413436.93 | L32: 4 | N32: =ROUND(K32/L32,0) -> 103359
B33: SUBTOTAL $ | N33: =ROUND(SUM(N31:N32),2) -> 103359
B35: TOTAL COSTO DIRECTO $ | N35: =ROUND(N19+N23+N28+N33,0) -> 189647
B39: OBSERVACIONES INTERVENTORÍA:
B45: APROBACIÓN POR INTERVENTORÍA
B46: Nota 1: Cuando se trate de Análisis de precios unitarios correspondientes a ítems de la propuesta económica aprobada, el Interventor aprueba el desglose de los componentes manteniendo el mismo precio unitario de cada ítem, cumpliendo con las especificaciones de construcción vigentes para el proyecto.
B48: Nota 2: Cuando se trate de Análisis de precios unitarios de ítems no previstos, el Interventor aprueba el desglose y precio unitario de cada ítem no previsto, exigiendo la aplicación de los costos correspondientes a insumos y tarifas de la propuesta económica inicial cuando estén contemplados, cumpliendo con las especificaciones de construcción vigente para el proyecto.
E54: Firma
E55: Nombre:
E56: Representante Legal del Interventor o su Apoderado
E57: Matricula No. :
B59: Original: Archivo de Gestión del Contrato (Subdirección Administrativa).
B60: Copias: Unidad Ejecutora, Contratista, Interventor y Dirección Territorial.

Sheet APU 3.2
J2: FECHA | K2: =+'APU 3.1'!L2 -> 20 | L2: =+'APU 3.1'!M2 -> 1 | M2: =+'APU 3.1'!N2 -> 2026
K3: (Día) | L3: (Mes) | M3: (Año)
A4: =+'APU 1.1'!B4 -> ANÁLISIS DE PRECIOS UNITARIOS PROYECTO “MEJORAMIENTO DE VIAS RURALES EN EL MUNICIPIO DE COTA CUNDINAMARCA BPIN 2025I00010028”
A8: ITEM | B8: DESCRIPCIÓN | K8: UNIDAD | M8: CANTIDAD
A9: 3.2 | B9: Suministro e Instalación Tub PVCcorru ext,lisa int, PS57psi, D160mm | K9: M
A11: I. EQUIPO
A12: DESCRIPCIÓN | H12: TIPO | J12: TARIFA/HORA | K12: RENDIMIENTO | M12: Vr. UNITARIO
A14: Herramienta Menor (%) | K14: 0.05 | M14: =ROUND(+K14*M31,0) -> 2365
A15: SUBTOTAL $ | M15: =ROUND(SUM(M13:M14),2) -> 2365
A16: II. MATERIALES
A17: DESCRIPCIÓN | I17: UNIDAD | J17: CANTIDAD | K17: PRECIO UNIT. | M17: Vr. UNITARIO
A18: Tubo PVCcorru ext,lisa int, PS57psi, D160mm | I18: m | J18: 1 | K18: 50000 | M18: =+K18*J18 -> 50000
A19: Lubricante PAVCO 500g | I19: und | J19: 0.2 | K19: 28500 | M19: =+K19*J19 -> 5700
A21: SUBTOTAL $ | M21: =ROUND(SUM(M18:M20),2) -> 55700
A22: III. TRANSPORTES
A23: MATERIAL | G23: UNIDAD | H23: CANTIDAD (1) | I23: DISTANCIA (2) | J23: (1) * (2) | K23: TARIFA | M23: Vr. UNITARIO
A24: =+TRANSPORTE!B8 -> Transporte Tuberia Pvc | G24: ton/km | H24: 0.02 | I24: =+'DISTANCIA ACARREO'!D13 -> 27.8 | J24: =H24*I24 -> 0.556 | K24: =+TRANSPORTE!D19 -> 1920 | M24: =ROUND(J24*K24,0) -> 1068
A26: SUBTOTAL $ | M26: =ROUND(SUM(M24:M25),2) -> 1068
A27: IV. MANO DE OBRA
A28: TRABAJADOR | H28: JORNAL | I28: PRESTACIONES (%) | J28: JORNAL TOTAL | K28: RENDIMIENTO | M28: Vr. UNITARIO
A29: Oficial (1) | H29: =+'MANO DE OBRA'!D3 -> 243547 | I29: =+FP!C20 -> 1.5829 | J29: =+H29*I29 -> 385510.55 | K29: 30 | M29: =ROUND(J29/K29,0) -> 12850
A30: Obrero(5) | H30: =+'MANO DE OBRA'!D4 -> 116995 | I30: =+FP!F20 -> 1.7669 | J30: =+H30*I30*5 -> 1033592.3 | K30: =+K29 -> 30 | M30: =ROUND(J30/K30,0) -> 34453
A31: SUBTOTAL $ | M31: =ROUND(SUM(M29:M30),2) -> 47303
A33: TOTAL COSTO DIRECTO $ | M33: =ROUND(M15+M21+M26+M31,0) -> 106436

Sheet APU 3.3
J2: FECHA | K2: =+'APU 3.2'!K2 -> 20 | L2: =+'APU 3.2'!L2 -> 1 | M2: =+'APU 3.2'!M2 -> 2026
K3: (Día) | L3: (Mes) | M3: (Año)
A4: =+'APU 1.1'!B4 -> ANÁLISIS DE PRECIOS UNITARIOS PROYECTO “MEJORAMIENTO DE VIAS RURALES EN EL MUNICIPIO DE COTA CUNDINAMARCA BPIN 2025I00010028”
A8: ITEM | B8: DESCRIPCIÓN | K8: UNIDAD | M8: CANTIDAD
A9: 3.3 | B9: Suministro e Instalación Tub PVCcorru ext,lisa int, PS57psi, D200mm | K9: M
A11: I. EQUIPO
A12: DESCRIPCIÓN | H12: TIPO | J12: TARIFA/HORA | K12: RENDIMIENTO | M12: Vr. UNITARIO
A14: Herramienta Menor (%) | K14: 0.05 | M14: =ROUND(+K14*M31,0) -> 3548
A15: SUBTOTAL $ | M15: =ROUND(SUM(M13:M14),2) -> 3548
A16: II. MATERIALES
A17: DESCRIPCIÓN | I17: UNIDAD | J17: CANTIDAD | K17: PRECIO UNIT. | M17: Vr. UNITARIO
A18: Tubo PVCcorru ext,lisa int, PS57psi, D200mm | I18: m | J18: 1 | K18: =330000/6 -> 55000 | M18: =+K18*J18 -> 55000
A19: Lubricante PAVCO 500g | I19: und | J19: 0.2 | K19: 28500 | M19: =+K19*J19 -> 5700
A21: SUBTOTAL $ | M21: =ROUND(SUM(M18:M20),2) -> 60700
A22: III. TRANSPORTES
A23: MATERIAL | G23: UNIDAD | H23: CANTIDAD (1) | I23: DISTANCIA (2) | J23: (1) * (2) | K23: TARIFA | M23: Vr. UNITARIO
A24: Transporte Tuberia Pvc | G24: ton/km | H24: 0.02 | I24: =+'DISTANCIA ACARREO'!D13 -> 27.8 | J24: =H24*I24 -> 0.556 | K24: =+TRANSPORTE!D19 -> 1920 | M24: =ROUND(J24*K24,0) -> 1068
A26: SUBTOTAL $ | M26: =ROUND(SUM(M24:M25),2) -> 1068
A27: IV. MANO DE OBRA
A28: TRABAJADOR | H28: JORNAL | I28: PRESTACIONES (%) | J28: JORNAL TOTAL | K28: RENDIMIENTO | M28: Vr. UNITARIO
A29: Oficial (1) | H29: =+'MANO DE OBRA'!D3 -> 243547 | I29: =+FP!C20 -> 1.5829 | J29: =+H29*I29 -> 385510.55 | K29: 20 | M29: =ROUND(J29/K29,0) -> 19276
A30: Obrero(5) | H30: =+'MANO DE OBRA'!D4 -> 116995 | I30: =+FP!F20 -> 1.7669 | J30: =+H30*I30*5 -> 1033592.3 | K30: =+K29 -> 20 | M30: =ROUND(J30/K30,0) -> 51680
A31: SUBTOTAL $ | M31: =ROUND(SUM(M29:M30),2) -> 70956
A33: TOTAL COSTO DIRECTO $ | M33: =ROUND(M15+M21+M26+M31,0) -> 136272

Sheet APU 3.4
J2: FECHA | K2: =+'APU 3.3'!K2 -> 20 | L2: =+'APU 3.3'!L2 -> 1 | M2: =+'APU 3.3'!M2 -> 2026
K3: (Día) | L3: (Mes) | M3: (Año)
A4: =+'APU 1.1'!B4 -> ANÁLISIS DE PRECIOS UNITARIOS PROYECTO “MEJORAMIENTO DE VIAS RURALES EN EL MUNICIPIO DE COTA CUNDINAMARCA BPIN 2025I00010028”
A8: ITEM | B8: DESCRIPCIÓN | K8: UNIDAD | M8: CANTIDAD
A9: 3.4 | B9: Suministro, transporte e instalación material seleccionado proveniente excavación | K9: M3
A11: I. EQUIPO
A12: DESCRIPCIÓN | H12: TIPO | J12: TARIFA/HORA | K12: RENDIMIENTO | M12: Vr. UNITARIO
A13: Compactador manual (SALTARIN) | J13: 15479 | K13: 3.5 | M13: =ROUND(+J13/K13,0) -> 4423
A14: Herramienta Menor (%) | K14: 0.05 | M14: =ROUND(+K14*M28,0) -> 1550
A15: SUBTOTAL $ | M15: =ROUND(SUM(M13:M14),2) -> 5973
A16: II. MATERIALES
A17: DESCRIPCIÓN | I17: UNIDAD | J17: CANTIDAD | K17: PRECIO UNIT. | M17: Vr. UNITARIO
M18: =+K18*J18 -> 0
A19: Agua | I19: lt | J19: 30 | K19: 120 | M19: =+K19*J19 -> 3600
A20: SUBTOTAL $ | M20: =ROUND(SUM(M18:M19),2) -> 3600
A21: III. TRANSPORTES
A22: MATERIAL | G22: UNIDAD | H22: CANTIDAD (1) | I22: DISTANCIA (2) | J22: (1) * (2) | K22: TARIFA | M22: Vr. UNITARIO
A23: Transporte interno obra | G23: m3/km | H23: 1.1 | I23: 1.5 | J23: =H23*I23 -> 1.65 | K23: =+TRANSPORTE!D18 -> 1920 | M23: =ROUND(J23*K23,2) -> 3168
A24: SUBTOTAL $ | M24: =ROUND((M23),2) -> 3168
A25: IV. MANO DE OBRA
A26: TRABAJADOR | H26: JORNAL | I26: PRESTACIONES (%) | J26: JORNAL TOTAL | K26: RENDIMIENTO | M26: Vr. UNITARIO
A27: Obrero (3) | H27: =+'MANO DE OBRA'!D4 -> 116995 | I27: =+FP!F20 -> 1.7669 | J27: =+H27*I27*3 -> 620155.4 | K27: 20 | M27: =ROUND(J27/K27,0) -> 31008
A28: SUBTOTAL $ | M28: =ROUND(SUM(M27:M27),2) -> 31008
A30: TOTAL COSTO DIRECTO $ | M30: =ROUND(M15+M20+M24+M28,0) -> 43749

Sheet APU 3.5
K2: FECHA | L2: =+'APU 3.4'!K2 -> 20 | M2: =+'APU 3.4'!L2 -> 1 | N2: =+'APU 3.4'!M2 -> 2026
L3: (Día) | M3: (Mes) | N3: (Año)
B4: =+'APU 1.1'!B4 -> ANÁLISIS DE PRECIOS UNITARIOS PROYECTO “MEJORAMIENTO DE VIAS RURALES EN EL MUNICIPIO DE COTA CUNDINAMARCA BPIN 2025I00010028”
B8: DATOS ESPECÍFICOS
B10: ITEM | C10: DESCRIPCIÓN | K10: GRUPO DE AJUSTE | L10: UNIDAD | N10: CANTIDAD
B11: ITEM | C11: DESCRIPCIÓN | L11: UNIDAD | N11: CANTIDAD
A12: Unidad | B12: 3.5 | C12: Suministro, transporte e instalación Recebo | L12: M3
B14: I. EQUIPO
B15: DESCRIPCIÓN | I15: TIPO | K15: TARIFA/HORA | L15: RENDIMIENTO | N15: Vr. UNITARIO
B16: Compactador manual (SALTARIN) | K16: =+'APU 3.4'!J13 -> 15479 | L16: 3.5 | N16: =ROUND(+K16/L16,0) -> 4423
B17: Herramienta Menor (%) | L17: 0.05 | N17: =ROUND(N31*L17,0) -> 1550
B18: SUBTOTAL $ | N18: =ROUND(SUM(N16:N17),2) -> 5973
B19: II. MATERIALES
B20: DESCRIPCIÓN | J20: UNIDAD | K20: CANTIDAD | L20: PRECIO UNIT. | N20: Vr. UNITARIO
B21: Material de Recebo Para Relleno | J21: M3 | K21: 1.3 | L21: 95000 | N21: =ROUND(+L21*K21,0) -> 123500
B22: Agua | J22: LT | K22: 30 | L22: 120 | N22: =ROUND(+L22*K22,0) -> 3600
B23: SUBTOTAL $ | N23: =+SUM(N21:N22) -> 127100
B24: III. TRANSPORTES
B25: MATERIAL | H25: UNIDAD | I25: CANTIDAD (1) | J25: DISTANCIA (2) | K25: (1) * (2) | L25: TARIFA | N25: Vr. UNITARIO
A26: =+#REF! -> #REF! | B26: =+TRANSPORTE!B14 -> Transporte de material de recebo para relleno | H26: m3/km | I26: 1.3 | J26: =+'DISTANCIA ACARREO'!D4 -> 31.2 | K26: =I26*J26 -> 40.56 | L26: =TRANSPORTE!D16 -> 1920 | N26: =ROUND(K26*L26,0) -> 77875
B27: SUBTOTAL $ | N27: =ROUND((N26),0) -> 77875
B28: IV. MANO DE OBRA
B29: TRABAJADOR | I29: JORNAL | J29: PRESTACIONES (%) | K29: JORNAL TOTAL | L29: RENDIMIENTO | N29: Vr. UNITARIO
B30: Obrero (3) | I30: ='MANO DE OBRA'!D4 -> 116995 | J30: =+FP!F20 -> 1.7669 | K30: =+I30*J30*3 -> 620155.4 | L30: 20 | N30: =ROUND(K30/L30,0) -> 31008
B31: SUBTOTAL $ | N31: =ROUND(SUM(N30:N30),2) -> 31008
B33: TOTAL COSTO DIRECTO $ | N33: =ROUND(N18+N23+N27+N31,0) -> 241956

Sheet APU 3.6
K2: FECHA | L2: =+'APU 3.5'!L2 -> 20 | M2: =+'APU 3.5'!M2 -> 1 | N2: =+'APU 3.5'!N2 -> 2026
L3: (Día) | M3: (Mes) | N3: (Año)
B4: =+'APU 1.1'!B4 -> ANÁLISIS DE PRECIOS UNITARIOS PROYECTO “MEJORAMIENTO DE VIAS RURALES EN EL MUNICIPIO DE COTA CUNDINAMARCA BPIN 2025I00010028”
B8: DATOS ESPECÍFICOS
B10: ITEM | C10: DESCRIPCIÓN | K10: GRUPO DE AJUSTE | L10: UNIDAD | N10: CANTIDAD
B11: ITEM | C11: DESCRIPCIÓN | L11: UNIDAD | N11: CANTIDAD
A12: Unidad | B12: 3.6 | C12: Suministro, transporte e instalación cama de Arena | L12: M3
B14: I. EQUIPO
B15: DESCRIPCIÓN | I15: TIPO | K15: TARIFA/HORA | L15: RENDIMIENTO | N15: Vr. UNITARIO
B16: Compactador manual (SALTARIN) | K16: =+'APU 3.4'!J13 -> 15479 | L16: 3.5 | N16: =ROUND(+K16/L16,0) -> 4423
B17: Herramienta Menor (%) | L17: 0.05 | N17: =ROUND(N31*L17,0) -> 1550
B18: SUBTOTAL $ | N18: =ROUND(SUM(N16:N17),2) -> 5973
B19: II. MATERIALES
B20: DESCRIPCIÓN | J20: UNIDAD | K20: CANTIDAD | L20: PRECIO UNIT. | N20: Vr. UNITARIO
B21: =+LI!B15 -> Arena de concreto | J21: M3 | K21: 1.3 | L21: 90000 | N21: =+L21*K21 -> 117000
B22: Agua | J22: LT | K22: 44.901842 | L22: 120 | N22: =ROUND(+L22*K22,0) -> 5388
B23: SUBTOTAL $ | N23: =+SUM(N21:N22) -> 122388
B24: III. TRANSPORTES
B25: MATERIAL | H25: UNIDAD | I25: CANTIDAD (1) | J25: DISTANCIA (2) | K25: (1) * (2) | L25: TARIFA | N25: Vr. UNITARIO
A26: =+#REF! -> #REF! | B26: =+TRANSPORTE!B11 -> Transporte de arena de concreto | H26: m3/km | I26: 1.1 | J26: =+'DISTANCIA ACARREO'!D4 -> 31.2 | K26: =I26*J26 -> 34.32 | L26: =TRANSPORTE!D16 -> 1920 | N26: =ROUND(K26*L26,0) -> 65894
B27: SUBTOTAL $ | N27: =ROUND((N26),2) -> 65894
B28: IV. MANO DE OBRA
B29: TRABAJADOR | I29: JORNAL | J29: PRESTACIONES (%) | K29: JORNAL TOTAL | L29: RENDIMIENTO | N29: Vr. UNITARIO
B30: Obrero (3) | I30: ='MANO DE OBRA'!D4 -> 116995 | J30: =+FP!F20 -> 1.7669 | K30: =+I30*J30*3 -> 620155.4 | L30: 20 | N30: =ROUND(K30/L30,0) -> 31008
B31: SUBTOTAL $ | N31: =ROUND(SUM(N30:N30),2) -> 31008
B33: TOTAL COSTO DIRECTO $ | N33: =ROUND(N18+N23+N27+N31,0) -> 225263

Sheet APU 3.7
J2: FECHA | K2: =+'APU 3.6'!L2 -> 20 | L2: =+'APU 3.6'!M2 -> 1 | M2: =+'APU 3.6'!N2 -> 2026
K3: (Día) | L3: (Mes) | M3: (Año)
A4: =+'APU 1.1'!B4 -> ANÁLISIS DE PRECIOS UNITARIOS PROYECTO “MEJORAMIENTO DE VIAS RURALES EN EL MUNICIPIO DE COTA CUNDINAMARCA BPIN 2025I00010028”
A8: ITEM | B8: DESCRIPCIÓN | K8: UNIDAD | M8: CANTIDAD
A9: 3.7 | B9: Suministro e Instalación Silla yee PVC,alcant.,D200 x 160 mm | K9: M
A11: I. EQUIPO
A12: DESCRIPCIÓN | H12: TIPO | J12: TARIFA/HORA | K12: RENDIMIENTO | M12: Vr. UNITARIO
A14: Herramienta Menor (%) | K14: 0.05 | M14: =ROUND(+K14*M31,0) -> 12571
A15: SUBTOTAL $ | M15: =ROUND(SUM(M13:M14),2) -> 12571
A16: II. MATERIALES
A17: DESCRIPCIÓN | I17: UNIDAD | J17: CANTIDAD | K17: PRECIO UNIT. | M17: Vr. UNITARIO
A18: Silla yee PVC,alcant.,D200 x 160 mm | I18: m | J18: 1 | K18: 135000 | M18: =+K18*J18 -> 135000
A19: Lubricante PAVCO 500g | I19: und | J19: 0.2 | K19: 28500 | M19: =+K19*J19 -> 5700
A21: SUBTOTAL $ | M21: =ROUND(SUM(M18:M20),2) -> 140700
A22: III. TRANSPORTES
A23: MATERIAL | G23: UNIDAD | H23: CANTIDAD (1) | I23: DISTANCIA (2) | J23: (1) * (2) | K23: TARIFA | M23: Vr. UNITARIO
A24: =+TRANSPORTE!B8 -> Transporte Tuberia Pvc | G24: ton/km | H24: 0.01 | I24: =+'DISTANCIA ACARREO'!D13 -> 27.8 | J24: =H24*I24 -> 0.278 | K24: =+TRANSPORTE!D19 -> 1920 | M24: =ROUND(J24*K24,0) -> 534
A26: SUBTOTAL $ | M26: =ROUND(SUM(M24:M25),2) -> 534
A27: IV. MANO DE OBRA
A28: TRABAJADOR | H28: JORNAL | I28: PRESTACIONES (%) | J28: JORNAL TOTAL | K28: RENDIMIENTO | M28: Vr. UNITARIO
A29: Oficial (1) | H29: =+'MANO DE OBRA'!D3 -> 243547 | I29: =+FP!C20 -> 1.5829 | J29: =+H29*I29 -> 385510.55 | K29: 4 | M29: =ROUND(J29/K29,0) -> 96378
A30: Obrero(3) | H30: =+'MANO DE OBRA'!D4 -> 116995 | I30: =+FP!F20 -> 1.7669 | J30: =+H30*I30*3 -> 620155.4 | K30: =+K29 -> 4 | M30: =ROUND(J30/K30,0) -> 155039
A31: SUBTOTAL $ | M31: =ROUND(SUM(M29:M30),2) -> 251417
A33: TOTAL COSTO DIRECTO $ | M33: =ROUND(M15+M21+M26+M31,0) -> 405222

Sheet APU 3.8
J2: FECHA | K2: =+'APU 3.7'!K2 -> 20 | L2: =+'APU 3.7'!L2 -> 1 | M2: =+'APU 3.7'!M2 -> 2026
K3: (Día) | L3: (Mes) | M3: (Año)
A4: =+'APU 1.1'!B4 -> ANÁLISIS DE PRECIOS UNITARIOS PROYECTO “MEJORAMIENTO DE VIAS RURALES EN EL MUNICIPIO DE COTA CUNDINAMARCA BPIN 2025I00010028”
A8: ITEM | B8: DESCRIPCIÓN | K8: UNIDAD | M8: CANTIDAD
A9: 3.8 | B9: Caja para conexion domiciliaria alcantarillado en mampostería 0.6x0.6x0.6m | K9: und
A11: I. EQUIPO
A12: DESCRIPCIÓN | H12: TIPO | J12: TARIFA/HORA | K12: RENDIMIENTO | M12: Vr. UNITARIO
A14: Herramienta Menor (%) | K14: 0.05 | M14: =ROUND(+K14*M32,0) -> 7989
A15: SUBTOTAL $ | M15: =ROUND(SUM(M13:M14),2) -> 7989
A16: II. MATERIALES
A17: DESCRIPCIÓN | I17: UNIDAD | J17: CANTIDAD | K17: PRECIO UNIT. | M17: Vr. UNITARIO
A18: tolete Macizo | I18: und | J18: 25 | K18: 1200 | M18: =+K18*J18 -> 30000
A19: Arena de concreto | I19: M3 | J19: 1.1 | K19: 90000 | M19: =+K19*J19 -> 99000
A20: cemento gris | I20: KG | J20: 364 | K20: 720 | M20: =+K20*J20 -> 262080
A21: agua | I21: LT | J21: 250 | K21: 120 | M21: =+K21*J21 -> 30000
A22: SUBTOTAL $ | M22: =ROUND(SUM(M18:M21),2) -> 421080
A23: III. TRANSPORTES
A24: MATERIAL | G24: UNIDAD | H24: CANTIDAD (1) | I24: DISTANCIA (2) | J24: (1) * (2) | K24: TARIFA | M24: Vr. UNITARIO
A25: =+TRANSPORTE!B11 -> Transporte de arena de concreto | G25: m3/km | H25: =+J19 -> 1.1 | I25: =+'DISTANCIA ACARREO'!D13 -> 27.8 | J25: =H25*I25 -> 30.58 | K25: =+TRANSPORTE!D19 -> 1920 | M25: =ROUND(J25*K25,0) -> 58714
A27: SUBTOTAL $ | M27: =ROUND(SUM(M25:M26),2) -> 58714
A28: IV. MANO DE OBRA
A29: TRABAJADOR | H29: JORNAL | I29: PRESTACIONES (%) | J29: JORNAL TOTAL | K29: RENDIMIENTO | M29: Vr. UNITARIO
A30: Oficial (1) | H30: =+'MANO DE OBRA'!D3 -> 243547 | I30: =+FP!C20 -> 1.5829 | J30: =+H30*I30 -> 385510.55 | K30: 5 | M30: =ROUND(J30/K30,0) -> 77102
A31: Obrero(2) | H31: =+'MANO DE OBRA'!D4 -> 116995 | I31: =+FP!F20 -> 1.7669 | J31: =+H31*I31*2 -> 413436.93 | K31: =+K30 -> 5 | M31: =ROUND(J31/K31,0) -> 82687
A32: SUBTOTAL $ | M32: =ROUND(SUM(M30:M31),2) -> 159789
A34: TOTAL COSTO DIRECTO $ | M34: =ROUND(M15+M22+M27+M32,0) -> 647572

Sheet APU 3.9
J2: FECHA | K2: =+'APU 3.8'!K2 -> 20 | L2: =+'APU 3.8'!L2 -> 1 | M2: =+'APU 3.8'!M2 -> 2026
K3: (Día) | L3: (Mes) | M3: (Año)
A4: =+'APU 1.1'!B4 -> ANÁLISIS DE PRECIOS UNITARIOS PROYECTO “MEJORAMIENTO DE VIAS RURALES EN EL MUNICIPIO DE COTA CUNDINAMARCA BPIN 2025I00010028”
A8: ITEM | B8: DESCRIPCIÓN | K8: UNIDAD | M8: CANTIDAD
A9: 3.9 | B9: Cilindro para pozo insp en mampostería D1.20m e=0.25m | K9: und
A11: I. EQUIPO
A12: DESCRIPCIÓN | H12: TIPO | J12: TARIFA/HORA | K12: RENDIMIENTO | M12: Vr. UNITARIO
A14: Herramienta Menor (%) | K14: 0.05 | M14: =ROUND(+K14*M32,0) -> 35478
A15: SUBTOTAL $ | M15: =ROUND(SUM(M13:M14),2) -> 35478
A16: II. MATERIALES
A17: DESCRIPCIÓN | I17: UNIDAD | J17: CANTIDAD | K17: PRECIO UNIT. | M17: Vr. UNITARIO
A18: tolete macizo | I18: und | J18: 25 | K18: 1200 | M18: =+K18*J18 -> 30000
A19: Arena de concreto | I19: M3 | J19: 1.1 | K19: 90000 | M19: =+K19*J19 -> 99000
A20: cemento gris | I20: KG | J20: 364 | K20: 720 | M20: =+K20*J20 -> 262080
A21: agua | I21: LT | J21: 250 | K21: 120 | M21: =+K21*J21 -> 30000
A22: SUBTOTAL $ | M22: =ROUND(SUM(M18:M21),2) -> 421080
A23: III. TRANSPORTES
A24: MATERIAL | G24: UNIDAD | H24: CANTIDAD (1) | I24: DISTANCIA (2) | J24: (1) * (2) | K24: TARIFA | M24: Vr. UNITARIO
A25: agregados | G25: m3/km | H25: =+J19 -> 1.1 | I25: =+'DISTANCIA ACARREO'!D13 -> 27.8 | J25: =H25*I25 -> 30.58 | K25: =+TRANSPORTE!D19 -> 1920 | M25: =ROUND(J25*K25,0) -> 58714
A27: SUBTOTAL $ | M27: =ROUND(SUM(M25:M26),2) -> 58714
A28: IV. MANO DE OBRA
A29: TRABAJADOR | H29: JORNAL | I29: PRESTACIONES (%) | J29: JORNAL TOTAL | K29: RENDIMIENTO | M29: Vr. UNITARIO
A30: Oficial (1) | H30: =+'MANO DE OBRA'!D3 -> 243547 | I30: =+FP!C20 -> 1.5829 | J30: =+H30*I30 -> 385510.55 | K30: 2 | M30: =ROUND(J30/K30,0) -> 192755
A31: Obrero(5) | H31: =+'MANO DE OBRA'!D4 -> 116995 | I31: =+FP!F20 -> 1.7669 | J31: =+H31*I31*5 -> 1033592.3 | K31: =+K30 -> 2 | M31: =ROUND(J31/K31,0) -> 516796
A32: SUBTOTAL $ | M32: =ROUND(SUM(M30:M31),2) -> 709551
A34: TOTAL COSTO DIRECTO $ | M34: =ROUND(M15+M22+M27+M32,0) -> 1224823

Sheet APU 3.10
K2: FECHA | L2: =+'APU 3.9'!K2 -> 20 | M2: =+'APU 3.9'!L2 -> 1 | N2: =+'APU 3.9'!M2 -> 2026
L3: (Día) | M3: (Mes) | N3: (Año)
B4: =+'APU 1.1'!B4 -> ANÁLISIS DE PRECIOS UNITARIOS PROYECTO “MEJORAMIENTO DE VIAS RURALES EN EL MUNICIPIO DE COTA CUNDINAMARCA BPIN 2025I00010028”
B8: DATOS ESPECÍFICOS
B10: ITEM | C10: DESCRIPCIÓN | K10: GRUPO DE AJUSTE | L10: UNIDAD | N10: CANTIDAD
B11: ITEM | C11: DESCRIPCIÓN | L11: UNIDAD | N11: CANTIDAD
A12: Unidad | B12: 3.1 | C12: Construcción Base y cañuela | L12: und
B14: I. EQUIPO
B15: DESCRIPCIÓN | I15: TIPO | K15: TARIFA/HORA | L15: RENDIMIENTO | N15: Vr. UNITARIO
B16: Mezcladora de Concreto 1 Bulto | K16: 10000 | L16: 2 | N16: =+K16/L16 -> 5000
B17: Vibrador de Concreto | K17: 15000 | L17: 2 | N17: =+K17/L17 -> 7500
B18: Herramienta Menor (%) | L18: 0.05 | N18: =ROUND(N37*L18,0) -> 23652
B19: SUBTOTAL $ | N19: =ROUND(SUM(N16:N18),2) -> 36152
B20: II. MATERIALES
B21: DESCRIPCIÓN | J21: UNIDAD | K21: CANTIDAD | L21: PRECIO UNIT. | N21: Vr. UNITARIO
B22: Agregado Triturado | J22: M3 | K22: 0.86 | L22: 92000 | N22: =+L22*K22 -> 79120
B23: Arena de concreto | J23: M3 | K23: 0.57 | L23: 90000 | N23: =+L23*K23 -> 51300
B24: Cemento gris | J24: KG | K24: 357 | L24: 720 | N24: =+L24*K24 -> 257040
B25: formaleta metálica | J25: M2 | K25: 2 | L25: 5746 | N25: =+L25*K25 -> 11492
B26: Agua | J26: LT | K26: 295 | L26: 120 | N26: =+L26*K26 -> 35400
B27: SUBTOTAL $ | N27: =+SUM(N22:N26) -> 434352
B28: III. TRANSPORTES
B29: MATERIAL | H29: UNIDAD | I29: CANTIDAD (1) | J29: DISTANCIA (2) | K29: (1) * (2) | L29: TARIFA | N29: Vr. UNITARIO
A30: =+#REF! -> #REF! | B30: =+TRANSPORTE!B21 -> Transporte de material triturado | H30: m3/km | I30: =+K22 -> 0.86 | J30: ='DISTANCIA ACARREO'!D7 -> 31.2 | K30: =I30*J30 -> 26.832 | L30: =TRANSPORTE!D17 -> 1920 | N30: =ROUND(K30*L30,0) -> 51517
B31: =+TRANSPORTE!B11 -> Transporte de arena de concreto | H31: m3/km | I31: =+K23 -> 0.57 | J31: ='DISTANCIA ACARREO'!D8 -> 31.2 | K31: =I31*J31 -> 17.784 | L31: =TRANSPORTE!D11 -> 1920 | N31: =ROUND(K31*L31,0) -> 34145
B32: SUBTOTAL $ | N32: =ROUND((N30+N31),2) -> 85662
B33: IV. MANO DE OBRA
B34: TRABAJADOR | I34: JORNAL | J34: PRESTACIONES (%) | K34: JORNAL TOTAL | L34: RENDIMIENTO | N34: Vr. UNITARIO
A35: =+#REF! -> #REF! | B35: Oficial (1) | I35: ='MANO DE OBRA'!D3 -> 243547 | J35: =+FP!C20 -> 1.5829 | K35: =+I35*J35 -> 385510.55 | L35: 3 | N35: =ROUND(K35/L35,0) -> 128504
B36: Obrero (5) | I36: ='MANO DE OBRA'!D4 -> 116995 | J36: =+FP!F20 -> 1.7669 | K36: =+I36*J36*5 -> 1033592.3 | L36: =+L35 -> 3 | N36: =ROUND(K36/L36,0) -> 344531
B37: SUBTOTAL $ | N37: =ROUND(SUM(N35:N36),2) -> 473035
B39: TOTAL COSTO DIRECTO $ | N39: =ROUND(N19+N27+N32+N37,0) -> 1029201
B45: OBSERVACIONES INTERVENTORÍA:
B51: APROBACIÓN POR INTERVENTORÍA
B52: Nota 1: Cuando se trate de Análisis de precios unitarios correspondientes a ítems de la propuesta económica aprobada, el Interventor aprueba el desglose de los componentes manteniendo el mismo precio unitario de cada ítem, cumpliendo con las especificaciones de construcción vigentes para el proyecto.
B54: Nota 2: Cuando se trate de Análisis de precios unitarios de ítems no previstos, el Interventor aprueba el desglose y precio unitario de cada ítem no previsto, exigiendo la aplicación de los costos correspondientes a insumos y tarifas de la propuesta económica inicial cuando estén contemplados, cumpliendo con las especificaciones de construcción vigente para el proyecto.
E60: Firma
E61: Nombre:
E62: Representante Legal del Interventor o su Apoderado
E63: Matricula No. :
B65: Original: Archivo de Gestión del Contrato (Subdirección Administrativa).
B66: Copias: Unidad Ejecutora, Contratista, Interventor y Dirección Territorial.

Sheet APU 3.11
J2: FECHA | K2: =+'APU 3.10'!L2 -> 20 | L2: =+'APU 3.10'!M2 -> 1 | M2: =+'APU 3.10'!N2 -> 2026
K3: (Día) | L3: (Mes) | M3: (Año)
A4: =+'APU 1.1'!B4 -> ANÁLISIS DE PRECIOS UNITARIOS PROYECTO “MEJORAMIENTO DE VIAS RURALES EN EL MUNICIPIO DE COTA CUNDINAMARCA BPIN 2025I00010028”
A8: ITEM | B8: DESCRIPCIÓN | K8: UNIDAD | M8: CANTIDAD
A9: 3.11 | B9: Suministro transporte e Instalación Cono reduc Prefabr CR 28Mpa Pozo Insp | K9: und
A11: I. EQUIPO
A12: DESCRIPCIÓN | H12: TIPO | J12: TARIFA/HORA | K12: RENDIMIENTO | M12: Vr. UNITARIO
A14: Herramienta Menor (%) | K14: 0.05 | M14: =ROUND(+K14*M31,0) -> 23652
A15: SUBTOTAL $ | M15: =ROUND(SUM(M13:M14),2) -> 23652
A16: II. MATERIALES
A17: DESCRIPCIÓN | I17: UNIDAD | J17: CANTIDAD | K17: PRECIO UNIT. | M17: Vr. UNITARIO
A18: Cono reduc Prefabr CR 28Mpa Pozo Insp | I18: und | J18: 1 | K18: 652360 | M18: =+K18*J18 -> 652360
A21: SUBTOTAL $ | M21: =ROUND(SUM(M18:M20),2) -> 652360
A22: III. TRANSPORTES
A23: MATERIAL | G23: UNIDAD | H23: CANTIDAD (1) | I23: DISTANCIA (2) | J23: (1) * (2) | K23: TARIFA | M23: Vr. UNITARIO
A24: =+TRANSPORTE!B7 -> Transporte Cono Pref. | G24: ton/km | H24: 1 | I24: =+'DISTANCIA ACARREO'!D13 -> 27.8 | J24: =H24*I24 -> 27.8 | K24: =+TRANSPORTE!D19 -> 1920 | M24: =ROUND(J24*K24,2) -> 53376
A26: SUBTOTAL $ | M26: =ROUND(SUM(M24:M25),2) -> 53376
A27: IV. MANO DE OBRA
A28: TRABAJADOR | H28: JORNAL | I28: PRESTACIONES (%) | J28: JORNAL TOTAL | K28: RENDIMIENTO | M28: Vr. UNITARIO
A29: Oficial (1) | H29: =+'MANO DE OBRA'!D3 -> 243547 | I29: =+FP!C20 -> 1.5829 | J29: =+H29*I29 -> 385510.55 | K29: 3 | M29: =ROUND(J29/K29,0) -> 128504
A30: Obrero(5) | H30: =+'MANO DE OBRA'!D4 -> 116995 | I30: =+FP!F20 -> 1.7669 | J30: =+H30*I30*5 -> 1033592.3 | K30: =+K29 -> 3 | M30: =ROUND(J30/K30,0) -> 344531
A31: SUBTOTAL $ | M31: =ROUND(SUM(M29:M30),2) -> 473035
A33: TOTAL COSTO DIRECTO $ | M33: =ROUND(M15+M21+M26+M31,0) -> 1202423

Sheet APU 3.12
J2: FECHA | K2: =+'APU 3.11'!K2 -> 20 | L2: =+'APU 3.11'!L2 -> 1 | M2: =+'APU 3.11'!M2 -> 2026
K3: (Día) | L3: (Mes) | M3: (Año)
A4: =+'APU 1.1'!B4 -> ANÁLISIS DE PRECIOS UNITARIOS PROYECTO “MEJORAMIENTO DE VIAS RURALES EN EL MUNICIPIO DE COTA CUNDINAMARCA BPIN 2025I00010028”
A8: ITEM | B8: DESCRIPCIÓN | K8: UNIDAD | M8: CANTIDAD
A9: 3.12 | B9: Suministro transporte e Instalación Tapa tipo Convenc No Recicl.AlcantD0.67m | K9: und
A11: I. EQUIPO
A12: DESCRIPCIÓN | H12: TIPO | J12: TARIFA/HORA | K12: RENDIMIENTO | M12: Vr. UNITARIO
A14: Herramienta Menor (%) | K14: 0.05 | M14: =ROUND(+K14*M31,0) -> 23652
A15: SUBTOTAL $ | M15: =ROUND(SUM(M13:M14),2) -> 23652
A16: II. MATERIALES
A17: DESCRIPCIÓN | I17: UNIDAD | J17: CANTIDAD | K17: PRECIO UNIT. | M17: Vr. UNITARIO
A18: Tapa tipo Convenc No Recicl.AlcantD0.67m | I18: und | J18: 1 | K18: 462500 | M18: =+K18*J18 -> 462500
A21: SUBTOTAL $ | M21: =ROUND(SUM(M18:M20),2) -> 462500
A22: III. TRANSPORTES
A23: MATERIAL | G23: UNIDAD | H23: CANTIDAD (1) | I23: DISTANCIA (2) | J23: (1) * (2) | K23: TARIFA | M23: Vr. UNITARIO
A24: =+TRANSPORTE!B6 -> Transporte Tapa Alcant. | G24: ton/km | H24: 0.2 | I24: =+'DISTANCIA ACARREO'!D13 -> 27.8 | J24: =H24*I24 -> 5.56 | K24: =+TRANSPORTE!D19 -> 1920 | M24: =ROUND(J24*K24,0) -> 10675
A26: SUBTOTAL $ | M26: =ROUND(SUM(M24:M25),2) -> 10675
A27: IV. MANO DE OBRA
A28: TRABAJADOR | H28: JORNAL | I28: PRESTACIONES (%) | J28: JORNAL TOTAL | K28: RENDIMIENTO | M28: Vr. UNITARIO
A29: Oficial (1) | H29: =+'MANO DE OBRA'!D3 -> 243547 | I29: =+FP!C20 -> 1.5829 | J29: =+H29*I29 -> 385510.55 | K29: 3 | M29: =ROUND(J29/K29,0) -> 128504
A30: Obrero(5) | H30: =+'MANO DE OBRA'!D4 -> 116995 | I30: =+FP!F20 -> 1.7669 | J30: =+H30*I30*5 -> 1033592.3 | K30: =+K29 -> 3 | M30: =ROUND(J30/K30,0) -> 344531
A31: SUBTOTAL $ | M31: =ROUND(SUM(M29:M30),2) -> 473035
A33: TOTAL COSTO DIRECTO $ | M33: =ROUND(M15+M21+M26+M31,0) -> 969862

Sheet APU 3.13
J2: FECHA | K2: =+'APU 3.12'!K2 -> 20 | L2: =+'APU 3.12'!L2 -> 1 | M2: =+'APU 3.12'!M2 -> 2026
K3: (Día) | L3: (Mes) | M3: (Año)
A4: =+'APU 1.1'!B4 -> ANÁLISIS DE PRECIOS UNITARIOS PROYECTO “MEJORAMIENTO DE VIAS RURALES EN EL MUNICIPIO DE COTA CUNDINAMARCA BPIN 2025I00010028”
A8: ITEM | B8: DESCRIPCIÓN | K8: UNIDAD | M8: CANTIDAD
A9: 3.13 | B9: Suministro transporte e Instalación escalera de acceso en polipropileno con refuerzo interno en acero | K9: m
A11: I. EQUIPO
A12: DESCRIPCIÓN | H12: TIPO | J12: TARIFA/HORA | K12: RENDIMIENTO | M12: Vr. UNITARIO
A14: Herramienta Menor (%) | K14: 0.05 | M14: =ROUND(+K14*M31,0) -> 10057
A15: SUBTOTAL $ | M15: =ROUND(SUM(M13:M14),2) -> 10057
A16: II. MATERIALES
A17: DESCRIPCIÓN | I17: UNIDAD | J17: CANTIDAD | K17: PRECIO UNIT. | M17: Vr. UNITARIO
A18: escalera polipropileno con refuerzo interno en acero | I18: und | J18: 1 | K18: 367120 | M18: =+K18*J18 -> 367120
A21: SUBTOTAL $ | M21: =ROUND(SUM(M18:M20),2) -> 367120
A22: III. TRANSPORTES
A23: MATERIAL | G23: UNIDAD | H23: CANTIDAD (1) | I23: DISTANCIA (2) | J23: (1) * (2) | K23: TARIFA | M23: Vr. UNITARIO
A24: =+TRANSPORTE!B5 -> Transporte Escalera Propileno | G24: ton/km | H24: 0.15 | I24: =+'DISTANCIA ACARREO'!D13 -> 27.8 | J24: =H24*I24 -> 4.17 | K24: =+TRANSPORTE!D19 -> 1920 | M24: =ROUND(J24*K24,0) -> 8006
A26: SUBTOTAL $ | M26: =ROUND(SUM(M24:M25),2) -> 8006
A27: IV. MANO DE OBRA
A28: TRABAJADOR | H28: JORNAL | I28: PRESTACIONES (%) | J28: JORNAL TOTAL | K28: RENDIMIENTO | M28: Vr. UNITARIO
A29: Oficial (1) | H29: =+'MANO DE OBRA'!D3 -> 243547 | I29: =+FP!C20 -> 1.5829 | J29: =+H29*I29 -> 385510.55 | K29: 5 | M29: =ROUND(J29/K29,0) -> 77102
A30: Obrero(3) | H30: =+'MANO DE OBRA'!D4 -> 116995 | I30: =+FP!F20 -> 1.7669 | J30: =+H30*I30*3 -> 620155.4 | K30: =+K29 -> 5 | M30: =ROUND(J30/K30,0) -> 124031
A31: SUBTOTAL $ | M31: =ROUND(SUM(M29:M30),2) -> 201133
A33: TOTAL COSTO DIRECTO $ | M33: =ROUND(M15+M21+M26+M31,0) -> 586316

Sheet APU 4.1
J2: FECHA | K2: =+'APU 3.13'!K2 -> 20 | L2: =+'APU 3.13'!L2 -> 1 | M2: =+'APU 3.13'!M2 -> 2026
K3: (Día) | L3: (Mes) | M3: (Año)
A4: =+'APU 1.1'!B4 -> ANÁLISIS DE PRECIOS UNITARIOS PROYECTO “MEJORAMIENTO DE VIAS RURALES EN EL MUNICIPIO DE COTA CUNDINAMARCA BPIN 2025I00010028”
A8: ITEM | B8: DESCRIPCIÓN | K8: UNIDAD | M8: CANTIDAD
A9: 4.1 | B9: {=_xlfn.SINGLE(+'PRESUPUESTO GENERAL'!C46:D46)} -> Suministro e instalación Señal vertical de transito con lamina retrorreflectiva D 600 mm | K9: und
A11: I. EQUIPO
A12: DESCRIPCIÓN | H12: TIPO | J12: TARIFA/HORA | K12: RENDIMIENTO | M12: Vr. UNITARIO
A14: Herramienta Menor (%) | K14: 0.05 | M14: =ROUND(+K14*M31,0) -> 5587
A15: SUBTOTAL $ | M15: =ROUND(SUM(M13:M14),2) -> 5587
A16: II. MATERIALES
A17: DESCRIPCIÓN | I17: UNIDAD | J17: CANTIDAD | K17: PRECIO UNIT. | M17: Vr. UNITARIO
A18: Señal vertical de transito reglamentaria con lamina retrorreflectiva D 600 mm | I18: und | J18: 1 | K18: 564000 | M18: =+K18*J18 -> 564000
A21: SUBTOTAL $ | M21: =ROUND(SUM(M18:M20),2) -> 564000
A22: III. TRANSPORTES
A23: MATERIAL | G23: UNIDAD | H23: CANTIDAD (1) | I23: DISTANCIA (2) | J23: (1) * (2) | K23: TARIFA | M23: Vr. UNITARIO
A24: =+TRANSPORTE!B4 -> Transporte Señales de transito | G24: ton/km | H24: 0.2 | I24: =+'DISTANCIA ACARREO'!D13 -> 27.8 | J24: =H24*I24 -> 5.56 | K24: =+TRANSPORTE!D19 -> 1920 | M24: =ROUND(J24*K24,0) -> 10675
A26: SUBTOTAL $ | M26: =ROUND(SUM(M24:M25),2) -> 10675
A27: IV. MANO DE OBRA
A28: TRABAJADOR | H28: JORNAL | I28: PRESTACIONES (%) | J28: JORNAL TOTAL | K28: RENDIMIENTO | M28: Vr. UNITARIO
A29: Oficial (1) | H29: =+'MANO DE OBRA'!D3 -> 243547 | I29: =+FP!C20 -> 1.5829 | J29: =+H29*I29 -> 385510.55 | K29: 9 | M29: =ROUND(J29/K29,0) -> 42835
A30: Obrero(3) | H30: =+'MANO DE OBRA'!D4 -> 116995 | I30: =+FP!F20 -> 1.7669 | J30: =+H30*I30*3 -> 620155.4 | K30: 9 | M30: =ROUND(J30/K30,0) -> 68906
A31: SUBTOTAL $ | M31: =ROUND(SUM(M29:M30),2) -> 111741
A33: TOTAL COSTO DIRECTO $ | M33: =ROUND(M15+M21+M26+M31,0) -> 692003

Sheet APU 4.2
J2: FECHA | K2: =+#REF! -> #REF! | L2: =+#REF! -> #REF! | M2: =+#REF! -> #REF!
K3: (Día) | L3: (Mes) | M3: (Año)
A4: =+'APU 1.1'!B4 -> ANÁLISIS DE PRECIOS UNITARIOS PROYECTO “MEJORAMIENTO DE VIAS RURALES EN EL MUNICIPIO DE COTA CUNDINAMARCA BPIN 2025I00010028”
A8: ITEM | B8: DESCRIPCIÓN | K8: UNIDAD | M8: CANTIDAD
A9: 4,2 | B9: Línea de Demarcación con Pintura en Frío. | K9: m
A11: I. EQUIPO
A12: DESCRIPCIÓN | H12: TIPO | J12: TARIFA/HORA | K12: RENDIMIENTO | M12: Vr. UNITARIO
A13: EQUIPO AIRLESS DELINEADOR PARA APLICACIÓN DE PINTURA CON MÍNIMO 1 BOQUILLA (NTC 4744-2) | H13: Hora | J13: 0.02 | K13: 28500 | M13: =ROUND(+K13*J13,0) -> 570
A14: Herramienta Menor (%) | K14: 0.05 | M14: =ROUND(+K14*M31,0) -> 129
A15: SUBTOTAL $ | M15: =ROUND(SUM(M13:M14),0) -> 699
A16: II. MATERIALES
A17: DESCRIPCIÓN | I17: UNIDAD | J17: CANTIDAD | K17: PRECIO UNIT. | M17: Vr. UNITARIO
A18: MICRO ESFERAS PARA PINTURA TRÁFICO 1 GALÓN | I18: Gal | J18: 0.01 | K18: 121900 | M18: =ROUND(+K18*J18,0) -> 1219
A19: PINTURA BLANCA PARA TRÁFICO ACRÍLICA 1 GALÓN | I19: Gal | J19: 0.028 | K19: 150900 | M19: =ROUND(+K19*J19,0) -> 4225
A20: DISOLVENTE INDUSTRIAL DE PINTURAS | I20: Gal | J20: 0.01 | K20: 87300 | M20: =ROUND(+K20*J20,9) -> 873
A21: SUBTOTAL $ | M21: =ROUND(SUM(M18:M20),0) -> 6317
A22: III. TRANSPORTES
A23: MATERIAL | G23: UNIDAD | H23: CANTIDAD (1) | I23: DISTANCIA (2) | J23: (1) * (2) | K23: TARIFA | M23: Vr. UNITARIO
A26: SUBTOTAL $ | M26: =ROUND(SUM(M24:M25),2) -> 0
A27: IV. MANO DE OBRA
A28: TRABAJADOR | H28: JORNAL | I28: PRESTACIONES (%) | J28: JORNAL TOTAL | K28: RENDIMIENTO | M28: Vr. UNITARIO
A29: Oficial (1) | H29: =+'MANO DE OBRA'!D3 -> 243547 | I29: =+FP!C20 -> 1.5829 | J29: =+H29*I29 -> 385510.55 | K29: 150 | M29: =ROUND(J29/K29,0) -> 2570
A30: Obrero(2)
A31: SUBTOTAL $ | M31: =ROUND(SUM(M29:M30),2) -> 2570
A33: TOTAL COSTO DIRECTO $ | M33: =ROUND(M15+M21+M26+M31,0) -> 9586

Sheet CARACTERIZACIÓN
J2: FECHA | K2: =+'APU 4.2'!K2 -> #REF! | L2: =+'APU 4.2'!L2 -> #REF! | M2: =+'APU 4.2'!M2 -> #REF!
K3: (Día) | L3: (Mes) | M3: (Año)
A4: =+'APU 1.1'!B4 -> ANÁLISIS DE PRECIOS UNITARIOS PROYECTO “MEJORAMIENTO DE VIAS RURALES EN EL MUNICIPIO DE COTA CUNDINAMARCA BPIN 2025I00010028”
A8: ITEM | B8: DESCRIPCIÓN | K8: UNIDAD | M8: CANTIDAD
B9: Caracterización vial | K9: KM
A11: I. EQUIPO
A12: DESCRIPCIÓN | H12: TIPO | J12: TARIFA/HORA | K12: RENDIMIENTO | M12: Vr. UNITARIO
A13: Equipo de topografía | H13: $/hora | J13: 36250 | K13: 8 | M13: =+J13*K13 -> 290000
A14: Equipo de computo con software o licencia | H14: $/hora | J14: 23500 | K14: 8 | M14: =+J14*K14 -> 188000
A16: Herramienta Menor (%) | K16: 0.05 | M16: =ROUND(+K16*M34,0) -> 39901
A17: SUBTOTAL $ | M17: =ROUND(SUM(M13:M16),2) -> 517901
A18: II. MATERIALES
A19: DESCRIPCIÓN | I19: UNIDAD | J19: CANTIDAD | K19: PRECIO UNIT. | M19: Vr. UNITARIO
A23: SUBTOTAL $ | M23: =ROUND(SUM(M20:M22),2) -> 0
A24: III. TRANSPORTES
A25: MATERIAL | G25: UNIDAD | H25: CANTIDAD (1) | I25: DISTANCIA (2) | J25: (1) * (2) | K25: TARIFA | M25: Vr. UNITARIO
A28: SUBTOTAL $ | M28: =ROUND(SUM(M26:M27),2) -> 0
A29: IV. MANO DE OBRA
A30: TRABAJADOR | H30: JORNAL | I30: PRESTACIONES (%) | J30: JORNAL TOTAL | K30: RENDIMIENTO | M30: Vr. UNITARIO
A31: TOPOGRAFO | H31: =+'MANO DE OBRA'!F30 -> 134705 | I31: =+FP!C20 -> 1.5829 | J31: =+H31*I31 -> 213224.54 | K31: 69 | M31: =ROUND(J31/K31,0) -> 3090
A32: PROFESIONAL SIG | H32: 250000 | I32: =+FP!C20 -> 1.5829 | J32: =+H32*I32 -> 395725 | K32: 0.5 | M32: =IFERROR(ROUND(J32/K32,2),0) -> 791450
A33: CADENERO | H33: =+'MANO DE OBRA'!G30 -> 68032 | I33: =+FP!F20 -> 1.7669 | J33: =+H33*I33*2 -> 240411.48 | K33: 69 | M33: =ROUND(J33/K33,0) -> 3484
A34: SUBTOTAL $ | M34: =ROUND(SUM(M31:M33),2) -> 798024
A36: TOTAL COSTO DIRECTO $ | M36: =ROUND(M17+M23+M28+M34,0) -> 1315925
